 Dungeon Crawl Stone Soup version 0.30-a0-223-gcb0039aa0c (webtiles) character file.

Game seed: 11181634363610157902

927554 qw the Bringer of Light (level 27, -3/218 HPs)
             Began as a Gargoyle Fighter on Oct 9, 2022.
             Was the Champion of the Shining One.
             Splashed with acid (11 damage)
             ... on level 4 of the Pits of Slime.
             The game lasted 00:53:04 (77411 turns).

qw the Bringer of Light (Gargoyle Fighter)         Turns: 77411, Time: 00:53:04

Health: -3/218     AC: 63    Str: 31    XL:     27
Magic:  24/28      EV: 30    Int: 10    God:    the Shining One [******]
Gold:   11033      SH: 28    Dex: 25    Spells: 26/26 levels left

rFire   . . .      SeeInvis .    K - +9 broad axe (holy)
rCold   + + .      Faith    .    z - +2 tower shield {rC+}
rNeg    + + +      Spirit   .    I - +6 plate armour of Light {rC+ Will++ Regen+ rCorr}
rPois   inf        Reflect  .    s - +2 hat
rElec   +          Harm     .    r - +2 cloak {rCorr}
rCorr   +          Rampage  .    x - +2 pair of gloves {Dex+3}
Will    ++++.      Rage     3%   o - +2 pair of boots
Stlth   ..........               e - amulet "Pask" {Regen+ Dex+6}
HPRegen 2.16/turn                v - ring of Qiug {EV+4 Dex+7}
MPRegen 0.21/turn                k - +4 ring of evasion

@: flying, glowing
A: sickness immunity, AC +20, big wings, negative energy resistance 1,
electricity resistance, torment resistance 1, petrification resistance, berserk
1, deterioration 1, low MP 3, sense surroundings 1, robust 1, weak 1, subdued
magic 2, inability to drink after injury 1
}: 9/15 runes: serpentine, barnacled, silver, golden, demonic, glowing, magical,
fiery, dark
a: Renounce Religion, Divine Shield, Cleansing Flame, Summon Divine Warrior


You were on level 4 of the Pits of Slime.
You worshipped the Shining One.
The Shining One was exalted by your worship.
You visited 12 branches of the dungeon, and saw 54 of its levels.
You visited Pandemonium 1 time, and saw 26 of its levels.
You visited the Abyss 2 times.
You also visited: Sewer.

You collected 15927 gold pieces.
You spent 4894 gold pieces at shops.


Innate Abilities, Weirdness & Mutations

You are immune to sickness and miasma.
Your stone body is resilient. (AC +20)
You are immune to poison.
Your large and strong wings let you fly.
You resist negative energy. (rN+)
You are resistant to electric shocks. (rElec)
You are resistant to unholy torment.
You are immune to petrification.
You sometimes lose your temper in combat.
Your body sometimes deteriorates upon taking damage.
Your magical capacity is extremely low. (-30% MP)
You passively map a small area around you.
You are robust. (+10% HP)
You are weak. (Str -2)
Your spells are easier to cast, but less powerful.
You occasionally lose the ability to drink potions when taking damage.


   Skills:
 O Level 27 Fighting
 - Level 7.1 Short Blades
 - Level 18.0 Axes
 - Level 14.6 Throwing
 O Level 27 Armour
 + Level 17.4 Dodging
 - Level 23.5 Shields
 O Level 27 Invocations


You had 26 spell levels left.
You didn't know any spells.
Your spell library was empty.

Inventory:

Hand Weapons
 J - the +7 broad axe of Geasic {vorpal, rF++ Dex+2 Stlth-}
   (You found it on level 5 of the Vaults)

   It inflicts extra damage upon your enemies.
   Dex:       It affects your dexterity (+2).
   rF:        It greatly protects you from fire.
   Stlth:     It makes you less stealthy.
 K - a +9 broad axe of holy wrath (weapon)
Armour
 b - the +2 pair of gloves "Jotoh" {rC+ rCorr Str-2}
   (Okawaru gifted it to you on level 1 of the Vaults)

   Str:       It affects your strength (-2).
   rC:        It protects you from cold.
   rCorr:     It protects you from acid and corrosion.
 o - a +2 pair of boots (worn)
 r - a +2 cloak of preservation (worn)
 s - a +2 hat (worn)
 x - a +2 pair of gloves of dexterity (worn)
 z - a +2 tower shield of cold resistance (worn)
 I - the +6 plate armour of Light (worn) {rC+ Will++ Regen+ rCorr}
   (You found it on level 2 of the Depths)

   rC:        It protects you from cold.
   Regen:     It increases your rate of health regeneration.
   rCorr:     It protects you from acid and corrosion.
   Will:      It greatly increases your willpower.
Jewellery
 e - the amulet "Pask" (around neck) {Regen+ Dex+6}
   (You acquired it on level 4 of the Dungeon)

   [amulet of regeneration]

   Dex:       It affects your dexterity (+6).
   Regen:     It increases your rate of health regeneration.
 g - a ring of resist corrosion
 k - a +4 ring of evasion (right hand)
 l - a ring of resist corrosion
 v - the ring of Qiug (left hand) {EV+4 Dex+7}
   (You found it on level 3 of the Tomb of the Ancients)

   [ring of evasion]

   EV:        It affects your evasion (+4).
   Dex:       It affects your dexterity (+7).
 y - the ring of Falivime {*Corrode rF++ Int+6}
   (You found it in Pandemonium)

   [ring of intelligence]

   Int:       It affects your intelligence (+6).
   rF:        It greatly protects you from fire.
   *Corrode:  It may corrode you when you take damage.
 D - the ring of Texyah {rF+ rN+ Str+4}
   (You found it in Pandemonium)

   [ring of positive energy]

   Str:       It affects your strength (+4).
   rF:        It protects you from fire.
   rN:        It protects you from negative energy.
 E - the ring "Afavonky" {rF+ rC+}
   (You found it in Pandemonium)

   [ring of protection from fire]

   rF:        It protects you from fire.
   rC:        It protects you from cold.
Wands
 p - a wand of digging (5)
Scrolls
 a - 23 scrolls of identify
 c - 3 scrolls of brand weapon
 h - 3 scrolls of enchant weapon
 n - 7 scrolls of teleportation
 B - 5 scrolls of enchant armour
Potions
 d - 15 potions of might
 f - a potion of resistance
 i - 12 potions of attraction
 m - 9 potions of lignification
 q - 5 potions of haste
 t - 30 potions of curing
 w - a potion of heal wounds
 A - 4 potions of cancellation

Dungeon Overview and Level Annotations

Branches:
Dungeon (15/15)            Temple (1/1) D:7            Lair (5/5) D:8
 Shoals (4/4) Lair:2        Snake (4/4) Lair:2        Slime (4/5) Lair:4
    Orc (2/2) D:11            Elf (0/3) Orc:2        Vaults (5/5) D:14
  Crypt (3/3) Vaults:2       Tomb (3/3) Crypt:3      Depths (4/4) D:15
    Zot (4/5) Depths:4      Sewer (visited)

Altars:
Ashenzari
Cheibriados
Dithmenos
Elyvilon
Fedhas
Gozag
Hepliaklqana
Kikubaaqudgha
Makhleb
Nemelex Xobeh
Okawaru
Qazlal
Ru
Sif Muna
Trog
Uskayaw
Vehumet
Wu Jian
Xom
Yredelemnul
Zin
The Shining One
Jiyva

Shops:
D:9 !   Orc:1 [   Orc:2 ?[:[*   Shoals:3 [*   Snake:1 *   Snake:2 ([*
Snake:3 *(   Vaults:4 [   Vaults:5 ?   Depths:2 (::

Portals:
Hell: Depths:1 Depths:2 Depths:3 Depths:4
Abyss: Depths:3
Pandemonium: Depths:2 Depths:3
Ziggurat: Depths:3

Annotations:
D:6 2 runed translucent doors, qw's ghost, novice GrFi
Shoals:2 1 runed translucent door, Ullipcorian's ghost, adept HOFi
Snake:3 2 runed translucent doors, qw's ghost, adept GrFi
Depths:2 2 transporters
Zot:4 3 runed translucent doors, Icycared's ghost, master GrFi


Message History

You're standing next to a slime covered wall!
You're standing next to a slime covered wall!
77404 ||| Stepping randomly (stuck).
You swap places.
You are splashed with acid.
The walls burn your angel!
You're standing next to a slime covered wall!
You're standing next to a slime covered wall!
77405 ||| Stepping randomly (stuck).
You are splashed with acid.
The wall burns your angel!
You're standing next to a slime covered wall!
You're standing next to a slime covered wall!
77406 ||| Stepping randomly (stuck).
You are splashed with acid!
The wall burns your angel!
You're standing next to a slime covered wall!
You're standing next to a slime covered wall!
77407 ||| Stepping randomly (stuck).
You are splashed with acid!
The walls burn your angel!
Your angel gestures.
Your angel is healed somewhat.
The walls burn your angel!
You're standing next to a slime covered wall!
You're standing next to a slime covered wall!
77408 ||| Stepping randomly (stuck).
You are splashed with acid!
The wall burns your angel!
Your angel gestures.
Your angel is healed somewhat.
You're standing next to a slime covered wall!
You're standing next to a slime covered wall!
77409 ||| Stepping randomly (stuck).
You swap places.
You are splashed with acid.
The walls burn your angel! x2
You're standing next to a slime covered wall!
You're standing next to a slime covered wall!
77410 ||| Stepping randomly (stuck).
You are splashed with acid.
The walls burn your angel!
Your angel gestures.
Your angel is healed somewhat.
You're standing next to a slime covered wall!
You're standing next to a slime covered wall!
77411 ||| Stepping randomly (stuck).
You are splashed with acid!
You die...

### ###.#####
##@...#..####
#.A.........#*
##.#.##......# * *
* #.....#.......
#.......#...... , ,
#.............., *
...#.............,,
....#.........#...
#...
.........#....*


You could see a friendly angel (summoned).

Vanquished Creatures
  Cerebov (Pan)
  Gloorx Vloq (Pan)
  Lom Lobon (Pan)
  2 dread liches (Vaults:5)
  An orb of fire (Zot:4)
  Mennas (Pan)
  2 ancient liches
  9 pandemonium lords (Pan)
  30 royal mummies
  Vv (Crypt:3)
  3 Killer Klowns
  Margery (Vaults:5)
  Xtahua (Vaults:5)
  3 curse toes
  2 profane servitors
  Nikola (Snake:3)
  9 golden dragons
  5 bone dragons
  3 Brimstone Fiends (Pan)
  4 electric golems
  7 Tzitzimimeh (Pan)
  17 tentacled monstrosities
  8 liches
  7 Hell Sentinels (Pan)
  4 Ice Fiends (Pan)
  Mlioglotl (Shoals:1)
  19 titans
  5 quicksilver dragons
  A kraken (Shoals:4)
  5 deep elf master archers
  7 acid blobs
  7 death cobs
  5 deep elf blademasters
  27 Executioners
  6 ancient champions
  2 tentacled starspawn (Abyss:3)
  Agnes (Snake:4)
  Polyphemus (Shoals:3)
  An eldritch tentacle (Pan)
  10 sphinxes
  Gastronok (D:11)
  5 tengu reavers (Vaults:5)
  Kirke (Shoals:1)
  Frances (D:12)
  6 draconian monks
  9 shadow dragons
  Donald (Shoals:3)
  11 storm dragons
  5 revenants
  7 demonspawn warmongers (Pan)
  2 deep elf sorcerers (Vaults:5)
  A nagaraja (Snake:4)
  4 draconian knights
  A daeva (Pan)
  Ilsuiw (Shoals:3)
  Aizul (Snake:1)
  23 fire giants
  3 iron dragons
  21 vault wardens
  23 balrugs
  16 frost giants
  6 draconian scorchers
  3 ghost moths
  25 cacodemons
  Louise (Snake:4)
  3 draconian stormcallers
  7 orc warlords
  7 ghouls
  5 draconian annihilators
  17 ironbound preservers
  4 war gargoyles
  11 reapers (Pan)
  3 curse skulls
  14 ironbound thunderhulks
  2 spriggan defenders (Depths:3)
  A quicksilver ooze (Slime:2)
  A juggernaut skeleton (Crypt:3)
  16 very ugly things
  19 demonspawn corrupters (Pan)
  29 stone giants
  10 demonspawn blood saints (Pan)
  9 vampire knights
  13 demonspawn black suns (Pan)
  A deep elf demonologist (Vaults:1)
  2 starflowers (Abyss:3)
  14 bennus (Tomb:3)
  12 yellow draconians
  A bunyip (shapeshifter) (Depths:3)
  6 deep elf annihilators
  3 minotaurs (Shoals:4)
  12 lorocyprocas (Pan)
  4 white draconians
  15 dire elephants
  7 green draconians
  Snorg (D:14)
  15 red draconians
  10 black draconians
  8 spark wasps
  12 purple draconians
  20 green deaths
  A deep elf death mage (Crypt:3)
  7 merfolk impalers
  33 blizzard demons
  An entropy weaver (shapeshifter) (Vaults:5)
  16 ettins
  An eidolon (Crypt:2)
  4 merfolk javelineers
  18 mummy priests
  7 fire dragons
  15 jiangshi
  3 deep elf high priests
  Josephine (D:13)
  5 yaktaur captains
  3 peacekeepers
  2 alligator snapping turtles
  10 rakshasas
  2 salamander tyrants
  9 great orbs of eyes
  28 vault guards
  Erolcha (Orc:2)
  6 hell beasts (Pan)
  2 merfolk avatars
  7 hydras
  8 ice dragons
  6 catoblepae
  A juggernaut simulacrum (Pan)
  11 centaur warriors
  3 spriggan air magi
  15 satyrs
  11 ironbound frosthearts
  3 boulder beetles
  12 anacondas
  38 death scarabs
  A merfolk aquamancer (Shoals:1)
  13 deep troll shamans
  Erica (Lair:2)
  4 death knights
  3 two-headed ogres
  14 death yaks
  6 naga warriors
  A quicksilver ooze zombie (Crypt:2)
  5 orc high priests (Orc:2)
  5 tengu warriors
  3 thrashing horrors (Abyss:3)
  4 hell hogs (Abyss:4)
  4 spriggan berserkers
  6 vampire magi
  9 naga sharpshooters
  5 deep troll earth magi
  Nergalle (Orc:1)
  5 shock serpents
  A titan skeleton (Pan)
  24 hell knights
  6 holy swine (Pan)
  88 sun demons
  10 deep elf knights
  2 wretched stars (Abyss:3)
  12 iron trolls
  A fire crab (Lair:5)
  53 skeletal warriors
  A spectral bunyip (Crypt:3)
  Lodul (D:13)
  4 salamander mystics
  32 soul eaters
  10 sea snakes
  A death drake (shapeshifter) (D:15)
  6 shadow wraiths
  30 sixfirhies
  56 deep trolls
  A steelbarb worm (shapeshifter) (Vaults:5)
  4 glowing orange brains
  2 obsidian statues
  21 shadow demons (Pan)
  4 bog bodies
  5 flayed ghosts
  5 naga ritualists
  An orb spider (Abyss:4)
  11 wizards
  8 deep elf archers
  11 ironbound convokers
  22 harpies
  13 phantasmal warriors
  6 lindwurms
  2 anaconda skeletons
  Pikel (D:4)
  6 deep elf zephyrmancers
  12 mana vipers
  23 orc knights
  6 necromancers
  6 deep elf pyromancers
  2 orc sorcerers
  A mana viper (shapeshifter) (Depths:4)
  4 cyclopes
  18 manticores
  2 shining eyes (Pan)
  27 moths of wrath
  A shadow dragon zombie (Crypt:3)
  16 ugly things
  17 fauns
  Joseph (D:8)
  14 salamanders
  7 rust devils
  A worldbinder (Abyss:4)
  8 merfolk sirens
  6 elephants (Lair:4)
  10 naga magi
  A toenail golem (Pan)
  Maurice (D:9)
  18 vault sentinels
  30 orange demons
  A stone giant skeleton (Crypt:1)
  4 water nymphs
  A water nymph (shapeshifter) (Vaults:5)
  49 black mambas
  3 apocalypse crabs (Abyss:3)
  5 eyes of devastation (Pan)
  6 guardian serpents
  65 smoke demons
  2 gargoyles
  A torpor snail (Lair:5)
  A dire elephant skeleton (Tomb:3)
  A spectral iron troll (Crypt:2)
  3 rime drakes
  An unseen horror (Depths:3)
  3 centaur skeletons
  18 hellions (Pan)
  9 cane toads
  3 ice devils
  Psyche (D:8)
  42 demonic crawlers (Pan)
  A pale draconian skeleton (Crypt:2)
  2 tengu conjurers
  8 freezing wraiths
  22 hellwings
  7 efreet (Pan)
  31 yaktaurs
  14 komodo dragons
  A purple draconian skeleton (Crypt:1)
  50 guardian mummies
  2 spectral deep trolls (Crypt:2)
  2 polar bears
  6 tormentors (Pan)
  11 red devils
  A harpy zombie (Tomb:3)
  12 trolls
  2 ancient zymes (Abyss:4)
  A tarantella (Vaults:5)
  20 merfolk
  6 hornets
  A meliai (shapeshifter) (D:15)
  Grinder (D:3)
  6 wind drakes
  86 slime creatures
  13 blink frogs
  6 raiju
  A tarantella zombie (Crypt:2)
  A fire dragon zombie (Crypt:2)
  A stone giant simulacrum (Crypt:3)
  A dream sheep (shapeshifter) (Vaults:2)
  6 snapping turtles
  3 spriggans (Depths:4)
  62 flying skulls
  An alligator skeleton (Crypt:1)
  60 large abominations
  2 shadows (Crypt:3)
  2 vampires
  51 yaks
  2 basilisks (Lair:1)
  13 ushabtiu
  13 water elementals
  3 hogs (Shoals:1)
  43 ynoxinuls
  13 wraiths
  2 tyrant leech zombies
  5 wyverns
  32 neqoxecs
  A steam dragon (D:8)
  40 chaos spawn
  A golden eye (Pan)
  Menkaure (D:4)
  A redback (Vaults:5)
  11 vampire mosquitoes
  Edmund (D:4)
  Grum (D:9)
  28 nagas
  A naga zombie (Tomb:3)
  10 water moccasins
  5 acid dragons
  4 floating eyes (Pan)
  2 naga skeletons (Pan)
  37 orc warriors
  An ice beast (shapeshifter) (Vaults:5)
  A black bear (D:6)
  17 ogres
  19 wolves
  An elephant skeleton (Crypt:1)
  7 centaurs
  A vine stalker zombie (Crypt:2)
  A swamp dragon skeleton (Pan)
  14 small abominations
  6 kobold brigands
  7 necrophages
  12 bullfrogs
  A gnoll sergeant (D:13)
  A scorpion (D:4)
  3 wights (D:8)
  20 killer bees
  A raiju skeleton (Crypt:1)
  5 howler monkeys
  A shapeshifter skeleton (Crypt:1)
  6 hounds
  2 quasits (Abyss:3)
  23 starcursed masses
  A black bear zombie (Crypt:2)
  A wolf skeleton (Crypt:1)
  3 jellies
  41 orc priests
  An iron imp (Abyss:3)
  2 iguanas (D:5)
  17 orc wizards
  An acid dragon zombie (Crypt:1)
  39 mummies
  7 gnolls
  8 adders
  A white imp (D:7)
  A dart slug (D:1)
  76 orcs
  6 endoplasms
  3 giant cockroaches
  4 goblins
  9 hobgoblins
  2 jackals (D:3)
  23 kobolds
  5 quokkas
  8 ball pythons
  14 bats
  9 rats
  2 ball lightnings (Pan)
  10 fire vortices (Pan)
  5 starspawn tentacles (Abyss:3)
3228 creatures vanquished.

Vanquished Creatures (collateral kills)
  Mnoleg (Pan)
  Khufu (Crypt:3)
  8 royal mummies
  2 pandemonium lords (Pan)
  A Brimstone Fiend (Pan)
  2 tentacled monstrosities (Pan)
  An Ice Fiend (Pan)
  3 Hell Sentinels (Pan)
  2 titans (Tomb:1)
  A deep elf blademaster (Tomb:2)
  2 deep elf master archers
  An Executioner (Pan)
  5 ancient champions
  3 demonspawn warmongers (Pan)
  2 frost giants (Tomb:1)
  8 balrugs (Pan)
  A cacodemon (Pan)
  2 demonspawn blood saints (Pan)
  5 reapers (Pan)
  2 bennus (Tomb:3)
  2 demonspawn black suns (Pan)
  A demonspawn corrupter (Pan)
  A juggernaut skeleton (Pan)
  2 lorocyprocas (Pan)
  A red draconian (Tomb:1)
  3 mummy priests
  A blizzard demon (Pan)
  A green death (Pan)
  4 jiangshi (Crypt:3)
  A hell beast (Pan)
  A spriggan skeleton (Pan)
  A death scarab (Tomb:1)
  A deep troll shaman (Crypt:2)
  2 death knights (Crypt:3)
  2 soul eaters (Pan)
  18 sun demons (Pan)
  7 skeletal warriors
  A sixfirhy (Pan)
  2 deep elf archers (Tomb:1)
  2 shadow demons (Pan)
  A shining eye (Slime:4)
  An iron dragon skeleton (Pan)
  5 orange demons (Pan)
  A spectral iron troll (Crypt:2)
  6 smoke demons (Pan)
  4 demonic crawlers (Pan)
  A hellion (Pan)
  3 efreet (Pan)
  7 tormentors (Pan)
  3 hellwings (Pan)
  5 guardian mummies
  9 flying skulls (Crypt:3)
  A wraith (Crypt:3)
  6 ynoxinuls (Pan)
  2 large abominations (Pan)
  3 ushabtiu (Tomb:2)
  A neqoxec (Pan)
  4 chaos spawn (Pan)
  13 mummies
  2 fire vortices (Pan)
185 creatures vanquished.

Vanquished Creatures (others)
  A draconian knight (Zot:1)
  2 fire giants
  2 balrugs (Pan)
  A purple draconian (Zot:4)
  A naga warrior (Snake:3)
  2 shadow demons (Pan)
  A moth of wrath (Zot:4)
  A black mamba (Snake:4)
  A guardian serpent (Snake:4)
  A smoke demon (Pan)
  A hellion (Pan)
  A hornet (D:8)
  A ynoxinul (Pan)
  A neqoxec (Pan)
  A naga (Snake:3)
  A small abomination (Abyss:3)
  A ball lightning (Pan)
  A bush (Shoals:2)
  20 fungi
  67 plants
  4 starspawn tentacles
  4 tentacles (Shoals:4)
116 creatures vanquished.

Grand Total: 3529 creatures vanquished

Notes
Turn   | Place    | Note
-------+----------+-------------------------------------------
     0 | D:1      | qw the Gargoyle Fighter began the quest for the Orb.
     0 | D:1      | Reached XP level 1. HP: 14/14 MP: 1/1
     0 | D:1      | 0 ||| qw: Version: 0.2-a-17-g06abaee
     0 | D:1      | 0 ||| qw: Game counter: 2183
     0 | D:1      | 0 ||| qw: Always use a shield: true
     0 | D:1      | 0 ||| qw: God list: Okawaru
     0 | D:1      | 0 ||| qw: Allow faded altars: false
     0 | D:1      | 0 ||| qw: Do Orc after D:15 true
     0 | D:1      | 0 ||| qw: Do second Lair branch before Depths: true
     0 | D:1      | 0 ||| qw: Lair rune preference: random
     0 | D:1      | 0 ||| qw: Plans: Normal, Zot:1-4, God:TSO, Crypt, Tomb,
                  | Pan, Slime:5, Hells, Abyss, Orb
     0 | D:1      | 0 ||| PLANNING D:1-11
    35 | D:1      | 35 ||| Stepping ~*~*~tactically~*~*~ (stealth).
    36 | D:1      | 36 ||| Stepping ~*~*~tactically~*~*~ (stealth).
    51 | D:1      | 51 ||| Stepping ~*~*~tactically~*~*~ (stealth).
   274 | D:1      | Reached XP level 2. HP: 19/19 MP: 2/2
   278 | D:1      | 278 ||| DROPPING +0 club.
   502 | D:1      | 502 ||| UPGRADING to +0 chain mail.
   512 | D:1      | 512 ||| DROPPING +0 scale mail.
   513 | D:1      | 513 ||| UPGRADING to +4 ring of protection.
   514 | D:1      | 514 ||| READING 2 scrolls labelled ILANEORUOK.
   515 | D:1      | 515 ||| READING scroll labelled ZEOSAOM EBLIOZ.
   625 | D:2      | Reached skill level 3 in Axes
   628 | D:2      | Reached XP level 3. HP: 22/23 MP: 3/3
   691 | D:2      | 691 ||| Stepping ~*~*~tactically~*~*~ (stealth).
   765 | D:2      | Found a blossoming altar of Fedhas.
   835 | D:2      | Reached XP level 4. HP: 23/28 MP: 4/4
  1120 | D:2      | 1120 ||| UPGRADING to ring of positive energy.
  1121 | D:2      | 1121 ||| READING scroll labelled LOSHIR OTUORE.
  1122 | D:2      | 1122 ||| READING scroll labelled ZODGHI POUMOAR.
  1123 | D:2      | 1123 ||| DRINKING 2 inky potions.
  1124 | D:2      | 1124 ||| READING 2 scrolls of identify.
  1124 | D:2      | 1124 ||| IDENTIFYING fizzy brown potion
  1125 | D:2      | 1125 ||| DROPPING potion of degeneration.
  1160 | D:3      | 1160 ||| STAIRDANCE
  1165 | D:3      | 1165 ||| STAIRDANCE
  1296 | D:3      | Noticed Grinder
  1308 | D:3      | Paralysed by Grinder for 3 turns
  1313 | D:3      | Killed Grinder
  1314 | D:3      | Reached XP level 5. HP: 12/32 MP: 5/5
  1314 | D:3      | Reached XP level 6. HP: 14/37 MP: 6/6
  1459 | D:3      | 1459 ||| Stepping ~*~*~tactically~*~*~ (stealth).
  1460 | D:3      | 1460 ||| Stepping ~*~*~tactically~*~*~ (stealth).
  1841 | D:3      | 1841 ||| READING scroll labelled ENUINO CELEACW.
  1842 | D:3      | 1842 ||| READING 2 scrolls labelled BURAOJ JUWU.
  1843 | D:3      | 1843 ||| READING scroll labelled QEL GEKIPLAMA.
  1844 | D:3      | 1844 ||| READING scroll labelled IGAOLO GEDUT.
  1866 | D:3      | 1866 ||| DRINKING 2 green potions.
  1867 | D:3      | 1867 ||| DRINKING 3 metallic yellow potions.
  1972 | D:3      | 1972 ||| DROPPING scroll of fog.
  1973 | D:3      | 1973 ||| DROPPING 2 potions of berserk rage.
  2088 | D:4      | Noticed Menkaure
  2090 | D:4      | Noticed Pikel
  2090 | D:4      | Noticed Edmund
  2091 | D:4      | Killed Menkaure
  2092 | D:4      | Reached XP level 7. HP: 44/44 MP: 7/7
  2094 | D:4      | 2094 ||| Stepping ~*~*~tactically~*~*~ (stealth).
  2116 | D:4      | Killed Pikel
  2117 | D:4      | Reached XP level 8. HP: 17/48 MP: 8/8
  2123 | D:4      | HP: 11/48 [Edmund/+2 dire flail of venom (4)]
  2124 | D:4      | 2124 ||| READING scroll of teleportation.
  2125 | D:4      | 2125 ||| DRINKING potion of heal wounds.
  2265 | D:4      | 2265 ||| Stepping ~*~*~tactically~*~*~ (stealth).
  2266 | D:4      | 2266 ||| Stepping ~*~*~tactically~*~*~ (stealth).
  2278 | D:4      | Killed Edmund
  2279 | D:4      | Reached skill level 1 in Dodging
  2711 | D:4      | 2711 ||| UPGRADING to ring of protection from fire.
  2713 | D:4      | 2713 ||| READING scroll labelled CEXKUT DENIRGH.
  2713 | D:4      | Identified a scroll of acquirement
  2713 | D:4      | 2713 ||| ACQUIRING amulet "Pask" {Regen+ Dex+6}
  2713 | D:4      | Acquired the amulet "Pask" {Regen+ Dex+6}
  2715 | D:4      | 2715 ||| UPGRADING to amulet "Pask" {Regen+ Dex+6}.
  2720 | D:4      | 2720 ||| READING scroll labelled JOLETULIXA.
  2721 | D:4      | 2721 ||| DRINKING 2 fizzy clear potions.
  2761 | D:4      | 2761 ||| READING 2 scrolls of identify.
  2761 | D:4      | 2761 ||| IDENTIFYING amethyst potion
  2762 | D:4      | 2762 ||| DROPPING potion of ambrosia.
  2796 | D:5      | Entered Level 5 of the Dungeon
  2797 | D:5      | 2797 ||| PLANNING SEWER
  2829 | D:5      | Found a glowing drain.
  2851 | Sewer    | Entered a sewer
  3079 | Sewer    | Reached skill level 6 in Fighting
  3114 | Sewer    | 3114 ||| DRINKING 2 silvery potions.
  3115 | Sewer    | 3115 ||| DRINKING 2 bubbling emerald potions.
  3115 | Sewer    | Gained mutation: You are strong-willed. (Will+) [potion of
                  | mutation]
  3115 | Sewer    | Gained mutation: Armour fits poorly on your strangely
                  | shaped body. [potion of mutation]
  3115 | Sewer    | Gained mutation: Your flesh is cold resistant. (rC+)
                  | [potion of mutation]
  3116 | Sewer    | 3116 ||| DRINKING potion of mutation.
  3116 | Sewer    | Lost mutation: Your flesh is cold resistant. (rC+) [potion
                  | of mutation]
  3116 | Sewer    | Lost mutation: Armour fits poorly on your strangely shaped
                  | body. [potion of mutation]
  3116 | Sewer    | Lost mutation: You are strong-willed. (Will+) [potion of
                  | mutation]
  3116 | Sewer    | Gained mutation: You have sharp toenails. [potion of
                  | mutation]
  3117 | Sewer    | 3117 ||| DROPPING potion of brilliance.
  3132 | D:5      | 3132 ||| PLANNING D:1-11
  3150 | D:5      | 3150 ||| Stepping ~*~*~tactically~*~*~ (stealth).
  3152 | D:5      | 3152 ||| Stepping ~*~*~tactically~*~*~ (hiding).
  3161 | D:5      | 3161 ||| Stepping ~*~*~tactically~*~*~ (stealth).
  3199 | D:5      | 3199 ||| READING scroll of brand weapon.
  3199 | D:5      | 3199 ||| BRANDING +0 vorpal war axe.
  3278 | D:5      | 3278 ||| DRINKING potion of curing.
  3278 | D:5      | 3278 ||| (to cure confusion)
  3439 | D:5      | Reached XP level 9. HP: 55/55 MP: 9/9
  3446 | D:5      | Reached skill level 9 in Axes
  4010 | D:5      | 4010 ||| DRINKING 2 murky sapphire potions.
  4011 | D:5      | 4011 ||| READING 2 scrolls of identify.
  4011 | D:5      | 4011 ||| IDENTIFYING lumpy sapphire potion
  4054 | D:6      | Found a runed translucent door.
  4257 | D:6      | 4257 ||| Stepping ~*~*~tactically~*~*~ (stealth).
  4266 | D:6      | 4266 ||| Stepping ~*~*~tactically~*~*~ (stealth).
  4283 | D:6      | 4283 ||| Stepping ~*~*~tactically~*~*~ (stealth).
  4284 | D:6      | 4284 ||| Stepping ~*~*~tactically~*~*~ (stealth).
  4342 | D:6      | Found a runed translucent door.
  4347 | D:6      | Noticed qw's ghost (novice GrFi)
  4570 | D:6      | 4570 ||| UPGRADING to +2 pair of boots.
  4575 | D:6      | 4575 ||| UPGRADING to +0 plate armour.
  4585 | D:6      | 4585 ||| DROPPING +0 chain mail.
  4586 | D:6      | 4586 ||| DROPPING amulet of the acrobat.
  4705 | D:7      | Found a staircase to the Ecumenical Temple.
  4706 | D:7      | 4706 ||| PLANNING TEMPLE
  4721 | Temple   | Entered the Ecumenical Temple
  4944 | Temple   | 4944 ||| PLANNING D:1-11
  5081 | D:7      | Noticed a two-headed ogre
  5092 | D:7      | Killed a two-headed ogre
  5093 | D:7      | Reached skill level 6 in Armour
  5566 | D:7      | 5566 ||| DRINKING 3 fuming coppery potions.
  5567 | D:7      | 5567 ||| DROPPING 2 potions of invisibility.
  5654 | D:8      | Found a staircase to the Lair.
  5706 | D:8      | 5706 ||| Stepping ~*~*~tactically~*~*~ (stealth).
  5708 | D:8      | Reached XP level 10. HP: 62/63 MP: 10/10
  5836 | D:8      | 5836 ||| Stepping ~*~*~tactically~*~*~ (stealth).
  5837 | D:8      | 5837 ||| Stepping ~*~*~tactically~*~*~ (stealth).
  5840 | D:8      | 5840 ||| Stepping ~*~*~tactically~*~*~ (stealth).
  5841 | D:8      | 5841 ||| Stepping ~*~*~tactically~*~*~ (stealth).
  5842 | D:8      | 5842 ||| Stepping ~*~*~tactically~*~*~ (stealth).
  5843 | D:8      | 5843 ||| Stepping ~*~*~tactically~*~*~ (stealth).
  5843 | D:8      | Noticed Psyche
  5844 | D:8      | 5844 ||| Stepping ~*~*~tactically~*~*~ (hiding).
  5845 | D:8      | 5845 ||| Stepping ~*~*~tactically~*~*~ (hiding).
  5875 | D:8      | Killed Psyche
  5918 | D:8      | Noticed Joseph
  5932 | D:8      | Killed Joseph
  6195 | D:8      | 6195 ||| Stepping ~*~*~tactically~*~*~ (stealth).
  6196 | D:8      | 6196 ||| Stepping ~*~*~tactically~*~*~ (stealth).
  6197 | D:8      | 6197 ||| Stepping ~*~*~tactically~*~*~ (stealth).
  6200 | D:8      | 6200 ||| Stepping ~*~*~tactically~*~*~ (stealth).
  6201 | D:8      | 6201 ||| Stepping ~*~*~tactically~*~*~ (hiding).
  6202 | D:8      | 6202 ||| Stepping ~*~*~tactically~*~*~ (hiding).
  6308 | D:8      | 6308 ||| UPGRADING to +1 plate armour of poison resistance.
  6318 | D:8      | 6318 ||| DROPPING +0 plate armour.
  6358 | D:9      | 6358 ||| Stepping ~*~*~tactically~*~*~ (stealth).
  6362 | D:9      | Noticed Grum
  6363 | D:9      | 6363 ||| Stepping ~*~*~tactically~*~*~ (hiding).
  6369 | D:9      | Reached skill level 9 in Fighting
  6384 | D:9      | Killed Grum
  6386 | D:9      | 6386 ||| DRINKING 6 potions of curing.
  6386 | D:9      | 6386 ||| (to cure confusion)
  6387 | D:9      | 6387 ||| DRINKING 5 potions of curing.
  6387 | D:9      | 6387 ||| (to cure confusion)
  6457 | D:9      | Noticed a two-headed ogre
  6458 | D:9      | 6458 ||| Stepping ~*~*~tactically~*~*~ (stealth).
  6469 | D:9      | Killed a two-headed ogre
  6470 | D:9      | Reached XP level 11. HP: 71/71 MP: 11/11
  6531 | D:9      | 6531 ||| FLEEEEING.
  6532 | D:9      | 6532 ||| FLEEEEING.
  6533 | D:9      | 6533 ||| FLEEEEING.
  6534 | D:9      | 6534 ||| FLEEEEING.
  6535 | D:9      | 6535 ||| FLEEEEING.
  6536 | D:9      | 6536 ||| FLEEEEING.
  6537 | D:9      | 6537 ||| FLEEEEING.
  6538 | D:9      | 6538 ||| FLEEEEING.
  6539 | D:9      | 6539 ||| FLEEEEING.
  6540 | D:9      | 6540 ||| FLEEEEING.
  6541 | D:9      | 6541 ||| FLEEEEING.
  6542 | D:9      | 6542 ||| FLEEEEING.
  6543 | D:9      | 6543 ||| FLEEEEING.
  6544 | D:9      | 6544 ||| FLEEEEING.
  6545 | D:9      | 6545 ||| FLEEEEING.
  6546 | D:9      | 6546 ||| FLEEEEING.
  6547 | D:9      | 6547 ||| FLEEEEING.
  6548 | D:9      | 6548 ||| FLEEEEING.
  6549 | D:9      | 6549 ||| FLEEEEING.
  6550 | D:9      | 6550 ||| FLEEEEING.
  6551 | D:9      | 6551 ||| FLEEEEING.
  6552 | D:9      | 6552 ||| FLEEEEING.
  6553 | D:9      | 6553 ||| FLEEEEING.
  6554 | D:9      | 6554 ||| FLEEEEING.
  6555 | D:9      | 6555 ||| FLEEEEING.
  6556 | D:9      | 6556 ||| FLEEEEING.
  6557 | D:9      | 6557 ||| FLEEEEING.
  6558 | D:9      | 6558 ||| FLEEEEING.
  6564 | D:9      | 6564 ||| Stepping ~*~*~tactically~*~*~ (hiding).
  6565 | D:9      | 6565 ||| Stepping ~*~*~tactically~*~*~ (hiding).
  6765 | D:9      | Noticed Maurice
  6766 | D:9      | 6766 ||| Stepping ~*~*~tactically~*~*~ (hiding).
  6767 | D:9      | 6767 ||| Stepping ~*~*~tactically~*~*~ (hiding).
  6768 | D:9      | 6768 ||| Stepping ~*~*~tactically~*~*~ (hiding).
  6769 | D:9      | 6769 ||| Stepping ~*~*~tactically~*~*~ (hiding).
  6771 | D:9      | 6771 ||| Stepping ~*~*~tactically~*~*~ (hiding).
  6789 | D:9      | Killed Maurice
  6790 | D:9      | Reached skill level 12 in Axes
  6994 | D:9      | Reached skill level 3 in Dodging
  7172 | D:9      | 7172 ||| Stepping ~*~*~tactically~*~*~ (hiding).
  7181 | D:9      | 7181 ||| Stepping ~*~*~tactically~*~*~ (hiding).
  7334 | D:9      | Reached skill level 1 in Throwing
  7346 | D:9      | Found an iron altar of Okawaru.
  7347 | D:9      | 7347 ||| PLANNING OKAWARU WORSHIP
  7347 | D:9      | 7347 ||| UPGRADING to +2 cloak of preservation.
  7352 | D:9      | 7352 ||| READING 2 scrolls of identify.
  7352 | D:9      | 7352 ||| IDENTIFYING fuming amethyst potion
  7360 | D:9      | Became a worshipper of Warmaster Okawaru
  7361 | D:9      | 7361 ||| PLANNING D:1-11
  7366 | D:9      | Found an ancient bone altar of Kikubaaqudgha.
  7366 | D:9      | Found a broken altar of Ashenzari.
  7374 | D:9      | Found a burning altar of Makhleb.
  7374 | D:9      | Found a glowing golden altar of the Shining One.
  7400 | D:9      | Found Vujocima's Distillery.
  7411 | D:9      | 7411 ||| BUYING potion of attraction (36 gold).
  7411 | D:9      | Bought a potion of attraction for 36 gold pieces
  7411 | D:9      | 7411 ||| BUYING potion of curing (36 gold).
  7411 | D:9      | Bought a potion of curing for 36 gold pieces
  7411 | D:9      | 7411 ||| BUYING potion of curing (36 gold).
  7411 | D:9      | Bought a potion of curing for 36 gold pieces
  7411 | D:9      | 7411 ||| BUYING potion of haste (120 gold).
  7411 | D:9      | Bought a potion of haste for 120 gold pieces
  7411 | D:9      | 7411 ||| PLANNING LAIR
  7510 | Lair:1   | Entered Level 1 of the Lair of Beasts
  7574 | Lair:1   | 7574 ||| Stepping ~*~*~tactically~*~*~ (stealth).
  7575 | Lair:1   | 7575 ||| Stepping ~*~*~tactically~*~*~ (stealth).
  7576 | Lair:1   | 7576 ||| Stepping ~*~*~tactically~*~*~ (stealth).
  7581 | Lair:1   | 7581 ||| Stepping ~*~*~tactically~*~*~ (stealth).
  7583 | Lair:1   | 7583 ||| Stepping ~*~*~tactically~*~*~ (stealth).
  7584 | Lair:1   | HP: 16/71 [komodo dragon (12)]
  7585 | Lair:1   | 7585 ||| READING 4 scrolls of teleportation.
  7585 | Lair:1   | HP: 7/71 [komodo dragon (10)]
  7586 | Lair:1   | 7586 ||| DRINKING 3 potions of heal wounds.
  7590 | Lair:1   | Reached * piety under Okawaru
  7591 | Lair:1   | 7591 ||| INVOKING Heroism.
  7604 | Lair:1   | 7604 ||| INVOKING Heroism.
  7612 | Lair:1   | Reached skill level 6 in Shields
  7655 | Lair:1   | 7655 ||| INVOKING Heroism.
  7656 | Lair:1   | 7656 ||| INVOKING Heroism.
  7669 | Lair:1   | 7669 ||| INVOKING Heroism.
  7673 | Lair:1   | Reached skill level 1 in Invocations
  7910 | Lair:1   | 7910 ||| INVOKING Heroism.
  7925 | Lair:1   | 7925 ||| INVOKING Heroism.
  7937 | Lair:1   | Reached skill level 3 in Invocations
  8084 | Lair:1   | 8084 ||| INVOKING Heroism.
  8094 | Lair:1   | Reached skill level 9 in Armour
  8160 | Lair:1   | Found a dark tunnel.
  8160 | Lair:1   | Noticed a lindwurm
  8161 | Lair:1   | 8161 ||| INVOKING Heroism.
  8173 | Lair:1   | Killed a lindwurm
  8173 | Lair:1   | Reached ** piety under Okawaru
  8220 | Lair:1   | 8220 ||| INVOKING Heroism.
  8471 | Lair:1   | 8471 ||| DROPPING amulet of reflection.
  8472 | Lair:1   | 8472 ||| READING scroll labelled YXOATS XOITTO.
  8481 | Lair:2   | Noticed a catoblepas
  8482 | Lair:2   | 8482 ||| INVOKING Heroism.
  8495 | Lair:2   | Killed a catoblepas
  8527 | Lair:2   | Reached XP level 12. HP: 77/77 MP: 15/15
  8537 | Lair:2   | Noticed Erica
  8538 | Lair:2   | 8538 ||| INVOKING Heroism.
  8548 | Lair:2   | Killed Erica
  8552 | Lair:2   | 8552 ||| Stepping ~*~*~tactically~*~*~ (stealth).
  8560 | Lair:2   | Reached *** piety under Okawaru
  8602 | Lair:2   | 8602 ||| INVOKING Heroism.
  8649 | Lair:2   | 8649 ||| INVOKING Heroism.
  8685 | Lair:2   | Found a staircase to the Shoals.
  8688 | Lair:2   | 8688 ||| INVOKING Heroism.
  8769 | Lair:2   | Identified the +9 scimitar of Feameagg {vorpal, Str+5}
  8791 | Lair:2   | Found a staircase to the Snake Pit.
  8796 | Lair:2   | Noticed a catoblepas
  8797 | Lair:2   | 8797 ||| INVOKING Heroism.
  8812 | Lair:2   | Killed a catoblepas
  8820 | Lair:2   | 8820 ||| INVOKING Heroism.
  8835 | Lair:2   | 8835 ||| INVOKING Heroism.
  8901 | Lair:2   | 8901 ||| INVOKING Heroism.
  8913 | Lair:2   | Reached **** piety under Okawaru
  9060 | Lair:2   | 9060 ||| Stepping ~*~*~tactically~*~*~ (stealth).
  9062 | Lair:2   | 9062 ||| INVOKING Heroism.
  9086 | Lair:2   | 9086 ||| INVOKING Heroism.
  9360 | Lair:2   | 9360 ||| READING scroll labelled ZIUSHRYM ZIOQUO.
  9403 | Lair:3   | 9403 ||| INVOKING Heroism.
  9466 | Lair:3   | 9466 ||| INVOKING Heroism.
  9503 | Lair:3   | 9503 ||| Stepping ~*~*~tactically~*~*~ (stealth).
  9510 | Lair:3   | 9510 ||| FLEEEEING.
  9585 | Lair:3   | 9585 ||| Stepping ~*~*~tactically~*~*~ (stealth).
  9586 | Lair:3   | 9586 ||| INVOKING Heroism.
  9614 | Lair:3   | 9614 ||| INVOKING Heroism.
  9619 | Lair:3   | 9619 ||| Stepping ~*~*~tactically~*~*~ (stealth).
  9631 | Lair:3   | 9631 ||| Stepping ~*~*~tactically~*~*~ (stealth).
  9717 | Lair:3   | 9717 ||| Stepping ~*~*~tactically~*~*~ (stealth).
  9720 | Lair:3   | 9720 ||| INVOKING Heroism.
  9738 | Lair:3   | Reached skill level 6 in Invocations
  9802 | Lair:3   | 9802 ||| Stepping ~*~*~tactically~*~*~ (stealth).
  9931 | Lair:3   | Reached ***** piety under Okawaru
  9932 | Lair:3   | Reached XP level 13. HP: 84/84 MP: 17/17
 10152 | Lair:3   | 10152 ||| INVOKING Heroism.
 10444 | Lair:3   | 10444 ||| READING scroll labelled AXUSIN ICIUJA.
 10513 | Lair:4   | 10513 ||| STAIRDANCE
 10748 | Lair:4   | 10748 ||| INVOKING Heroism.
 10750 | Lair:4   | 10750 ||| SWAPPING to +0 morningstar.
 10758 | Lair:4   | 10758 ||| SWAPPING to +0 vampiric war axe.
 10852 | Lair:4   | 10852 ||| Stepping ~*~*~tactically~*~*~ (stealth).
 10853 | Lair:4   | 10853 ||| INVOKING Heroism.
 10872 | Lair:4   | 10872 ||| Stepping ~*~*~tactically~*~*~ (stealth).
 11143 | Lair:4   | Found a runed translucent door.
 11143 | Lair:4   | Found a viscous altar of Jiyva.
 11144 | Lair:4   | Found a staircase to the Slime Pits.
 11402 | Lair:4   | 11402 ||| DROPPING amulet of regeneration.
 11403 | Lair:4   | 11403 ||| READING scroll labelled WOIFIUJIGE.
 11414 | Lair:5   | Entered Level 5 of the Lair of Beasts
 11415 | Lair:5   | 11415 ||| INVOKING Heroism.
 11416 | Lair:5   | 11416 ||| STAIRDANCE
 11461 | Lair:5   | 11461 ||| STAIRDANCE
 11464 | Lair:4   | 11464 ||| INVOKING Heroism.
 11501 | Lair:5   | 11501 ||| STAIRDANCE
 11511 | Lair:4   | Received a gift from Okawaru
 11544 | Lair:5   | 11544 ||| Stepping ~*~*~tactically~*~*~ (stealth).
 11545 | Lair:5   | 11545 ||| INVOKING Heroism.
 11568 | Lair:5   | 11568 ||| INVOKING Finesse.
 11571 | Lair:5   | 11571 ||| SWAPPING to +0 morningstar.
 11573 | Lair:5   | 11573 ||| SWAPPING to +0 vampiric war axe.
 11574 | Lair:5   | 11574 ||| SWAPPING to +0 morningstar.
 11581 | Lair:5   | 11581 ||| SWAPPING to +0 vampiric war axe.
 11733 | Lair:5   | Reached skill level 9 in Invocations
 11733 | Lair:5   | 11733 ||| Stepping ~*~*~tactically~*~*~ (cloud).
 11774 | Lair:5   | 11774 ||| INVOKING Heroism.
 11806 | Lair:5   | 11806 ||| INVOKING Finesse.
 11809 | Lair:5   | 11809 ||| SWAPPING to +0 morningstar.
 11820 | Lair:5   | 11820 ||| SWAPPING to +0 vampiric war axe.
 11895 | Lair:5   | 11895 ||| Stepping ~*~*~tactically~*~*~ (hiding).
 11898 | Lair:5   | 11898 ||| INVOKING Heroism.
 11899 | Lair:5   | 11899 ||| INVOKING Finesse.
 11906 | Lair:5   | Received a gift from Okawaru
 11965 | Lair:5   | 11965 ||| Stepping ~*~*~tactically~*~*~ (stealth).
 11968 | Lair:5   | 11968 ||| INVOKING Heroism.
 11970 | Lair:5   | 11970 ||| Stepping ~*~*~tactically~*~*~ (stealth).
 11971 | Lair:5   | 11971 ||| INVOKING Finesse.
 11972 | Lair:5   | 11972 ||| Stepping ~*~*~tactically~*~*~ (stealth).
 12011 | Lair:5   | Reached skill level 3 in Throwing
 12059 | Lair:5   | 12059 ||| Stepping ~*~*~tactically~*~*~ (hiding).
 12060 | Lair:5   | 12060 ||| INVOKING Heroism.
 12063 | Lair:5   | 12063 ||| INVOKING Finesse.
 12083 | Lair:5   | 12083 ||| Stepping ~*~*~tactically~*~*~ (stealth).
 12098 | Lair:5   | 12098 ||| Stepping ~*~*~tactically~*~*~ (stealth).
 12111 | Lair:5   | 12111 ||| INVOKING Finesse.
 12183 | Lair:5   | 12183 ||| INVOKING Heroism.
 12187 | Lair:5   | 12187 ||| INVOKING Finesse.
 12198 | Lair:5   | Gained mutation: Your large and strong wings let you fly.
                  | [Gargoyle growth]
 12198 | Lair:5   | Reached XP level 14. HP: 90/90 MP: 14/21
 12304 | Lair:5   | 12304 ||| Stepping ~*~*~tactically~*~*~ (stealth).
 12305 | Lair:5   | 12305 ||| INVOKING Heroism.
 12306 | Lair:5   | 12306 ||| INVOKING Finesse.
 12424 | Lair:5   | 12424 ||| Stepping ~*~*~tactically~*~*~ (stealth).
 12426 | Lair:5   | 12426 ||| Stepping ~*~*~tactically~*~*~ (stealth).
 12427 | Lair:5   | 12427 ||| INVOKING Heroism.
 12438 | Lair:5   | Reached skill level 15 in Axes
 12458 | Lair:5   | 12458 ||| INVOKING Finesse.
 12539 | Lair:5   | 12539 ||| Stepping ~*~*~tactically~*~*~ (stealth).
 12541 | Lair:5   | 12541 ||| INVOKING Heroism.
 12543 | Lair:5   | 12543 ||| Stepping ~*~*~tactically~*~*~ (stealth).
 12545 | Lair:5   | 12545 ||| Stepping ~*~*~tactically~*~*~ (stealth).
 12562 | Lair:5   | 12562 ||| INVOKING Finesse.
 12775 | Lair:5   | 12775 ||| Stepping ~*~*~tactically~*~*~ (stealth).
 12776 | Lair:5   | 12776 ||| Stepping ~*~*~tactically~*~*~ (stealth).
 12777 | Lair:5   | 12777 ||| INVOKING Heroism.
 12791 | Lair:5   | 12791 ||| Stepping ~*~*~tactically~*~*~ (stealth).
 12800 | Lair:5   | 12800 ||| Stepping ~*~*~tactically~*~*~ (stealth).
 12801 | Lair:5   | 12801 ||| Stepping ~*~*~tactically~*~*~ (stealth).
 12802 | Lair:5   | 12802 ||| Stepping ~*~*~tactically~*~*~ (stealth).
 12934 | Lair:5   | Received a gift from Okawaru
 13063 | Lair:5   | 13063 ||| PLANNING D:1-11
 13063 | Lair:5   | 13063 ||| UPGRADING to +2 tower shield of cold resistance.
 13073 | Lair:5   | 13073 ||| DROPPING +0 buckler.
 13074 | Lair:5   | 13074 ||| DROPPING +6 ring of intelligence.
 13075 | Lair:5   | 13075 ||| READING 2 scrolls labelled DIPLAXZIKE.
 13076 | Lair:5   | 13076 ||| DROPPING scroll of immolation.
 13220 | D:10     | Entered Level 10 of the Dungeon
 13223 | D:10     | 13223 ||| INVOKING Heroism.
 13372 | D:10     | 13372 ||| INVOKING Heroism.
 13438 | D:10     | 13438 ||| Stepping ~*~*~tactically~*~*~ (hiding).
 13548 | D:10     | 13548 ||| FLEEEEING.
 13549 | D:10     | 13549 ||| FLEEEEING.
 13552 | D:10     | 13552 ||| Stepping ~*~*~tactically~*~*~ (hiding).
 13553 | D:10     | 13553 ||| Stepping ~*~*~tactically~*~*~ (hiding).
 13787 | D:11     | Found a staircase to the Orcish Mines.
 13828 | D:11     | Noticed Gastronok
 13829 | D:11     | 13829 ||| Stepping ~*~*~tactically~*~*~ (hiding).
 13838 | D:11     | 13838 ||| INVOKING Heroism.
 13863 | D:11     | Killed Gastronok
 13863 | D:11     | Received a gift from Okawaru
 13873 | D:11     | Received a gift from Okawaru
 14033 | D:11     | 14033 ||| Stepping ~*~*~tactically~*~*~ (stealth).
 14193 | D:11     | 14193 ||| Stepping ~*~*~tactically~*~*~ (hiding).
 14197 | D:11     | 14197 ||| INVOKING Heroism.
 14212 | D:11     | Reached skill level 9 in Shields
 14239 | D:11     | 14239 ||| Stepping ~*~*~tactically~*~*~ (stealth).
 14260 | D:11     | 14260 ||| Stepping ~*~*~tactically~*~*~ (hiding).
 14310 | D:11     | 14310 ||| INVOKING Heroism.
 14339 | D:11     | Identified the +0 scale mail "Ummited" {Will+ Regen+ Str+3}
 14369 | D:11     | 14369 ||| Stepping ~*~*~tactically~*~*~ (stealth).
 14371 | D:11     | 14371 ||| INVOKING Heroism.
 14373 | D:11     | 14373 ||| Stepping ~*~*~tactically~*~*~ (stealth).
 14398 | D:11     | 14398 ||| Stepping ~*~*~tactically~*~*~ (stealth).
 14679 | D:11     | 14679 ||| PLANNING D
 14679 | D:11     | 14679 ||| UPGRADING to +2 hat of stealth.
 14684 | D:11     | 14684 ||| UPGRADING to +1 helmet.
 14694 | D:11     | 14694 ||| DROPPING +2 hat of stealth.
 14734 | D:12     | 14734 ||| Stepping ~*~*~tactically~*~*~ (hiding).
 14736 | D:12     | 14736 ||| Stepping ~*~*~tactically~*~*~ (hiding).
 14982 | D:12     | 14982 ||| INVOKING Heroism.
 14985 | D:12     | 14985 ||| Stepping ~*~*~tactically~*~*~ (stealth).
 15038 | D:12     | You are sucked into a shaft and drop 3 floors!
 15038 | D:15     | Entered Level 15 of the Dungeon
 15054 | D:15     | 15054 ||| Stepping ~*~*~tactically~*~*~ (hiding).
 15056 | D:15     | 15056 ||| Stepping ~*~*~tactically~*~*~ (hiding).
 15146 | D:14     | 15146 ||| INVOKING Heroism.
 15157 | D:14     | Identified the +1 hat of Resilience {Will+ MP+9 Slay-2}
                  | (Okawaru gifted it to you on level 14 of the Dungeon)
 15157 | D:14     | Received a gift from Okawaru
 15274 | D:14     | 15274 ||| DROPPING +1 hat of Resilience {Will+ MP+9
                  | Slay-2}.
 15275 | D:14     | 15275 ||| UPGRADING to +0 pair of gloves.
 15285 | D:13     | 15285 ||| INVOKING Heroism.
 15289 | D:13     | 15289 ||| Stepping ~*~*~tactically~*~*~ (stealth).
 15290 | D:13     | 15290 ||| Stepping ~*~*~tactically~*~*~ (stealth).
 15293 | D:13     | 15293 ||| READING 5 scrolls of teleportation.
 15308 | D:13     | Noticed Josephine
 15309 | D:13     | 15309 ||| INVOKING Finesse.
 15311 | D:13     | 15311 ||| SWAPPING to +0 morningstar.
 15314 | D:13     | 15314 ||| Stepping ~*~*~tactically~*~*~ (outnumbered).
 15324 | D:13     | 15324 ||| SWAPPING to +0 vampiric war axe.
 15334 | D:13     | Killed Josephine
 15350 | D:13     | 15350 ||| Stepping ~*~*~tactically~*~*~ (hiding).
 15355 | D:13     | 15355 ||| INVOKING Heroism.
 15391 | D:13     | Reached skill level 12 in Shields
 15400 | D:13     | Noticed Lodul
 15417 | D:13     | Killed Lodul
 15418 | D:13     | Reached XP level 15. HP: 95/95 MP: 22/22
 15470 | D:13     | 15470 ||| INVOKING Heroism.
 15473 | D:13     | 15473 ||| Stepping ~*~*~tactically~*~*~ (stealth).
 15505 | D:13     | 15505 ||| Stepping ~*~*~tactically~*~*~ (hiding).
 15512 | D:13     | 15512 ||| INVOKING Heroism.
 15514 | D:13     | 15514 ||| Stepping ~*~*~tactically~*~*~ (hiding).
 15556 | D:13     | 15556 ||| READING scroll labelled GUMIZAMIUP.
 15688 | D:12     | Noticed Frances
 15690 | D:12     | 15690 ||| Stepping ~*~*~tactically~*~*~ (hiding).
 15691 | D:12     | 15691 ||| Stepping ~*~*~tactically~*~*~ (hiding).
 15692 | D:12     | 15692 ||| INVOKING Heroism.
 15693 | D:12     | 15693 ||| INVOKING Finesse.
 15719 | D:12     | Killed Frances
 16356 | D:13     | 16356 ||| Stepping ~*~*~tactically~*~*~ (stealth).
 16363 | D:13     | 16363 ||| INVOKING Heroism.
 16364 | D:13     | 16364 ||| INVOKING Finesse.
 16367 | D:13     | 16367 ||| SWAPPING to +0 morningstar.
 16373 | D:13     | 16373 ||| SWAPPING to +0 vampiric war axe.
 16724 | D:13     | 16724 ||| Stepping ~*~*~tactically~*~*~ (stealth).
 16726 | D:13     | 16726 ||| Stepping ~*~*~tactically~*~*~ (stealth).
 16729 | D:13     | 16729 ||| Stepping ~*~*~tactically~*~*~ (stealth).
 16734 | D:13     | 16734 ||| Stepping ~*~*~tactically~*~*~ (stealth).
 16735 | D:13     | 16735 ||| Stepping ~*~*~tactically~*~*~ (stealth).
 16744 | D:13     | 16744 ||| INVOKING Heroism.
 16746 | D:13     | 16746 ||| READING 4 scrolls of teleportation.
 16790 | D:13     | 16790 ||| Stepping ~*~*~tactically~*~*~ (stealth).
 16791 | D:13     | 16791 ||| Stepping ~*~*~tactically~*~*~ (stealth).
 16800 | D:13     | 16800 ||| INVOKING Heroism.
 16802 | D:13     | 16802 ||| READING 3 scrolls of teleportation.
 16836 | D:13     | 16836 ||| Stepping ~*~*~tactically~*~*~ (stealth).
 16838 | D:13     | 16838 ||| Stepping ~*~*~tactically~*~*~ (stealth).
 16845 | D:13     | 16845 ||| Stepping ~*~*~tactically~*~*~ (stealth).
 16848 | D:13     | 16848 ||| Stepping ~*~*~tactically~*~*~ (stealth).
 16849 | D:13     | 16849 ||| Stepping ~*~*~tactically~*~*~ (stealth).
 16854 | D:13     | 16854 ||| INVOKING Heroism.
 17003 | D:14     | Noticed Snorg
 17007 | D:14     | 17007 ||| Stepping ~*~*~tactically~*~*~ (hiding).
 17009 | D:14     | 17009 ||| Stepping ~*~*~tactically~*~*~ (hiding).
 17020 | D:14     | Killed Snorg
 17021 | D:14     | 17021 ||| Stepping ~*~*~tactically~*~*~ (stealth).
 17022 | D:14     | 17022 ||| Stepping ~*~*~tactically~*~*~ (stealth).
 17027 | D:14     | 17027 ||| Stepping ~*~*~tactically~*~*~ (hiding).
 17055 | D:14     | Found a gate to the Vaults.
 17216 | D:14     | 17216 ||| INVOKING Heroism.
 17305 | D:14     | 17305 ||| INVOKING Heroism.
 17306 | D:14     | 17306 ||| SWAPPING to +0 morningstar.
 17317 | D:14     | 17317 ||| SWAPPING to +0 vampiric war axe.
 17593 | D:15     | 17593 ||| INVOKING Heroism.
 17596 | D:15     | 17596 ||| SWAPPING to +0 morningstar.
 17604 | D:15     | 17604 ||| SWAPPING to +0 vampiric war axe.
 17768 | D:15     | 17768 ||| INVOKING Heroism.
 17797 | D:15     | Reached skill level 15 in Shields
 17823 | D:15     | 17823 ||| Stepping ~*~*~tactically~*~*~ (stealth).
 17826 | D:15     | 17826 ||| INVOKING Heroism.
 17836 | D:15     | 17836 ||| Stepping ~*~*~tactically~*~*~ (hiding).
 17842 | D:15     | Paralysed by a great orb of eyes for 5 turns
 17925 | D:15     | 17925 ||| Stepping ~*~*~tactically~*~*~ (stealth).
 17929 | D:15     | 17929 ||| INVOKING Heroism.
 17932 | D:15     | 17932 ||| READING 2 scrolls of teleportation.
 18002 | D:15     | 18002 ||| INVOKING Heroism.
 18265 | D:15     | 18265 ||| Stepping ~*~*~tactically~*~*~ (stealth).
 18268 | D:15     | 18268 ||| INVOKING Heroism.
 18276 | D:15     | Received a gift from Okawaru
 18354 | D:15     | Found a staircase to the Depths.
 18359 | D:15     | 18359 ||| PLANNING ORC
 18380 | D:15     | 18380 ||| Stepping randomly (disturbance).
 18381 | D:15     | 18381 ||| Stepping randomly (disturbance).
 18515 | Orc:1    | Entered Level 1 of the Orcish Mines
 18515 | Orc:1    | Found Ystaeng's Antique Armour Shoppe.
 18516 | Orc:1    | 18516 ||| INVOKING Heroism.
 18517 | Orc:1    | Noticed Nergalle
 18541 | Orc:1    | Killed Nergalle
 18545 | Orc:1    | 18545 ||| INVOKING Heroism.
 18570 | Orc:1    | 18570 ||| DROPPING +0 morningstar.
 18584 | Orc:1    | 18584 ||| BUYING pair of runed gloves (165 gold).
 18584 | Orc:1    | Bought a pair of runed gloves for 165 gold pieces
 18602 | Orc:1    | 18602 ||| INVOKING Heroism.
 18607 | Orc:1    | 18607 ||| DRINKING 12 potions of curing.
 18607 | Orc:1    | 18607 ||| (to cure confusion)
 18717 | Orc:1    | 18717 ||| Stepping ~*~*~tactically~*~*~ (stealth).
 18720 | Orc:1    | 18720 ||| Stepping ~*~*~tactically~*~*~ (hiding).
 18944 | Orc:1    | 18944 ||| UPGRADING to +1 pair of gloves.
 18954 | Orc:1    | 18954 ||| DROPPING +0 pair of gloves.
 18969 | Orc:2    | Entered Level 2 of the Orcish Mines
 18972 | Orc:2    | 18972 ||| INVOKING Heroism.
 19004 | Orc:2    | Found Esir's Magic Scroll Emporium.
 19022 | Orc:2    | Found a staircase to the Elven Halls.
 19054 | Orc:2    | 19054 ||| Stepping ~*~*~tactically~*~*~ (stealth).
 19055 | Orc:2    | 19055 ||| Stepping ~*~*~tactically~*~*~ (hiding).
 19056 | Orc:2    | 19056 ||| INVOKING Heroism.
 19058 | Orc:2    | Noticed an orc warlord
 19059 | Orc:2    | 19059 ||| INVOKING Finesse.
 19101 | Orc:2    | Killed an orc warlord
 19110 | Orc:2    | 19110 ||| Stepping ~*~*~tactically~*~*~ (stealth).
 19170 | Orc:2    | 19170 ||| BUYING scroll of brand weapon (123 gold).
 19170 | Orc:2    | Bought a scroll of brand weapon for 123 gold pieces
 19170 | Orc:2    | 19170 ||| BUYING scroll of teleportation (39 gold).
 19170 | Orc:2    | Bought a scroll of teleportation for 39 gold pieces
 19208 | Orc:2    | Noticed Erolcha
 19210 | Orc:2    | 19210 ||| INVOKING Heroism.
 19235 | Orc:2    | Killed Erolcha
 19256 | Orc:2    | 19256 ||| Stepping ~*~*~tactically~*~*~ (hiding).
 19258 | Orc:2    | 19258 ||| INVOKING Heroism.
 19261 | Orc:2    | 19261 ||| Stepping ~*~*~tactically~*~*~ (hiding).
 19291 | Orc:2    | 19291 ||| Stepping ~*~*~tactically~*~*~ (hiding).
 19294 | Orc:2    | 19294 ||| Stepping ~*~*~tactically~*~*~ (hiding).
 19297 | Orc:2    | 19297 ||| INVOKING Heroism.
 19337 | Orc:2    | 19337 ||| Stepping ~*~*~tactically~*~*~ (hiding).
 19351 | Orc:2    | 19351 ||| INVOKING Heroism.
 19356 | Orc:2    | Received a gift from Okawaru
 19384 | Orc:2    | Reached XP level 16. HP: 101/101 MP: 23/23
 19388 | Orc:2    | 19388 ||| INVOKING Heroism.
 19397 | Orc:2    | Reached skill level 12 in Fighting
 19458 | Orc:2    | Found Cuana's Armour Emporium.
 19461 | Orc:2    | Found Toimn's Antique Armour Emporium.
 19462 | Orc:2    | Found Xayn's General Store.
 19463 | Orc:2    | Found Pem Enar's Book Shoppe.
 19469 | Orc:2    | 19469 ||| BUYING glowing scarf (280 gold).
 19469 | Orc:2    | Bought a glowing scarf for 280 gold pieces
 19469 | Orc:2    | 19469 ||| BUYING shiny plate armour (910 gold).
 19469 | Orc:2    | Bought a shiny plate armour for 910 gold pieces
 19470 | Orc:2    | 19470 ||| BUYING potion of might (56 gold).
 19470 | Orc:2    | Bought a potion of might for 56 gold pieces
 19470 | Orc:2    | 19470 ||| BUYING potion of mutation (112 gold).
 19470 | Orc:2    | Bought a potion of mutation for 112 gold pieces
 19689 | Orc:2    | 19689 ||| PLANNING SNAKE:1-3
 19689 | Orc:2    | 19689 ||| UPGRADING to +2 plate armour of poison
                  | resistance.
 19699 | Orc:2    | 19699 ||| DROPPING +1 plate armour of poison resistance.
 19700 | Orc:2    | 19700 ||| DROPPING scarf of repulsion.
 19701 | Orc:2    | 19701 ||| UPGRADING to +1 plate armour of fire resistance.
 19821 | Snake:1  | Entered Level 1 of the Snake Pit
 19824 | Snake:1  | 19824 ||| INVOKING Heroism.
 19846 | Snake:1  | Reached skill level 6 in Throwing
 19853 | Snake:1  | Found Zyurph's Gadget Gallery.
 19894 | Snake:1  | 19894 ||| BUYING wand of digging (7) (382 gold).
 19894 | Snake:1  | Bought a wand of digging (7) for 382 gold pieces
 19959 | Snake:1  | 19959 ||| Stepping ~*~*~tactically~*~*~ (hiding).
 19981 | Snake:1  | 19981 ||| Stepping ~*~*~tactically~*~*~ (hiding).
 19989 | Snake:1  | 19989 ||| INVOKING Heroism.
 19993 | Snake:1  | 19993 ||| Stepping ~*~*~tactically~*~*~ (hiding).
 20028 | Snake:1  | 20028 ||| Stepping ~*~*~tactically~*~*~ (hiding).
 20066 | Snake:1  | 20066 ||| INVOKING Heroism.
 20134 | Snake:1  | 20134 ||| INVOKING Heroism.
 20151 | Snake:1  | Noticed Aizul
 20152 | Snake:1  | 20152 ||| INVOKING Finesse.
 20200 | Snake:1  | Killed Aizul
 20217 | Snake:1  | Received a gift from Okawaru
 20519 | Snake:1  | 20519 ||| DROPPING +2 morningstar of holy wrath.
 20574 | Snake:1  | 20574 ||| INVOKING Heroism.
 20804 | Snake:2  | Identified the +8 war axe "Piwemugg" {drain, rF+ rC+}
                  | (Okawaru gifted it to you on level 2 of the Snake Pit)
 20804 | Snake:2  | Received a gift from Okawaru
 20868 | Snake:2  | 20868 ||| Stepping ~*~*~tactically~*~*~ (hiding).
 20872 | Snake:2  | 20872 ||| INVOKING Heroism.
 20915 | Snake:2  | 20915 ||| INVOKING Heroism.
 20963 | Snake:2  | Reached skill level 12 in Armour
 20968 | Snake:2  | 20968 ||| INVOKING Heroism.
 21021 | Snake:2  | 21021 ||| Stepping ~*~*~tactically~*~*~ (hiding).
 21028 | Snake:2  | 21028 ||| INVOKING Heroism.
 21173 | Snake:2  | 21173 ||| Stepping ~*~*~tactically~*~*~ (hiding).
 21176 | Snake:2  | 21176 ||| INVOKING Heroism.
 21219 | Snake:2  | Identified the +4 scale mail of Kikubaaqudgha's Anger
                  | {Str+3}
 21230 | Snake:2  | Found Ysinlil's General Store.
 21233 | Snake:2  | Found Fut Uri's Antique Armour Shop.
 21235 | Snake:2  | Found Teent's Weapon Boutique.
 21241 | Snake:2  | 21241 ||| BUYING shiny chain mail (292 gold).
 21241 | Snake:2  | Bought a shiny chain mail for 292 gold pieces
 21314 | Snake:2  | 21314 ||| INVOKING Heroism.
 21327 | Snake:2  | Received a gift from Okawaru
 21354 | Snake:2  | 21354 ||| DROPPING +1 vorpal broad axe.
 21453 | Snake:2  | 21453 ||| Stepping ~*~*~tactically~*~*~ (hiding).
 21456 | Snake:2  | 21456 ||| Stepping ~*~*~tactically~*~*~ (hiding).
 21531 | Snake:2  | 21531 ||| Stepping ~*~*~tactically~*~*~ (hiding).
 21543 | Snake:2  | 21543 ||| INVOKING Heroism.
 21763 | Snake:3  | 21763 ||| Stepping ~*~*~tactically~*~*~ (hiding).
 21766 | Snake:3  | 21766 ||| Stepping ~*~*~tactically~*~*~ (hiding).
 21771 | Snake:3  | 21771 ||| INVOKING Heroism.
 21795 | Snake:3  | Reached XP level 17. HP: 108/108 MP: 24/24
 21829 | Snake:3  | 21829 ||| INVOKING Heroism.
 21884 | Snake:3  | Received a gift from Okawaru
 21938 | Snake:3  | Found Migojosu's Weapon Shoppe.
 21938 | Snake:3  | Found Den Roes's General Store.
 21952 | Snake:3  | 21952 ||| SHOPLISTING +6 ring of strength (540 gold, have
                  | 450).
 21952 | Snake:3  | 21952 ||| SHOPLISTING potion of experience (750 gold, have
                  | 450).
 21952 | Snake:3  | 21952 ||| BUYING potion of mutation (120 gold).
 21952 | Snake:3  | Bought a potion of mutation for 120 gold pieces
 21962 | Snake:3  | 21962 ||| INVOKING Heroism.
 22071 | Snake:3  | Noticed Nikola
 22072 | Snake:3  | 22072 ||| INVOKING Heroism.
 22073 | Snake:3  | 22073 ||| INVOKING Finesse.
 22074 | Snake:3  | 22074 ||| Stepping ~*~*~tactically~*~*~ (hiding).
 22084 | Snake:3  | HP: 18/108 [Nikola/arc of chain lightning (63)]
 22085 | Snake:3  | 22085 ||| READING 3 scrolls of teleportation.
 22086 | Snake:3  | 22086 ||| DRINKING 5 potions of heal wounds.
 22182 | Snake:3  | 22182 ||| INVOKING Heroism.
 22183 | Snake:3  | 22183 ||| INVOKING Finesse.
 22211 | Snake:3  | Killed Nikola
 22518 | Snake:3  | Found a large runed translucent door.
 22519 | Snake:3  | Found a large runed translucent door.
 22520 | Snake:3  | Noticed qw's ghost (adept GrFi)
 22620 | Snake:3  | 22620 ||| PLANNING SHOALS:1-3
 22620 | Snake:3  | 22620 ||| UPGRADING to +2 pair of gloves.
 22630 | Snake:3  | 22630 ||| DROPPING +1 pair of gloves.
 22745 | Shoals:1 | Entered Level 1 of the Shoals
 22746 | Shoals:1 | 22746 ||| INVOKING Heroism.
 22844 | Shoals:1 | 22844 ||| Stepping ~*~*~tactically~*~*~ (stealth).
 22858 | Shoals:1 | 22858 ||| INVOKING Heroism.
 22907 | Shoals:1 | Noticed Mlioglotl
 22908 | Shoals:1 | 22908 ||| INVOKING Heroism.
 22909 | Shoals:1 | 22909 ||| INVOKING Finesse.
 22940 | Shoals:1 | Killed Mlioglotl
 22984 | Shoals:1 | Identified the +1 ring mail "Rehe Zad" {+Inv Dex+5}
 23018 | Shoals:1 | 23018 ||| Stepping ~*~*~tactically~*~*~ (hiding).
 23019 | Shoals:1 | 23019 ||| Stepping ~*~*~tactically~*~*~ (hiding).
 23022 | Shoals:1 | 23022 ||| Stepping ~*~*~tactically~*~*~ (hiding).
 23024 | Shoals:1 | 23024 ||| Stepping ~*~*~tactically~*~*~ (hiding).
 23036 | Shoals:1 | 23036 ||| Stepping ~*~*~tactically~*~*~ (hiding).
 23038 | Shoals:1 | 23038 ||| Stepping ~*~*~tactically~*~*~ (hiding).
 23039 | Shoals:1 | 23039 ||| Stepping ~*~*~tactically~*~*~ (hiding).
 23061 | Shoals:1 | 23061 ||| Stepping ~*~*~tactically~*~*~ (hiding).
 23062 | Shoals:1 | 23062 ||| Stepping ~*~*~tactically~*~*~ (hiding).
 23242 | Shoals:1 | Received a gift from Okawaru
 23565 | Shoals:1 | Noticed Kirke
 23566 | Shoals:1 | 23566 ||| INVOKING Heroism.
 23575 | Shoals:1 | 23575 ||| DRINKING potion of cancellation.
 23586 | Shoals:1 | Killed Kirke
 23586 | Shoals:1 | Received a gift from Okawaru
 23693 | Shoals:1 | 23693 ||| Stepping ~*~*~tactically~*~*~ (stealth).
 23695 | Shoals:1 | 23695 ||| Stepping ~*~*~tactically~*~*~ (hiding).
 23698 | Shoals:1 | 23698 ||| Stepping ~*~*~tactically~*~*~ (hiding).
 23762 | Shoals:1 | 23762 ||| DROPPING scarf of shadows.
 23763 | Shoals:1 | 23763 ||| READING 20 scrolls of identify.
 23763 | Shoals:1 | 23763 ||| IDENTIFYING viscous red potion
 23764 | Shoals:1 | 23764 ||| DROPPING potion of flight.
 23784 | Shoals:2 | 23784 ||| INVOKING Heroism.
 23812 | Shoals:2 | 23812 ||| Stepping ~*~*~tactically~*~*~ (hiding).
 23813 | Shoals:2 | 23813 ||| Stepping ~*~*~tactically~*~*~ (hiding).
 23853 | Shoals:2 | 23853 ||| INVOKING Heroism.
 23854 | Shoals:2 | 23854 ||| INVOKING Finesse.
 23954 | Shoals:2 | 23954 ||| Waiting to end mesmerise (stuck).
 23955 | Shoals:2 | 23955 ||| Waiting to end mesmerise (stuck).
 23956 | Shoals:2 | 23956 ||| Waiting to end mesmerise (stuck).
 23957 | Shoals:2 | 23957 ||| Waiting to end mesmerise (stuck).
 23958 | Shoals:2 | 23958 ||| Waiting to end mesmerise (stuck).
 23959 | Shoals:2 | 23959 ||| Waiting to end mesmerise (stuck).
 23960 | Shoals:2 | 23960 ||| Waiting to end mesmerise (stuck).
 23961 | Shoals:2 | 23961 ||| Waiting to end mesmerise (stuck).
 23962 | Shoals:2 | 23962 ||| Waiting to end mesmerise (stuck).
 23963 | Shoals:2 | 23963 ||| Waiting to end mesmerise (stuck).
 23964 | Shoals:2 | 23964 ||| Waiting to end mesmerise (stuck).
 23981 | Shoals:2 | 23981 ||| INVOKING Heroism.
 24006 | Shoals:2 | 24006 ||| INVOKING Heroism.
 24064 | Shoals:2 | 24064 ||| INVOKING Heroism.
 24094 | Shoals:2 | 24094 ||| INVOKING Heroism.
 24429 | Shoals:2 | 24429 ||| INVOKING Heroism.
 24450 | Shoals:2 | Reached skill level 18 in Shields
 24523 | Shoals:2 | Found a runed translucent door.
 24524 | Shoals:2 | Noticed Ullipcorian's ghost (adept HOFi)
 24852 | Shoals:3 | 24852 ||| INVOKING Heroism.
 24853 | Shoals:3 | 24853 ||| INVOKING Finesse.
 24856 | Shoals:3 | Noticed Ilsuiw
 24914 | Shoals:3 | 24914 ||| INVOKING Heroism.
 25017 | Shoals:3 | 25017 ||| INVOKING Heroism.
 25034 | Shoals:3 | 25034 ||| INVOKING Finesse.
 25097 | Shoals:3 | 25097 ||| INVOKING Heroism.
 25154 | Shoals:3 | 25154 ||| Invisible monster not found???
 25187 | Shoals:3 | 25187 ||| INVOKING Heroism.
 25251 | Shoals:3 | 25251 ||| FLEEEEING.
 25252 | Shoals:3 | 25252 ||| FLEEEEING.
 25253 | Shoals:3 | 25253 ||| FLEEEEING.
 25258 | Shoals:3 | 25258 ||| INVOKING Heroism.
 25294 | Shoals:3 | 25294 ||| INVOKING Heroism.
 25340 | Shoals:3 | 25340 ||| INVOKING Heroism.
 25386 | Shoals:3 | Killed Ilsuiw
 25468 | Shoals:3 | Found Utiog's CLEARANCE SALE!.
 25478 | Shoals:3 | 25478 ||| Stepping ~*~*~tactically~*~*~ (hiding).
 25481 | Shoals:3 | 25481 ||| Stepping ~*~*~tactically~*~*~ (hiding).
 25484 | Shoals:3 | Found Xizatsen's Armour Shoppe.
 25526 | Shoals:3 | Noticed Donald
 25526 | Shoals:3 | Noticed Polyphemus
 25527 | Shoals:3 | 25527 ||| INVOKING Heroism.
 25559 | Shoals:3 | Killed Polyphemus
 25566 | Shoals:3 | 25566 ||| INVOKING Heroism.
 25575 | Shoals:3 | Killed Donald
 25576 | Shoals:3 | Reached XP level 18. HP: 97/116 MP: 23/25
 25592 | Shoals:3 | 25592 ||| DROPPING +2 war axe of flaming.
 25665 | Shoals:3 | 25665 ||| INVOKING Heroism.
 26267 | Shoals:3 | 26267 ||| PLANNING SNAKE:4
 26389 | Snake:4  | Entered Level 4 of the Snake Pit
 26404 | Snake:4  | 26404 ||| Stepping ~*~*~tactically~*~*~ (hiding).
 26405 | Snake:4  | 26405 ||| Stepping ~*~*~tactically~*~*~ (hiding).
 26414 | Snake:4  | 26414 ||| INVOKING Heroism.
 26415 | Snake:4  | Noticed Agnes
 26440 | Snake:4  | 26440 ||| INVOKING Finesse.
 26449 | Snake:4  | Killed Agnes
 26454 | Snake:4  | Noticed Louise
 26470 | Snake:4  | Reached skill level 15 in Fighting
 26472 | Snake:4  | Received a gift from Okawaru
 26474 | Snake:4  | 26474 ||| INVOKING Heroism.
 26573 | Snake:4  | Killed Louise
 27211 | Snake:4  | Noticed a quicksilver dragon
 27222 | Snake:4  | Noticed a quicksilver dragon
 27223 | Snake:4  | 27223 ||| Stepping ~*~*~tactically~*~*~ (hiding).
 27231 | Snake:4  | Killed a quicksilver dragon
 27231 | Snake:4  | Received a gift from Okawaru
 27244 | Snake:4  | 27244 ||| INVOKING Heroism.
 27261 | Snake:4  | HP: 25/119 [quicksilver dragon/bolt of dispelling energy
                  | (23)]
 27262 | Snake:4  | 27262 ||| READING 3 scrolls of teleportation.
 27263 | Snake:4  | 27263 ||| DRINKING 6 potions of heal wounds.
 27265 | Snake:4  | Killed a quicksilver dragon
 27266 | Snake:4  | Reached skill level 15 in Armour
 27369 | Snake:4  | Got a serpentine rune of Zot
 27694 | Snake:4  | 27694 ||| PLANNING VAULTS:1-4
 27694 | Snake:4  | 27694 ||| DROPPING +2 pair of gloves.
 27931 | Vaults:1 | Entered Level 1 of the Vaults
 27936 | Vaults:1 | 27936 ||| Stepping ~*~*~tactically~*~*~ (hiding).
 27938 | Vaults:1 | 27938 ||| Stepping ~*~*~tactically~*~*~ (stealth).
 27948 | Vaults:1 | 27948 ||| INVOKING Heroism.
 27954 | Vaults:1 | 27954 ||| INVOKING Finesse.
 27988 | Vaults:1 | Received a gift from Okawaru
 28060 | Vaults:1 | Reached skill level 6 in Dodging
 28137 | Vaults:1 | 28137 ||| INVOKING Heroism.
 28138 | Vaults:1 | 28138 ||| Stepping ~*~*~tactically~*~*~ (hiding).
 28208 | Vaults:1 | 28208 ||| Stepping ~*~*~tactically~*~*~ (hiding).
 28235 | Vaults:1 | 28235 ||| INVOKING Heroism.
 28275 | Vaults:1 | Received a gift from Okawaru
 28276 | Vaults:1 | Reached skill level 9 in Throwing
 28276 | Vaults:1 | 28276 ||| Stepping ~*~*~tactically~*~*~ (hiding).
 28552 | Vaults:1 | 28552 ||| Stepping ~*~*~tactically~*~*~ (stealth).
 28555 | Vaults:1 | 28555 ||| INVOKING Heroism.
 28579 | Vaults:1 | Received a gift from Okawaru
 28857 | Vaults:1 | 28857 ||| INVOKING Heroism.
 28858 | Vaults:1 | 28858 ||| Stepping ~*~*~tactically~*~*~ (stealth).
 28864 | Vaults:1 | Identified the +2 pair of gloves "Jotoh" {rC+ rCorr Str-2}
                  | (Okawaru gifted it to you on level 1 of the Vaults)
 28864 | Vaults:1 | Received a gift from Okawaru
 28876 | Vaults:1 | 28876 ||| Stepping ~*~*~tactically~*~*~ (stealth).
 28878 | Vaults:1 | Reached XP level 19. HP: 112/124 MP: 26/26
 28930 | Abyss:3  | Cast into level 3 of the Abyss (a deep elf demonologist)
 28989 | Abyss:3  | Gained mutation: Your magical capacity is low. (-10% MP) [a
                  | neqoxec]
 28996 | Abyss:3  | 28996 ||| INVOKING Heroism.
 28996 | Abyss:3  | Gained mutation: You are frail. (-10% HP) [a neqoxec]
 29028 | Abyss:3  | 29028 ||| Stepping ~*~*~tactically~*~*~ (stealth).
 29032 | Abyss:3  | 29032 ||| Stepping ~*~*~tactically~*~*~ (stealth).
 29037 | Abyss:3  | 29037 ||| Stepping ~*~*~tactically~*~*~ (stealth).
 29038 | Abyss:3  | 29038 ||| Stepping ~*~*~tactically~*~*~ (stealth).
 29045 | Abyss:3  | 29045 ||| INVOKING Heroism.
 29059 | Abyss:3  | 29059 ||| DRINKING 5 potions of mutation.
 29059 | Abyss:3  | Lost mutation: You have sharp toenails. [potion of
                  | mutation]
 29059 | Abyss:3  | Lost mutation: You are frail. (-10% HP) [potion of
                  | mutation]
 29059 | Abyss:3  | Gained mutation: You are weak. (Str -2) [potion of
                  | mutation]
 29059 | Abyss:3  | Lost mutation: You are weak. (Str -2) [potion of mutation]
 29059 | Abyss:3  | Gained mutation: You expend magic power (3 MP) to
                  | strengthen your wands. [potion of mutation]
 29091 | Abyss:3  | 29091 ||| INVOKING Heroism.
 29099 | Abyss:3  | 29099 ||| Stepping ~*~*~tactically~*~*~ (cloud).
 29103 | Abyss:3  | Paralysed by you for 3 turns
 29119 | Abyss:3  | 29119 ||| Stepping ~*~*~tactically~*~*~ (stealth).
 29129 | Abyss:3  | 29129 ||| Stepping ~*~*~tactically~*~*~ (stealth).
 29132 | Abyss:3  | 29132 ||| INVOKING Heroism.
 29156 | Abyss:3  | Paralysed by accursed screaming for 1 turns
 29190 | Abyss:3  | 29190 ||| INVOKING Heroism.
 29254 | Abyss:3  | 29254 ||| Stepping ~*~*~tactically~*~*~ (stealth).
 29260 | Abyss:3  | 29260 ||| Stepping ~*~*~tactically~*~*~ (stealth).
 29261 | Abyss:3  | 29261 ||| Stepping ~*~*~tactically~*~*~ (stealth).
 29281 | Abyss:3  | 29281 ||| Stepping ~*~*~tactically~*~*~ (stealth).
 29285 | Abyss:3  | 29285 ||| INVOKING Heroism.
 29294 | Abyss:3  | Paralysed by accursed screaming for 2 turns
 29299 | Abyss:3  | Paralysed by accursed screaming for 2 turns
 29309 | Abyss:3  | HP: 30/125 [starcursed mass/accursed screaming (14)]
 29310 | Abyss:3  | 29310 ||| READING 2 scrolls of teleportation.
 29311 | Abyss:3  | 29311 ||| DRINKING 5 potions of heal wounds.
 29311 | Abyss:3  | Paralysed by accursed screaming for 1 turns
 29312 | Abyss:3  | 29312 ||| DRINKING 4 potions of heal wounds.
 29330 | Abyss:3  | 29330 ||| Stepping ~*~*~tactically~*~*~ (stealth).
 29345 | Abyss:3  | 29345 ||| Stepping ~*~*~tactically~*~*~ (stealth).
 29348 | Abyss:3  | 29348 ||| Stepping ~*~*~tactically~*~*~ (stealth).
 29350 | Abyss:3  | 29350 ||| INVOKING Heroism.
 29403 | Abyss:3  | Gained mutation: You are clumsy. (Dex -2) [a neqoxec]
 29447 | Abyss:3  | 29447 ||| INVOKING Heroism.
 29469 | Vaults:1 | Escaped the Abyss
 29472 | Vaults:1 | Noticed a Brimstone Fiend
 29472 | Vaults:1 | 29472 ||| INVOKING Finesse.
 29752 | Vaults:1 | 29752 ||| INVOKING Heroism.
 29753 | Vaults:1 | 29753 ||| INVOKING Finesse.
 29819 | Vaults:1 | 29819 ||| INVOKING Finesse.
 30153 | Vaults:1 | 30153 ||| Stepping ~*~*~tactically~*~*~ (stealth).
 30166 | Vaults:1 | Received a gift from Okawaru
 30398 | Vaults:1 | 30398 ||| UPGRADING to +2 pair of gloves "Jotoh" {rC+ rCorr
                  | Str-2}.
 30421 | Vaults:2 | 30421 ||| PLANNING WIZLAB
 30434 | Vaults:2 | 30434 ||| Stepping ~*~*~tactically~*~*~ (hiding).
 30437 | Vaults:2 | 30437 ||| Stepping ~*~*~tactically~*~*~ (hiding).
 30460 | Vaults:2 | 30460 ||| INVOKING Heroism.
 30509 | Vaults:2 | 30509 ||| INVOKING Finesse.
 30531 | Vaults:2 | Received a gift from Okawaru
 30544 | Vaults:2 | 30544 ||| INVOKING Heroism.
 30655 | Vaults:2 | 30655 ||| Stepping ~*~*~tactically~*~*~ (hiding).
 30657 | Vaults:2 | 30657 ||| Stepping ~*~*~tactically~*~*~ (hiding).
 30659 | Vaults:2 | 30659 ||| Stepping ~*~*~tactically~*~*~ (hiding).
 30660 | Vaults:2 | 30660 ||| Stepping ~*~*~tactically~*~*~ (hiding).
 30740 | Vaults:2 | Found a staircase to the Crypt.
 30740 | Vaults:2 | Found an ancient bone altar of Kikubaaqudgha.
 30740 | Vaults:2 | Found a basalt altar of Yredelemnul.
 30772 | Vaults:2 | Identified the +6 long sword of Victory {vamp, rPois rF+
                  | Str+2 Stlth-}
 30863 | Vaults:2 | 30863 ||| INVOKING Heroism.
 30885 | Vaults:2 | 30885 ||| Stepping ~*~*~tactically~*~*~ (stealth).
 30886 | Vaults:2 | 30886 ||| Stepping ~*~*~tactically~*~*~ (stealth).
 30888 | Vaults:2 | 30888 ||| Stepping ~*~*~tactically~*~*~ (hiding).
 30890 | Vaults:2 | 30890 ||| Stepping ~*~*~tactically~*~*~ (hiding).
 30900 | Vaults:2 | Paralysed by a sphinx for 2 turns
 30951 | Vaults:2 | 30951 ||| Stepping ~*~*~tactically~*~*~ (hiding).
 30969 | Vaults:2 | 30969 ||| INVOKING Heroism.
 31015 | Vaults:2 | 31015 ||| Stepping ~*~*~tactically~*~*~ (hiding).
 31095 | Vaults:2 | 31095 ||| INVOKING Heroism.
 31096 | Vaults:2 | 31096 ||| INVOKING Finesse.
 31175 | Vaults:2 | 31175 ||| FLEEEEING.
 31198 | Vaults:2 | 31198 ||| INVOKING Heroism.
 31261 | Vaults:2 | 31261 ||| RIP WIZLAB
 31287 | Vaults:2 | 31287 ||| PLANNING VAULTS:1-4
 31288 | Vaults:2 | 31288 ||| FLEEEEING.
 31289 | Vaults:2 | 31289 ||| FLEEEEING.
 31290 | Vaults:2 | 31290 ||| FLEEEEING.
 31291 | Vaults:2 | 31291 ||| FLEEEEING.
 31292 | Vaults:2 | 31292 ||| FLEEEEING.
 31295 | Vaults:2 | 31295 ||| FLEEEEING.
 31296 | Vaults:2 | 31296 ||| FLEEEEING.
 31297 | Vaults:2 | 31297 ||| FLEEEEING.
 31301 | Vaults:2 | 31301 ||| FLEEEEING.
 31302 | Vaults:2 | 31302 ||| FLEEEEING.
 31303 | Vaults:2 | 31303 ||| FLEEEEING.
 31304 | Vaults:2 | 31304 ||| FLEEEEING.
 31305 | Vaults:2 | 31305 ||| FLEEEEING.
 31306 | Vaults:2 | 31306 ||| FLEEEEING.
 31307 | Vaults:2 | 31307 ||| FLEEEEING.
 31308 | Vaults:2 | 31308 ||| FLEEEEING.
 31309 | Vaults:2 | 31309 ||| FLEEEEING.
 31310 | Vaults:2 | 31310 ||| FLEEEEING.
 31316 | Vaults:2 | 31316 ||| FLEEEEING.
 31317 | Vaults:2 | 31317 ||| FLEEEEING.
 31318 | Vaults:2 | 31318 ||| FLEEEEING.
 31319 | Vaults:2 | 31319 ||| FLEEEEING.
 31320 | Vaults:2 | 31320 ||| FLEEEEING.
 31321 | Vaults:2 | 31321 ||| FLEEEEING.
 31322 | Vaults:2 | 31322 ||| Stepping ~*~*~tactically~*~*~ (hiding).
 31323 | Vaults:2 | 31323 ||| FLEEEEING.
 31324 | Vaults:2 | 31324 ||| INVOKING Heroism.
 31664 | Vaults:2 | 31664 ||| INVOKING Heroism.
 31688 | Vaults:2 | Reached XP level 20. HP: 134/134 MP: 24/24
 31738 | Vaults:2 | 31738 ||| INVOKING Heroism.
 32081 | Vaults:2 | 32081 ||| INVOKING Heroism.
 32157 | Vaults:2 | 32157 ||| READING scroll of acquirement.
 32157 | Vaults:2 | 32157 ||| ACQUIRING +6 broad axe of flaming
 32157 | Vaults:2 | Acquired a +6 broad axe of flaming
 32159 | Vaults:2 | 32159 ||| SWAPPING to +6 broad axe of flaming.
 32160 | Vaults:2 | 32160 ||| DROPPING +0 vampiric war axe.
 32161 | Vaults:2 | 32161 ||| DROPPING +1 broad axe of electrocution.
 32162 | Vaults:2 | 32162 ||| READING 3 scrolls of brand weapon.
 32162 | Vaults:2 | 32162 ||| BRANDING +6 broad axe of flaming.
 32483 | Vaults:2 | 32483 ||| DROPPING ring of positive energy.
 32484 | Vaults:2 | 32484 ||| UPGRADING to +4 ring of evasion.
 32486 | Vaults:2 | 32486 ||| DROPPING +6 ring of strength.
 32517 | Vaults:3 | 32517 ||| PLANNING DESOLATION
 32535 | Vaults:3 | 32535 ||| Stepping ~*~*~tactically~*~*~ (hiding).
 32536 | Vaults:3 | 32536 ||| Stepping ~*~*~tactically~*~*~ (stealth).
 32550 | Vaults:3 | Received a gift from Okawaru
 32555 | Vaults:3 | 32555 ||| Stepping ~*~*~tactically~*~*~ (stealth).
 32561 | Vaults:3 | 32561 ||| Stepping ~*~*~tactically~*~*~ (hiding).
 32618 | Vaults:3 | 32618 ||| INVOKING Heroism.
 32657 | Vaults:3 | 32657 ||| INVOKING Heroism.
 32740 | Vaults:3 | 32740 ||| INVOKING Heroism.
 32777 | Vaults:3 | 32777 ||| Stepping ~*~*~tactically~*~*~ (stealth).
 32778 | Vaults:3 | 32778 ||| Stepping ~*~*~tactically~*~*~ (stealth).
 32851 | Vaults:3 | 32851 ||| Stepping ~*~*~tactically~*~*~ (stealth).
 32896 | Vaults:3 | 32896 ||| Stepping ~*~*~tactically~*~*~ (stealth).
 32899 | Vaults:3 | 32899 ||| Stepping ~*~*~tactically~*~*~ (stealth).
 32902 | Vaults:3 | 32902 ||| Stepping ~*~*~tactically~*~*~ (stealth).
 32908 | Vaults:3 | 32908 ||| Stepping ~*~*~tactically~*~*~ (stealth).
 32951 | Vaults:3 | 32951 ||| Stepping ~*~*~tactically~*~*~ (stealth).
 32953 | Vaults:3 | 32953 ||| Stepping ~*~*~tactically~*~*~ (stealth).
 32955 | Vaults:3 | 32955 ||| Stepping ~*~*~tactically~*~*~ (stealth).
 32957 | Vaults:3 | 32957 ||| Stepping ~*~*~tactically~*~*~ (hiding).
 32961 | Vaults:3 | 32961 ||| INVOKING Heroism.
 33033 | Vaults:3 | 33033 ||| Stepping ~*~*~tactically~*~*~ (stealth).
 33035 | Vaults:3 | 33035 ||| Stepping ~*~*~tactically~*~*~ (stealth).
 33038 | Vaults:3 | 33038 ||| Stepping ~*~*~tactically~*~*~ (stealth).
 33050 | Vaults:3 | 33050 ||| INVOKING Heroism.
 33179 | Vaults:3 | 33179 ||| RIP DESOLATION
 33215 | Vaults:3 | 33215 ||| PLANNING VAULTS:1-4
 33254 | Vaults:3 | 33254 ||| DROPPING +2 chain mail of fire resistance.
 33255 | Vaults:3 | 33255 ||| UPGRADING to +2 helmet.
 33265 | Vaults:3 | 33265 ||| DROPPING +1 helmet.
 33380 | Vaults:3 | 33380 ||| Stepping ~*~*~tactically~*~*~ (stealth).
 33511 | Vaults:3 | 33511 ||| FLEEEEING.
 33512 | Vaults:3 | 33512 ||| FLEEEEING.
 33513 | Vaults:3 | 33513 ||| FLEEEEING.
 33514 | Vaults:3 | 33514 ||| FLEEEEING.
 33515 | Vaults:3 | 33515 ||| FLEEEEING.
 33516 | Vaults:3 | 33516 ||| FLEEEEING.
 33517 | Vaults:3 | 33517 ||| FLEEEEING.
 33518 | Vaults:3 | 33518 ||| FLEEEEING.
 33519 | Vaults:3 | 33519 ||| FLEEEEING.
 33520 | Vaults:3 | 33520 ||| FLEEEEING.
 33521 | Vaults:3 | 33521 ||| FLEEEEING.
 33522 | Vaults:3 | 33522 ||| FLEEEEING.
 33523 | Vaults:3 | 33523 ||| FLEEEEING.
 33524 | Vaults:3 | 33524 ||| FLEEEEING.
 33525 | Vaults:3 | 33525 ||| FLEEEEING.
 33526 | Vaults:3 | 33526 ||| FLEEEEING.
 33527 | Vaults:3 | 33527 ||| FLEEEEING.
 33528 | Vaults:3 | 33528 ||| FLEEEEING.
 33529 | Vaults:3 | 33529 ||| FLEEEEING.
 33530 | Vaults:3 | 33530 ||| FLEEEEING.
 33531 | Vaults:3 | 33531 ||| FLEEEEING.
 33532 | Vaults:3 | 33532 ||| FLEEEEING.
 33533 | Vaults:3 | 33533 ||| FLEEEEING.
 33534 | Vaults:3 | 33534 ||| FLEEEEING.
 33535 | Vaults:3 | 33535 ||| FLEEEEING.
 33536 | Vaults:3 | 33536 ||| FLEEEEING.
 33537 | Vaults:3 | 33537 ||| FLEEEEING.
 33538 | Vaults:3 | 33538 ||| FLEEEEING.
 33539 | Vaults:3 | 33539 ||| FLEEEEING.
 33540 | Vaults:3 | 33540 ||| FLEEEEING.
 33541 | Vaults:3 | 33541 ||| FLEEEEING.
 33542 | Vaults:3 | 33542 ||| FLEEEEING.
 33543 | Vaults:3 | 33543 ||| FLEEEEING.
 33544 | Vaults:3 | 33544 ||| FLEEEEING.
 33545 | Vaults:3 | 33545 ||| FLEEEEING.
 33546 | Vaults:3 | 33546 ||| FLEEEEING.
 33547 | Vaults:3 | 33547 ||| FLEEEEING.
 33548 | Vaults:3 | 33548 ||| FLEEEEING.
 33549 | Vaults:3 | 33549 ||| FLEEEEING.
 33550 | Vaults:3 | 33550 ||| FLEEEEING.
 33551 | Vaults:3 | 33551 ||| FLEEEEING.
 33552 | Vaults:3 | 33552 ||| FLEEEEING.
 33553 | Vaults:3 | 33553 ||| FLEEEEING.
 33554 | Vaults:3 | 33554 ||| FLEEEEING.
 33555 | Vaults:3 | 33555 ||| FLEEEEING.
 33565 | Vaults:3 | 33565 ||| STAIRDANCE
 33675 | Vaults:3 | 33675 ||| STAIRDANCE
 33781 | Vaults:3 | 33781 ||| Stepping ~*~*~tactically~*~*~ (hiding).
 34385 | Vaults:4 | 34385 ||| Stepping ~*~*~tactically~*~*~ (stealth).
 34387 | Vaults:4 | 34387 ||| Stepping ~*~*~tactically~*~*~ (hiding).
 34404 | Vaults:4 | 34404 ||| Stepping ~*~*~tactically~*~*~ (hiding).
 34405 | Vaults:4 | 34405 ||| Stepping ~*~*~tactically~*~*~ (hiding).
 34406 | Vaults:4 | 34406 ||| Stepping ~*~*~tactically~*~*~ (hiding).
 34426 | Vaults:4 | 34426 ||| Stepping ~*~*~tactically~*~*~ (hiding).
 34428 | Vaults:4 | 34428 ||| Stepping ~*~*~tactically~*~*~ (hiding).
 34438 | Vaults:4 | 34438 ||| Stepping ~*~*~tactically~*~*~ (hiding).
 34492 | Vaults:4 | 34492 ||| INVOKING Heroism.
 34532 | Vaults:4 | 34532 ||| FLEEEEING.
 34533 | Vaults:4 | 34533 ||| FLEEEEING.
 34534 | Vaults:4 | 34534 ||| FLEEEEING.
 34554 | Vaults:4 | 34554 ||| INVOKING Heroism.
 34687 | Vaults:4 | Found Wanaz's Armour Boutique.
 34719 | Vaults:4 | 34719 ||| INVOKING Heroism.
 34778 | Vaults:4 | 34778 ||| Stepping ~*~*~tactically~*~*~ (stealth).
 34808 | Vaults:4 | Reached skill level 18 in Axes
 34820 | Vaults:4 | Reached skill level 18 in Fighting
 34821 | Vaults:4 | 34821 ||| READING scroll labelled JEORRIFARO.
 34822 | Vaults:4 | 34822 ||| Stepping randomly (stuck).
 34823 | Vaults:4 | 34823 ||| Stepping randomly (stuck).
 34825 | Vaults:4 | 34825 ||| Stepping randomly (stuck).
 34826 | Vaults:4 | 34826 ||| Stepping randomly (stuck).
 34836 | Vaults:4 | 34836 ||| Stepping randomly (stuck).
 34837 | Vaults:4 | 34837 ||| Stepping randomly (stuck).
 34839 | Vaults:4 | 34839 ||| Stepping randomly (stuck).
 34840 | Vaults:4 | 34840 ||| Stepping randomly (stuck).
 34841 | Vaults:4 | 34841 ||| Stepping randomly (stuck).
 34842 | Vaults:4 | 34842 ||| Stepping randomly (stuck).
 34843 | Vaults:4 | 34843 ||| Stepping randomly (stuck).
 34844 | Vaults:4 | 34844 ||| Stepping randomly (stuck).
 34845 | Vaults:4 | 34845 ||| Stepping randomly (stuck).
 34846 | Vaults:4 | 34846 ||| Stepping randomly (stuck).
 34850 | Vaults:4 | 34850 ||| Stepping randomly (stuck).
 34851 | Vaults:4 | 34851 ||| Stepping randomly (stuck).
 34853 | Vaults:4 | 34853 ||| Stepping randomly (stuck).
 34855 | Vaults:4 | 34855 ||| Stepping randomly (stuck).
 34856 | Vaults:4 | 34856 ||| Stepping randomly (stuck).
 34857 | Vaults:4 | 34857 ||| Stepping randomly (stuck).
 34858 | Vaults:4 | 34858 ||| Stepping randomly (stuck).
 34859 | Vaults:4 | 34859 ||| Stepping randomly (stuck).
 34861 | Vaults:4 | 34861 ||| Stepping randomly (stuck).
 34862 | Vaults:4 | 34862 ||| Stepping randomly (stuck).
 34864 | Vaults:4 | 34864 ||| Stepping randomly (stuck).
 34866 | Vaults:4 | 34866 ||| Stepping randomly (stuck).
 34868 | Vaults:4 | 34868 ||| Stepping randomly (stuck).
 34869 | Vaults:4 | 34869 ||| Stepping randomly (stuck).
 34870 | Vaults:4 | 34870 ||| Stepping randomly (stuck).
 34871 | Vaults:4 | 34871 ||| Stepping randomly (stuck).
 34873 | Vaults:4 | 34873 ||| Stepping randomly (stuck).
 34875 | Vaults:4 | 34875 ||| Stepping randomly (stuck).
 34877 | Vaults:4 | 34877 ||| Stepping randomly (stuck).
 34879 | Vaults:4 | 34879 ||| Stepping randomly (stuck).
 34881 | Vaults:4 | 34881 ||| Stepping randomly (stuck).
 34882 | Vaults:4 | 34882 ||| Stepping randomly (stuck).
 34883 | Vaults:4 | 34883 ||| Stepping randomly (stuck).
 34884 | Vaults:4 | 34884 ||| Stepping randomly (stuck).
 34885 | Vaults:4 | 34885 ||| Stepping randomly (stuck).
 34888 | Vaults:4 | 34888 ||| Stepping randomly (stuck).
 34889 | Vaults:4 | 34889 ||| Stepping randomly (stuck).
 34890 | Vaults:4 | 34890 ||| Stepping randomly (stuck).
 34891 | Vaults:4 | 34891 ||| Stepping randomly (stuck).
 34892 | Vaults:4 | 34892 ||| Stepping randomly (stuck).
 34893 | Vaults:4 | 34893 ||| Stepping randomly (stuck).
 34895 | Vaults:4 | 34895 ||| Stepping randomly (stuck).
 34896 | Vaults:4 | 34896 ||| Stepping randomly (stuck).
 34897 | Vaults:4 | 34897 ||| Stepping randomly (stuck).
 34898 | Vaults:4 | 34898 ||| Stepping randomly (stuck).
 34899 | Vaults:4 | 34899 ||| Stepping randomly (stuck).
 34900 | Vaults:4 | 34900 ||| Stepping randomly (stuck).
 34901 | Vaults:4 | 34901 ||| READING scroll of teleportation.
 34939 | Vaults:4 | 34939 ||| Stepping ~*~*~tactically~*~*~ (hiding).
 34946 | Vaults:4 | Paralysed by a great orb of eyes for 4 turns
 34979 | Vaults:4 | 34979 ||| Stepping ~*~*~tactically~*~*~ (hiding).
 34994 | Vaults:4 | 34994 ||| Stepping randomly (stuck).
 34999 | Vaults:4 | 34999 ||| Stepping randomly (stuck).
 35001 | Vaults:4 | 35001 ||| Stepping randomly (stuck).
 35002 | Vaults:4 | 35002 ||| Stepping randomly (stuck).
 35008 | Vaults:4 | 35008 ||| Stepping ~*~*~tactically~*~*~ (hiding).
 35009 | Vaults:4 | 35009 ||| Stepping ~*~*~tactically~*~*~ (hiding).
 35014 | Vaults:4 | 35014 ||| Stepping ~*~*~tactically~*~*~ (hiding).
 35137 | Vaults:4 | 35137 ||| Stepping ~*~*~tactically~*~*~ (hiding).
 35138 | Vaults:4 | 35138 ||| Stepping ~*~*~tactically~*~*~ (hiding).
 35141 | Vaults:4 | 35141 ||| INVOKING Heroism.
 35238 | Vaults:4 | 35238 ||| Stepping ~*~*~tactically~*~*~ (hiding).
 35257 | Vaults:4 | Identified the +3 chain mail "Toqorej" {Slay-4 SInv Stlth+}
                  | (Okawaru gifted it to you on level 4 of the Vaults)
 35257 | Vaults:4 | Received a gift from Okawaru
 35267 | Vaults:4 | 35267 ||| Stepping ~*~*~tactically~*~*~ (hiding).
 35270 | Vaults:4 | 35270 ||| Stepping ~*~*~tactically~*~*~ (hiding).
 35363 | Vaults:4 | 35363 ||| Stepping ~*~*~tactically~*~*~ (hiding).
 35364 | Vaults:4 | 35364 ||| Stepping ~*~*~tactically~*~*~ (hiding).
 35366 | Vaults:4 | 35366 ||| Stepping ~*~*~tactically~*~*~ (hiding).
 35469 | Vaults:4 | 35469 ||| Stepping ~*~*~tactically~*~*~ (hiding).
 35471 | Vaults:4 | 35471 ||| Stepping ~*~*~tactically~*~*~ (hiding).
 35476 | Vaults:4 | 35476 ||| Stepping ~*~*~tactically~*~*~ (hiding).
 35477 | Vaults:4 | 35477 ||| INVOKING Heroism.
 35495 | Vaults:4 | 35495 ||| Stepping ~*~*~tactically~*~*~ (hiding).
 35656 | Vaults:4 | Identified the +0 leather armour "Utiffunt" {rF- Dex+4}
 35730 | Vaults:4 | 35730 ||| PLANNING SHOALS:4
 35730 | Vaults:4 | 35730 ||| DROPPING +3 chain mail "Toqorej" {Slay-4 SInv
                  | Stlth+}.
 36104 | Shoals:4 | Entered Level 4 of the Shoals
 36105 | Shoals:4 | 36105 ||| Stepping ~*~*~tactically~*~*~ (hiding).
 36124 | Shoals:4 | Reached skill level 18 in Armour
 36141 | Shoals:4 | 36141 ||| Stepping ~*~*~tactically~*~*~ (hiding).
 36146 | Shoals:4 | 36146 ||| INVOKING Heroism.
 36149 | Shoals:4 | Reached XP level 21. HP: 141/141 MP: 22/25
 36193 | Shoals:4 | 36193 ||| INVOKING Heroism.
 36194 | Shoals:4 | 36194 ||| Stepping ~*~*~tactically~*~*~ (hiding).
 36239 | Shoals:4 | 36239 ||| INVOKING Heroism.
 36316 | Shoals:4 | 36316 ||| Stepping ~*~*~tactically~*~*~ (hiding).
 36323 | Shoals:4 | Identified the +1 ring mail of the Lily {Contam rElec rN+++
                  | Stlth+}
 36327 | Shoals:4 | 36327 ||| INVOKING Heroism.
 36348 | Shoals:4 | 36348 ||| Stepping ~*~*~tactically~*~*~ (hiding).
 36359 | Shoals:4 | 36359 ||| Stepping ~*~*~tactically~*~*~ (hiding).
 36410 | Shoals:4 | 36410 ||| INVOKING Heroism.
 36551 | Shoals:4 | 36551 ||| Stepping ~*~*~tactically~*~*~ (hiding).
 36554 | Shoals:4 | 36554 ||| INVOKING Heroism.
 36642 | Shoals:4 | 36642 ||| INVOKING Heroism.
 36643 | Shoals:4 | 36643 ||| INVOKING Finesse.
 36706 | Shoals:4 | 36706 ||| Stepping ~*~*~tactically~*~*~ (stealth).
 36730 | Shoals:4 | 36730 ||| Stepping ~*~*~tactically~*~*~ (stealth).
 36745 | Shoals:4 | Got a barnacled rune of Zot
 36747 | Shoals:4 | Identified the +5 rapier of Gozag, Gazing {vorpal, rPois
                  | rC+}
 36764 | Shoals:4 | 36764 ||| Stepping ~*~*~tactically~*~*~ (hiding).
 36767 | Shoals:4 | 36767 ||| INVOKING Heroism.
 36854 | Shoals:4 | 36854 ||| Stepping ~*~*~tactically~*~*~ (hiding).
 37106 | Shoals:4 | 37106 ||| PLANNING DEPTHS
 37106 | Shoals:4 | 37106 ||| DROPPING +2 cloak of stealth.
 37107 | Shoals:4 | 37107 ||| DROPPING ring of magical power.
 37382 | Depths:1 | Entered Level 1 of the Depths
 37383 | Depths:1 | 37383 ||| INVOKING Heroism.
 37384 | Depths:1 | 37384 ||| INVOKING Finesse.
 37403 | Depths:1 | Received a gift from Okawaru
 37449 | Depths:1 | 37449 ||| INVOKING Heroism.
 37460 | Depths:1 | Received a gift from Okawaru
 37573 | Depths:1 | 37573 ||| INVOKING Heroism.
 37574 | Depths:1 | 37574 ||| INVOKING Finesse.
 37700 | Depths:1 | 37700 ||| INVOKING Heroism.
 37755 | Depths:1 | Received a gift from Okawaru
 37799 | Depths:1 | 37799 ||| Stepping ~*~*~tactically~*~*~ (hiding).
 37928 | Depths:1 | 37928 ||| Stepping ~*~*~tactically~*~*~ (stealth).
 37929 | Depths:1 | 37929 ||| Stepping ~*~*~tactically~*~*~ (stealth).
 37934 | Depths:1 | 37934 ||| Stepping ~*~*~tactically~*~*~ (hiding).
 37935 | Depths:1 | 37935 ||| Stepping ~*~*~tactically~*~*~ (hiding).
 37936 | Depths:1 | 37936 ||| Stepping ~*~*~tactically~*~*~ (hiding).
 37937 | Depths:1 | 37937 ||| Stepping ~*~*~tactically~*~*~ (hiding).
 37940 | Depths:1 | 37940 ||| Stepping ~*~*~tactically~*~*~ (hiding).
 37971 | Depths:1 | 37971 ||| Stepping ~*~*~tactically~*~*~ (stealth).
 37977 | Depths:1 | 37977 ||| Stepping ~*~*~tactically~*~*~ (stealth).
 37978 | Depths:1 | 37978 ||| Stepping ~*~*~tactically~*~*~ (stealth).
 38080 | Depths:1 | Found an ornate altar of the Wu Jian Council.
 38227 | Depths:1 | Found a gateway to Hell.
 38329 | Depths:1 | 38329 ||| DROPPING +3 chain mail of positive energy.
 38379 | Depths:2 | 38379 ||| INVOKING Finesse.
 38388 | Depths:2 | 38388 ||| Stepping ~*~*~tactically~*~*~ (stealth).
 38392 | Depths:2 | 38392 ||| Stepping ~*~*~tactically~*~*~ (stealth).
 38446 | Depths:2 | 38446 ||| Stepping ~*~*~tactically~*~*~ (stealth).
 38448 | Depths:2 | 38448 ||| Stepping ~*~*~tactically~*~*~ (hiding).
 38449 | Depths:2 | 38449 ||| Stepping ~*~*~tactically~*~*~ (hiding).
 38455 | Depths:2 | 38455 ||| INVOKING Heroism.
 38461 | Depths:2 | Received a gift from Okawaru
 38466 | Depths:2 | 38466 ||| INVOKING Finesse.
 38522 | Depths:2 | 38522 ||| Stepping ~*~*~tactically~*~*~ (stealth).
 38533 | Depths:2 | 38533 ||| Stepping ~*~*~tactically~*~*~ (stealth).
 38567 | Depths:2 | 38567 ||| INVOKING Heroism.
 38595 | Depths:2 | Identified the +8 battleaxe of Objectivity {drain, rF+
                  | rCorr Dex+3} (Okawaru gifted it to you on level 2 of the
                  | Depths)
 38595 | Depths:2 | Received a gift from Okawaru
 38614 | Depths:2 | 38614 ||| INVOKING Heroism.
 38638 | Depths:2 | 38638 ||| FLEEEEING.
 38677 | Depths:2 | 38677 ||| INVOKING Heroism.
 38678 | Depths:2 | 38678 ||| INVOKING Finesse.
 38682 | Depths:2 | Reached XP level 22. HP: 149/149 MP: 18/26
 38736 | Depths:2 | Identified the +6 plate armour of Light {rC+ Will++ Regen+
                  | rCorr}
 38817 | Depths:2 | Found Xasut's Book Boutique.
 38880 | Depths:2 | You are sucked into a shaft and drop 1 floor!
 38942 | Depths:3 | 38942 ||| Stepping ~*~*~tactically~*~*~ (stealth).
 39000 | Depths:3 | 39000 ||| INVOKING Heroism.
 39001 | Depths:3 | 39001 ||| INVOKING Finesse.
 39052 | Depths:3 | 39052 ||| INVOKING Heroism.
 39053 | Depths:3 | 39053 ||| INVOKING Finesse.
 39055 | Depths:3 | 39055 ||| DRINKING 18 potions of curing.
 39055 | Depths:3 | 39055 ||| (to cure confusion)
 39059 | Depths:3 | 39059 ||| DRINKING 17 potions of curing.
 39059 | Depths:3 | 39059 ||| (to cure confusion)
 39059 | Depths:3 | Noticed a golden dragon
 39086 | Depths:3 | Killed a golden dragon
 39131 | Depths:3 | 39131 ||| INVOKING Heroism.
 39150 | Depths:3 | 39150 ||| Stepping ~*~*~tactically~*~*~ (hiding).
 39158 | Depths:3 | Received a gift from Okawaru
 39177 | Depths:3 | 39177 ||| INVOKING Finesse.
 39179 | Depths:3 | 39179 ||| INVOKING Heroism.
 39229 | Depths:3 | 39229 ||| Stepping ~*~*~tactically~*~*~ (hiding).
 39230 | Depths:3 | 39230 ||| Stepping ~*~*~tactically~*~*~ (hiding).
 39232 | Depths:3 | 39232 ||| Stepping ~*~*~tactically~*~*~ (stealth).
 39282 | Depths:3 | 39282 ||| INVOKING Finesse.
 39287 | Depths:3 | 39287 ||| INVOKING Heroism.
 39337 | Depths:3 | 39337 ||| DROPPING +0 acid dragon scales.
 39338 | Depths:3 | 39338 ||| DROPPING +0 ice dragon scales.
 39339 | Depths:3 | 39339 ||| DROPPING +2 plate armour of poison resistance.
 39340 | Depths:3 | 39340 ||| UPGRADING to +6 plate armour of Light {rC+ Will++
                  | Regen+ rCorr}.
 39350 | Depths:3 | 39350 ||| DROPPING +1 plate armour of fire resistance.
 39351 | Depths:3 | 39351 ||| UPGRADING to +2 pair of gloves.
 39361 | Depths:3 | 39361 ||| DROPPING +1 chain mail of cold resistance.
 39362 | Depths:3 | 39362 ||| READING 24 scrolls of identify.
 39362 | Depths:3 | 39362 ||| IDENTIFYING blue potion
 39363 | Depths:3 | 39363 ||| DROPPING 27 boomerangs.
 39364 | Depths:3 | 39364 ||| DROPPING 7 silver boomerangs.
 39365 | Depths:3 | 39365 ||| DROPPING boomerang of dispersal.
 39374 | Depths:2 | Found Faq Cuo's Antique Weapon Boutique.
 39396 | Depths:2 | Found Mex Ryv's Book Shop.
 39471 | Depths:2 | 39471 ||| INVOKING Heroism.
 39472 | Depths:2 | 39472 ||| INVOKING Finesse.
 39496 | Depths:2 | 39496 ||| Stepping ~*~*~tactically~*~*~ (stealth).
 39512 | Depths:2 | 39512 ||| Stepping ~*~*~tactically~*~*~ (stealth).
 39514 | Depths:2 | 39514 ||| Stepping ~*~*~tactically~*~*~ (hiding).
 39520 | Depths:2 | 39520 ||| INVOKING Heroism.
 39523 | Depths:2 | Found a one-way gate leading to the halls of Pandemonium.
 39526 | Depths:2 | 39526 ||| INVOKING Finesse.
 39572 | Depths:2 | 39572 ||| Stepping ~*~*~tactically~*~*~ (stealth).
 39585 | Depths:2 | Found a transporter.
 39616 | Depths:2 | 39616 ||| INVOKING Heroism.
 39617 | Depths:2 | 39617 ||| INVOKING Finesse.
 39663 | Depths:2 | Found a transporter.
 39690 | Depths:2 | 39690 ||| Stepping ~*~*~tactically~*~*~ (hiding).
 39799 | Depths:2 | 39799 ||| Stepping ~*~*~tactically~*~*~ (stealth).
 39810 | Depths:2 | 39810 ||| Stepping ~*~*~tactically~*~*~ (stealth).
 39812 | Depths:2 | 39812 ||| Stepping ~*~*~tactically~*~*~ (stealth).
 39817 | Depths:2 | Received a gift from Okawaru
 39882 | Depths:2 | 39882 ||| INVOKING Heroism.
 39885 | Depths:2 | 39885 ||| INVOKING Finesse.
 40150 | Depths:3 | 40150 ||| STAIRDANCE
 40170 | Depths:3 | 40170 ||| STAIRDANCE
 40233 | Depths:3 | 40233 ||| INVOKING Heroism.
 40261 | Depths:3 | Noticed a golden dragon
 40264 | Depths:3 | 40264 ||| Stepping ~*~*~tactically~*~*~ (hiding).
 40268 | Depths:3 | 40268 ||| INVOKING Heroism.
 40271 | Depths:3 | Killed a golden dragon
 40272 | Depths:3 | 40272 ||| Stepping ~*~*~tactically~*~*~ (hiding).
 40274 | Depths:3 | 40274 ||| Stepping ~*~*~tactically~*~*~ (hiding).
 40312 | Depths:3 | 40312 ||| Stepping ~*~*~tactically~*~*~ (stealth).
 40332 | Depths:3 | 40332 ||| INVOKING Heroism.
 40345 | Depths:3 | Found a one-way gate to the infinite horrors of the Abyss.
 40384 | Depths:3 | 40384 ||| INVOKING Heroism.
 40463 | Depths:3 | 40463 ||| Stepping ~*~*~tactically~*~*~ (stealth).
 40724 | Depths:3 | Found a one-way gateway to a ziggurat.
 40838 | Depths:3 | 40838 ||| INVOKING Heroism.
 40851 | Depths:3 | 40851 ||| Stepping randomly (cloudy).
 40852 | Depths:3 | 40852 ||| Stepping randomly (cloudy).
 41184 | Depths:4 | Entered Level 4 of the Depths
 41203 | Depths:4 | 41203 ||| INVOKING Heroism.
 41206 | Depths:4 | 41206 ||| Stepping ~*~*~tactically~*~*~ (stealth).
 41226 | Depths:4 | 41226 ||| Stepping ~*~*~tactically~*~*~ (stealth).
 41250 | Depths:4 | 41250 ||| Stepping ~*~*~tactically~*~*~ (hiding).
 41281 | Depths:4 | 41281 ||| Stepping ~*~*~tactically~*~*~ (hiding).
 41286 | Depths:4 | 41286 ||| Stepping ~*~*~tactically~*~*~ (hiding).
 41307 | Depths:4 | Received a gift from Okawaru
 41338 | Depths:4 | 41338 ||| FLEEEEING.
 41340 | Depths:4 | 41340 ||| FLEEEEING.
 41341 | Depths:4 | 41341 ||| FLEEEEING.
 41342 | Depths:4 | 41342 ||| FLEEEEING.
 41343 | Depths:4 | 41343 ||| FLEEEEING.
 41344 | Depths:4 | 41344 ||| FLEEEEING.
 41345 | Depths:4 | 41345 ||| FLEEEEING.
 41346 | Depths:4 | 41346 ||| FLEEEEING.
 41347 | Depths:4 | 41347 ||| FLEEEEING.
 41348 | Depths:4 | 41348 ||| FLEEEEING.
 41349 | Depths:4 | 41349 ||| FLEEEEING.
 41350 | Depths:4 | 41350 ||| STAIRDANCE
 41456 | Depths:4 | 41456 ||| STAIRDANCE
 41458 | Depths:3 | 41458 ||| INVOKING Heroism.
 41466 | Depths:3 | Reached skill level 21 in Shields
 41474 | Depths:4 | 41474 ||| STAIRDANCE
 41513 | Depths:4 | 41513 ||| STAIRDANCE
 41533 | Depths:4 | 41533 ||| STAIRDANCE
 41573 | Depths:4 | 41573 ||| READING scroll of enchant weapon.
 41573 | Depths:4 | 41573 ||| ENCHANTING +6 vampiric broad axe.
 41697 | Depths:4 | 41697 ||| Stepping ~*~*~tactically~*~*~ (stealth).
 41699 | Depths:4 | 41699 ||| Stepping ~*~*~tactically~*~*~ (hiding).
 41702 | Depths:4 | 41702 ||| INVOKING Heroism.
 41742 | Depths:4 | 41742 ||| INVOKING Heroism.
 41746 | Depths:4 | Received a gift from Okawaru
 41756 | Depths:4 | 41756 ||| Stepping ~*~*~tactically~*~*~ (hiding).
 41763 | Depths:4 | Reached XP level 23. HP: 158/158 MP: 27/27
 41778 | Depths:4 | Found a gate to the Realm of Zot.
 41831 | Depths:4 | 41831 ||| Stepping ~*~*~tactically~*~*~ (stealth).
 41833 | Depths:4 | 41833 ||| INVOKING Heroism.
 41860 | Depths:4 | Found a sacrificial altar of Ru.
 41926 | Depths:4 | 41926 ||| INVOKING Heroism.
 42093 | Depths:4 | 42093 ||| Stepping ~*~*~tactically~*~*~ (hiding).
 42094 | Depths:4 | 42094 ||| Stepping ~*~*~tactically~*~*~ (hiding).
 42095 | Depths:4 | 42095 ||| Stepping ~*~*~tactically~*~*~ (hiding).
 42213 | Depths:4 | 42213 ||| Stepping ~*~*~tactically~*~*~ (hiding).
 42218 | Depths:4 | 42218 ||| INVOKING Heroism.
 42520 | Depths:4 | 42520 ||| PLANNING VAULTS:5
 42839 | Vaults:5 | Entered Level 5 of the Vaults
 42840 | Vaults:5 | 42840 ||| INVOKING Heroism.
 42841 | Vaults:5 | 42841 ||| STAIRDANCE
 42868 | Vaults:5 | Noticed Margery
 42869 | Vaults:5 | 42869 ||| DRINKING 3 potions of resistance.
 42872 | Vaults:5 | Reached skill level 21 in Fighting
 42880 | Vaults:5 | Received a gift from Okawaru
 42883 | Vaults:5 | 42883 ||| INVOKING Heroism.
 42900 | Abyss:4  | Cast into level 4 of the Abyss (Margery)
 42908 | Abyss:4  | Found a corrupted altar of Lugonu.
 42918 | Abyss:4  | 42918 ||| Stepping ~*~*~tactically~*~*~ (hiding).
 42957 | Abyss:4  | 42957 ||| Stepping ~*~*~tactically~*~*~ (hiding).
 42974 | Abyss:4  | 42974 ||| Stepping ~*~*~tactically~*~*~ (stealth).
 42975 | Abyss:4  | 42975 ||| Stepping ~*~*~tactically~*~*~ (stealth).
 42976 | Abyss:4  | 42976 ||| Stepping ~*~*~tactically~*~*~ (stealth).
 42994 | Abyss:4  | Reached skill level 12 in Throwing
 42998 | Abyss:4  | 42998 ||| Stepping ~*~*~tactically~*~*~ (stealth).
 43016 | Abyss:4  | 43016 ||| Stepping ~*~*~tactically~*~*~ (hiding).
 43018 | Abyss:4  | 43018 ||| Stepping ~*~*~tactically~*~*~ (hiding).
 43021 | Abyss:4  | 43021 ||| INVOKING Heroism.
 43045 | Abyss:4  | 43045 ||| Stepping ~*~*~tactically~*~*~ (stealth).
 43049 | Abyss:4  | 43049 ||| Stepping ~*~*~tactically~*~*~ (stealth).
 43050 | Abyss:4  | 43050 ||| Stepping ~*~*~tactically~*~*~ (stealth).
 43068 | Abyss:4  | 43068 ||| Stepping ~*~*~tactically~*~*~ (stealth).
 43085 | Abyss:4  | 43085 ||| INVOKING Heroism.
 43106 | Vaults:5 | Escaped the Abyss
 43106 | Vaults:5 | Noticed a dread lich
 43107 | Vaults:5 | 43107 ||| DRINKING 2 potions of resistance.
 43108 | Vaults:5 | 43108 ||| INVOKING Finesse.
 43114 | Vaults:5 | Noticed a dread lich
 43148 | Vaults:5 | Killed a dread lich
 43148 | Vaults:5 | Received a gift from Okawaru
 43155 | Vaults:5 | Noticed Xtahua
 43157 | Vaults:5 | Killed a dread lich
 43177 | Vaults:5 | Killed Xtahua
 43178 | Vaults:5 | Reached skill level 21 in Armour
 43184 | Vaults:5 | 43184 ||| INVOKING Finesse.
 43186 | Vaults:5 | Killed Margery
 43207 | Vaults:5 | Received a gift from Okawaru
 43218 | Vaults:5 | Noticed a golden dragon
 43225 | Vaults:5 | 43225 ||| INVOKING Heroism.
 43246 | Vaults:5 | Killed a golden dragon
 43251 | Vaults:5 | 43251 ||| INVOKING Finesse.
 43350 | Vaults:5 | 43350 ||| Stepping ~*~*~tactically~*~*~ (stealth).
 43355 | Vaults:5 | 43355 ||| Stepping ~*~*~tactically~*~*~ (hiding).
 43357 | Vaults:5 | 43357 ||| INVOKING Heroism.
 43370 | Vaults:5 | Received a gift from Okawaru
 43381 | Vaults:5 | 43381 ||| INVOKING Finesse.
 43392 | Vaults:5 | Noticed an ancient lich
 43396 | Vaults:5 | Reached XP level 24. HP: 156/168 MP: 23/27
 43408 | Vaults:5 | Reached skill level 9 in Dodging
 43418 | Vaults:5 | Killed an ancient lich
 43431 | Vaults:5 | 43431 ||| DROPPING +5 vampiric broad axe.
 43566 | Vaults:5 | 43566 ||| INVOKING Heroism.
 43635 | Vaults:5 | 43635 ||| Stepping ~*~*~tactically~*~*~ (hiding).
 43644 | Vaults:5 | 43644 ||| Stepping ~*~*~tactically~*~*~ (hiding).
 43646 | Vaults:5 | 43646 ||| INVOKING Heroism.
 43666 | Vaults:5 | 43666 ||| Stepping ~*~*~tactically~*~*~ (hiding).
 43801 | Vaults:5 | Found Jauxot's Magic Scroll Shoppe.
 43812 | Vaults:5 | 43812 ||| Stepping ~*~*~tactically~*~*~ (hiding).
 43838 | Vaults:5 | 43838 ||| BUYING scroll of acquirement (1196 gold).
 43838 | Vaults:5 | Bought a scroll of acquirement for 1196 gold pieces
 43838 | Vaults:5 | 43838 ||| BUYING scroll of enchant weapon (172 gold).
 43838 | Vaults:5 | Bought a scroll of enchant weapon for 172 gold pieces
 43838 | Vaults:5 | 43838 ||| BUYING scroll of teleportation (69 gold).
 43838 | Vaults:5 | Bought a scroll of teleportation for 69 gold pieces
 43838 | Vaults:5 | 43838 ||| READING scroll of acquirement.
 43838 | Vaults:5 | 43838 ||| ACQUIRING 853 gold pieces
 43838 | Vaults:5 | Acquired 853 gold pieces
 43840 | Vaults:5 | 43840 ||| READING scroll of enchant weapon.
 43840 | Vaults:5 | 43840 ||| ENCHANTING +7 vampiric broad axe.
 43881 | Vaults:5 | 43881 ||| Stepping ~*~*~tactically~*~*~ (hiding).
 43884 | Vaults:5 | 43884 ||| INVOKING Heroism.
 43914 | Vaults:5 | Gained mutation: You have sharp toenails. [mutagenic glow]
 43926 | Vaults:5 | Gained mutation: You are frail. (-10% HP) [mutagenic glow]
 43927 | Vaults:5 | 43927 ||| DRINKING 5 potions of mutation.
 43927 | Vaults:5 | Lost mutation: Your magical capacity is low. (-10% MP)
                  | [potion of mutation]
 43927 | Vaults:5 | Lost mutation: You are clumsy. (Dex -2) [potion of
                  | mutation]
 43927 | Vaults:5 | Gained mutation: You are partially covered in iridescent
                  | scales. (AC +2) [potion of mutation]
 43927 | Vaults:5 | Gained mutation: You are very frail. (-20% HP) [potion of
                  | mutation]
 43928 | Vaults:5 | 43928 ||| DRINKING 4 potions of mutation.
 43928 | Vaults:5 | Lost mutation: You are partially covered in iridescent
                  | scales. (AC +2) [potion of mutation]
 43928 | Vaults:5 | Lost mutation: You have sharp toenails. [potion of
                  | mutation]
 43928 | Vaults:5 | Lost mutation: You expend magic power (3 MP) to strengthen
                  | your wands. [potion of mutation]
 43928 | Vaults:5 | Gained mutation: You are partially covered in large bone
                  | plates. (SH +4) [potion of mutation]
 43928 | Vaults:5 | Gained mutation: Your muscles are strong. (Str +4, Int/Dex
                  | -1) [potion of mutation]
 43928 | Vaults:5 | Gained mutation: You are dopey. (Int -2) [potion of
                  | mutation]
 43929 | Vaults:5 | 43929 ||| DRINKING 3 potions of mutation.
 43929 | Vaults:5 | Lost mutation: You are dopey. (Int -2) [potion of mutation]
 43929 | Vaults:5 | Lost mutation: You are very frail. (-20% HP) [potion of
                  | mutation]
 43929 | Vaults:5 | Lost mutation: You are frail. (-10% HP) [potion of
                  | mutation]
 43929 | Vaults:5 | Gained mutation: Armour fits poorly on your strangely
                  | shaped body. [potion of mutation]
 43929 | Vaults:5 | Gained mutation: You have large cloven feet. [potion of
                  | mutation]
 43944 | Vaults:5 | Gained mutation: You are clumsy. (Dex -2) [mutagenic glow]
 43946 | Vaults:5 | 43946 ||| DRINKING 2 potions of mutation.
 43946 | Vaults:5 | Lost mutation: Armour fits poorly on your strangely shaped
                  | body. [potion of mutation]
 43946 | Vaults:5 | Lost mutation: You are clumsy. (Dex -2) [potion of
                  | mutation]
 43946 | Vaults:5 | Lost mutation: You are partially covered in large bone
                  | plates. (SH +4) [potion of mutation]
 43946 | Vaults:5 | Gained mutation: You are clumsy. (Dex -2) [potion of
                  | mutation]
 43946 | Vaults:5 | Gained mutation: You possess an exceptional clarity of
                  | mind. [potion of mutation]
 43963 | Vaults:5 | Gained mutation: Your spells are a little easier to cast,
                  | but a little less powerful. [mutagenic glow]
 44005 | Vaults:5 | Found the +4 robe of Folly {Brilliance Will-∞ Int+8}
 44012 | Vaults:5 | Identified the +0 ring mail "Luthait" {Int+6}
 44118 | Vaults:5 | Got a silver rune of Zot
 44267 | Vaults:5 | 44267 ||| INVOKING Heroism.
 44298 | Vaults:5 | 44298 ||| READING scroll of acquirement.
 44298 | Vaults:5 | 44298 ||| ACQUIRING 1109 gold pieces
 44298 | Vaults:5 | Acquired 1109 gold pieces
 44403 | Vaults:5 | 44403 ||| INVOKING Heroism.
 44643 | Vaults:5 | Identified the +5 shortbow of Famine {venom, Fly rN+++ MP+9
                  | Str-4}
 44715 | Vaults:5 | Received a gift from Okawaru
 44745 | Vaults:5 | Identified the +9 great sword of Tietaom {vorpal, rN+
                  | Dex+5}
 44745 | Vaults:5 | Identified the +1 leather armour "Appim" {Rampage rPois
                  | Dex-2 Slay+2}
 44763 | Vaults:5 | Received a gift from Okawaru
 44765 | Vaults:5 | Found the +7 great mace "Firestarter" {inner flame, rF++}
 44765 | Vaults:5 | Found the +0 pair of fencer's gloves {Riposte Dex+3}
 44769 | Vaults:5 | Identified the +5 chain mail "Lywk" {rC+}
 44782 | Vaults:5 | Identified the +7 broad axe of Geasic {vorpal, rF++ Dex+2
                  | Stlth-}
 44862 | Vaults:5 | 44862 ||| PLANNING SHOPPING SPREE
 44862 | Vaults:5 | 44862 ||| UPGRADING to +2 pair of gloves of dexterity.
 44872 | Vaults:5 | 44872 ||| DROPPING +2 pair of gloves.
 44873 | Vaults:5 | 44873 ||| DROPPING amulet of faith.
 44874 | Vaults:5 | 44874 ||| DROPPING ring of willpower.
 44875 | Vaults:5 | 44875 ||| DROPPING ring of wizardry.
 45234 | Snake:3  | 45234 ||| BUYING potion of experience (750 gold).
 45234 | Snake:3  | Bought a potion of experience for 750 gold pieces
 45234 | Snake:3  | 45234 ||| DRINKING potion of experience.
 45234 | Snake:3  | Reached XP level 25. HP: 173/173 MP: 30/30
 45262 | Snake:3  | 45262 ||| PLANNING ZOT:1-4
 45619 | Zot:1    | Entered Level 1 of the Realm of Zot
 45620 | Zot:1    | 45620 ||| SWAPPING to +7 broad axe of Geasic {vorpal, rF++
                  | Dex+2 Stlth-}.
 45623 | Zot:1    | Noticed a Killer Klown
 45624 | Zot:1    | 45624 ||| INVOKING Heroism.
 45625 | Zot:1    | 45625 ||| INVOKING Finesse.
 45635 | Zot:1    | Killed a Killer Klown
 45669 | Zot:1    | Noticed a Killer Klown
 45669 | Zot:1    | 45669 ||| INVOKING Finesse.
 45669 | Zot:1    | Noticed an ancient lich
 45695 | Zot:1    | Killed an ancient lich
 45716 | Zot:1    | Killed a Killer Klown
 45749 | Zot:1    | 45749 ||| INVOKING Heroism.
 45834 | Zot:1    | 45834 ||| INVOKING Heroism.
 45851 | Zot:1    | Received a gift from Okawaru
 46028 | Zot:1    | 46028 ||| Stepping ~*~*~tactically~*~*~ (hiding).
 46044 | Zot:1    | 46044 ||| Stepping ~*~*~tactically~*~*~ (hiding).
 46048 | Zot:1    | 46048 ||| Stepping ~*~*~tactically~*~*~ (hiding).
 46052 | Zot:1    | 46052 ||| INVOKING Heroism.
 46345 | Zot:1    | 46345 ||| INVOKING Heroism.
 46470 | Zot:1    | 46470 ||| INVOKING Heroism.
 46501 | Zot:1    | 46501 ||| INVOKING Heroism.
 46541 | Zot:1    | Identified the +9 mace of Crystal {venom, rN+ rCorr Str+6
                  | Int-3}
 46789 | Zot:1    | Received a gift from Okawaru
 47042 | Zot:1    | 47042 ||| Stepping ~*~*~tactically~*~*~ (hiding).
 47049 | Zot:1    | 47049 ||| INVOKING Heroism.
 47201 | Zot:1    | 47201 ||| DROPPING +1 helmet.
 47222 | Zot:2    | 47222 ||| STAIRDANCE
 47232 | Zot:1    | 47232 ||| Stepping ~*~*~tactically~*~*~ (cloud).
 47317 | Zot:2    | 47317 ||| INVOKING Heroism.
 47335 | Zot:2    | 47335 ||| Stepping ~*~*~tactically~*~*~ (hiding).
 47368 | Zot:2    | 47368 ||| Stepping ~*~*~tactically~*~*~ (stealth).
 47502 | Zot:2    | 47502 ||| Stepping ~*~*~tactically~*~*~ (hiding).
 47568 | Zot:2    | 47568 ||| Stepping ~*~*~tactically~*~*~ (stealth).
 47589 | Zot:2    | 47589 ||| Stepping ~*~*~tactically~*~*~ (stealth).
 47591 | Zot:2    | 47591 ||| Stepping ~*~*~tactically~*~*~ (hiding).
 47594 | Zot:2    | 47594 ||| Stepping ~*~*~tactically~*~*~ (hiding).
 47595 | Zot:2    | 47595 ||| INVOKING Heroism.
 47649 | Zot:2    | 47649 ||| Stepping ~*~*~tactically~*~*~ (hiding).
 47708 | Zot:2    | 47708 ||| Stepping ~*~*~tactically~*~*~ (stealth).
 47883 | Zot:2    | 47883 ||| INVOKING Heroism.
 48008 | Zot:2    | 48008 ||| INVOKING Heroism.
 48179 | Zot:2    | Identified the +8 mace "Ifaf" {freeze, Contam +Blink Dex+8}
 48180 | Zot:2    | 48180 ||| DROPPING +1 pair of gloves.
 48205 | Zot:3    | 48205 ||| Stepping randomly (disturbance).
 48225 | Zot:3    | 48225 ||| Stepping ~*~*~tactically~*~*~ (stealth).
 48228 | Zot:3    | 48228 ||| INVOKING Heroism.
 48236 | Zot:3    | Received a gift from Okawaru
 48404 | Zot:3    | 48404 ||| INVOKING Heroism.
 48413 | Zot:3    | Reached XP level 26. HP: 182/182 MP: 30/30
 48448 | Zot:3    | 48448 ||| Stepping ~*~*~tactically~*~*~ (stealth).
 48470 | Zot:3    | 48470 ||| INVOKING Heroism.
 48491 | Zot:3    | 48491 ||| Stepping ~*~*~tactically~*~*~ (hiding).
 48506 | Zot:3    | Received a gift from Okawaru
 48537 | Zot:3    | 48537 ||| INVOKING Heroism.
 48612 | Zot:3    | 48612 ||| INVOKING Heroism.
 48664 | Zot:3    | Identified the +2 scale mail "Dehue" {Will+ Stlth+}
 48684 | Zot:3    | Identified the +8 hand axe "Hellblazer" {flame, Int+3 Dex+2
                  | Stlth+} (Okawaru gifted it to you on level 3 of the Realm
                  | of Zot)
 48684 | Zot:3    | Received a gift from Okawaru
 48695 | Zot:3    | 48695 ||| Stepping ~*~*~tactically~*~*~ (hiding).
 48739 | Zot:3    | 48739 ||| Stepping ~*~*~tactically~*~*~ (stealth).
 48741 | Zot:3    | 48741 ||| Stepping ~*~*~tactically~*~*~ (hiding).
 48742 | Zot:3    | 48742 ||| Stepping ~*~*~tactically~*~*~ (hiding).
 48768 | Zot:3    | 48768 ||| Stepping ~*~*~tactically~*~*~ (hiding).
 48773 | Zot:3    | 48773 ||| INVOKING Heroism.
 49021 | Zot:3    | 49021 ||| Stepping ~*~*~tactically~*~*~ (hiding).
 49072 | Zot:3    | 49072 ||| Stepping ~*~*~tactically~*~*~ (hiding).
 49073 | Zot:3    | 49073 ||| Stepping ~*~*~tactically~*~*~ (hiding).
 49092 | Zot:3    | 49092 ||| Stepping ~*~*~tactically~*~*~ (hiding).
 49093 | Zot:3    | 49093 ||| Stepping ~*~*~tactically~*~*~ (hiding).
 49111 | Zot:3    | 49111 ||| STAIRDANCE
 49147 | Zot:3    | Reached skill level 24 in Fighting
 49595 | Zot:4    | 49595 ||| Stepping ~*~*~tactically~*~*~ (stealth).
 49598 | Zot:4    | 49598 ||| INVOKING Heroism.
 49612 | Zot:4    | Found a runed translucent gate.
 49613 | Zot:4    | Found a runed translucent gate.
 49657 | Zot:4    | 49657 ||| INVOKING Heroism.
 49778 | Zot:4    | Found a runed translucent gate.
 49810 | Zot:4    | 49810 ||| INVOKING Heroism.
 49859 | Zot:4    | Noticed a Killer Klown
 49860 | Zot:4    | 49860 ||| INVOKING Heroism.
 49861 | Zot:4    | 49861 ||| INVOKING Finesse.
 49868 | Zot:4    | Noticed an orb of fire
 49868 | Zot:4    | 49868 ||| DRINKING 2 potions of resistance.
 49881 | Zot:4    | 49881 ||| DRINKING potion of resistance.
 49886 | Zot:4    | Gained mutation: Potions are less effective at restoring
                  | your health. [an orb of fire]
 49911 | Zot:4    | Killed an orb of fire
 49934 | Zot:4    | 49934 ||| INVOKING Finesse.
 49947 | Zot:4    | Killed a Killer Klown
 49972 | Zot:4    | 49972 ||| DRINKING 4 potions of mutation.
 49972 | Zot:4    | Lost mutation: Your spells are a little easier to cast, but
                  | a little less powerful. [potion of mutation]
 49972 | Zot:4    | Lost mutation: Potions are less effective at restoring your
                  | health. [potion of mutation]
 49972 | Zot:4    | Gained mutation: Your muscles are very strong. (Str +8,
                  | Int/Dex -2) [potion of mutation]
 49972 | Zot:4    | Gained mutation: You have a pair of small horns on your
                  | head. [potion of mutation]
 49972 | Zot:4    | Gained mutation: Your flesh is heat resistant. (rF+)
                  | [potion of mutation]
 49973 | Zot:4    | 49973 ||| SWAPPING to +8 vampiric broad axe.
 50059 | Zot:4    | Noticed an ancient lich
 50059 | Zot:4    | Noticed Icycared's ghost (master GrFi)
 50079 | Zot:4    | 50079 ||| INVOKING Heroism.
 50081 | Zot:4    | 50081 ||| Stepping ~*~*~tactically~*~*~ (hiding).
 50185 | Zot:4    | 50185 ||| INVOKING Heroism.
 50377 | Zot:4    | 50377 ||| INVOKING Heroism.
 50381 | Zot:4    | Received a gift from Okawaru
 50401 | Zot:4    | 50401 ||| Stepping ~*~*~tactically~*~*~ (hiding).
 50571 | Zot:4    | 50571 ||| PLANNING THE SHINING ONE WORSHIP
 50571 | Zot:4    | 50571 ||| DROPPING +2 helmet.
 50572 | Zot:4    | 50572 ||| DROPPING scarf of shadows.
 50932 | D:9      | Fell from the grace of Okawaru
 50932 | D:9      | Became a worshipper of the Shining One
 50933 | D:9      | 50933 ||| PLANNING CRYPT
 50933 | D:9      | 50933 ||| SWAPPING to +7 broad axe of Geasic {vorpal, rF++
                  | Dex+2 Stlth-}.
 50934 | D:9      | 50934 ||| DROPPING +8 war axe "Piwemugg" {drain, rF+ rC+}.
 51170 | Crypt:1  | Entered Level 1 of the Crypt
 51220 | Crypt:1  | Reached * piety under the Shining One
 51373 | Crypt:1  | 51373 ||| Stepping ~*~*~tactically~*~*~ (stealth).
 51379 | Crypt:1  | 51379 ||| Stepping ~*~*~tactically~*~*~ (hiding).
 51409 | Crypt:1  | Reached ** piety under the Shining One
 51516 | Crypt:1  | 51516 ||| Stepping randomly (stuck).
 51522 | Crypt:1  | 51522 ||| Stepping ~*~*~tactically~*~*~ (hiding).
 51523 | Crypt:1  | 51523 ||| Stepping ~*~*~tactically~*~*~ (hiding).
 51701 | Crypt:1  | 51701 ||| Stepping ~*~*~tactically~*~*~ (hiding).
 51776 | Crypt:1  | 51776 ||| Stepping ~*~*~tactically~*~*~ (hiding).
 51782 | Crypt:1  | 51782 ||| Stepping ~*~*~tactically~*~*~ (hiding).
 51789 | Crypt:1  | Reached *** piety under the Shining One
 51929 | Crypt:1  | 51929 ||| Stepping ~*~*~tactically~*~*~ (stealth).
 51930 | Crypt:1  | 51930 ||| Stepping ~*~*~tactically~*~*~ (stealth).
 51931 | Crypt:1  | 51931 ||| Stepping ~*~*~tactically~*~*~ (stealth).
 52260 | Crypt:2  | Reached skill level 12 in Invocations
 52302 | Crypt:2  | 52302 ||| DROPPING 6 boomerangs.
 52312 | Crypt:1  | Found an ancient bone altar of Kikubaaqudgha.
 52421 | Crypt:2  | Reached **** piety under the Shining One
 52437 | Crypt:2  | 52437 ||| Stepping randomly (cloudy).
 52563 | Crypt:2  | 52563 ||| Stepping ~*~*~tactically~*~*~ (stealth).
 52600 | Crypt:2  | Reached ***** piety under the Shining One
 52731 | Crypt:2  | 52731 ||| Stepping ~*~*~tactically~*~*~ (hiding).
 52734 | Crypt:2  | 52734 ||| Stepping ~*~*~tactically~*~*~ (hiding).
 52736 | Crypt:2  | 52736 ||| Stepping ~*~*~tactically~*~*~ (hiding).
 52748 | Crypt:2  | Reached XP level 27. HP: 192/192 MP: 33/33
 53037 | Crypt:2  | 53037 ||| INVOKING Summon Divine Warrior.
 53160 | Crypt:3  | Entered Level 3 of the Crypt
 53160 | Crypt:3  | Reached ****** piety under the Shining One
 53171 | Crypt:3  | 53171 ||| INVOKING Brand Weapon With Holy Wrath.
 53171 | Crypt:3  | Identified a +9 broad axe of holy wrath (a +8 vampiric
                  | broad axe blessed by the Shining One)
 53171 | Crypt:3  | Received a gift from the Shining One
 53184 | Crypt:3  | 53184 ||| Stepping ~*~*~tactically~*~*~ (hiding).
 53184 | Crypt:3  | Noticed Vv
 53185 | Crypt:3  | 53185 ||| INVOKING Summon Divine Warrior.
 53202 | Crypt:3  | 53202 ||| INVOKING Summon Divine Warrior.
 53205 | Crypt:3  | Killed Vv
 53328 | Crypt:3  | Reached skill level 15 in Invocations
 53335 | Crypt:3  | Found a basalt altar of Yredelemnul.
 53350 | Crypt:3  | 53350 ||| INVOKING Cleansing Flame.
 53445 | Crypt:3  | Noticed Khufu
 53447 | Crypt:3  | 53447 ||| Stepping randomly (cloudy).
 53448 | Crypt:3  | 53448 ||| Stepping randomly (cloudy).
 53448 | Crypt:3  | Noticed a royal mummy
 53451 | Crypt:3  | 53451 ||| INVOKING Cleansing Flame.
 53456 | Crypt:3  | 53456 ||| INVOKING Cleansing Flame.
 53456 | Crypt:3  | Noticed a royal mummy
 53459 | Crypt:3  | 53459 ||| INVOKING Summon Divine Warrior.
 53460 | Crypt:3  | Killed Khufu
 53461 | Crypt:3  | 53461 ||| INVOKING Summon Divine Warrior.
 53467 | Crypt:3  | Killed a royal mummy
 53473 | Crypt:3  | 53473 ||| INVOKING Cleansing Flame.
 53474 | Crypt:3  | 53474 ||| INVOKING Cleansing Flame.
 53476 | Crypt:3  | 53476 ||| INVOKING Cleansing Flame.
 53477 | Crypt:3  | 53477 ||| INVOKING Cleansing Flame.
 53478 | Crypt:3  | 53478 ||| INVOKING Cleansing Flame.
 53483 | Crypt:3  | Killed a royal mummy
 53616 | Crypt:3  | Found the +13 scythe of Curses {drain, Drain}
 53682 | Crypt:3  | 53682 ||| INVOKING Cleansing Flame.
 53741 | Crypt:3  | 53741 ||| READING scroll of acquirement.
 53741 | Crypt:3  | 53741 ||| ACQUIRING 472 gold pieces
 53741 | Crypt:3  | Acquired 472 gold pieces
 53744 | Crypt:3  | Identified the +8 falchion of Disarray {vorpal, rN++ Will+
                  | Str-4 Stlth+}
 53829 | Crypt:3  | Found a staircase to the Tomb.
 53832 | Crypt:3  | 53832 ||| INVOKING Cleansing Flame.
 53833 | Crypt:3  | 53833 ||| INVOKING Cleansing Flame.
 54108 | Crypt:3  | 54108 ||| Stepping ~*~*~tactically~*~*~ (stealth).
 54206 | Crypt:3  | 54206 ||| Stepping ~*~*~tactically~*~*~ (stealth).
 54208 | Crypt:3  | 54208 ||| Stepping ~*~*~tactically~*~*~ (stealth).
 54212 | Crypt:3  | 54212 ||| Stepping ~*~*~tactically~*~*~ (hiding).
 54213 | Crypt:3  | 54213 ||| Stepping ~*~*~tactically~*~*~ (hiding).
 54295 | Crypt:3  | 54295 ||| PLANNING TOMB
 54295 | Crypt:3  | 54295 ||| SWAPPING to +9 broad axe of holy wrath.
 54296 | Crypt:3  | 54296 ||| DROPPING +2 pair of gloves.
 54407 | Tomb:1   | Entered Level 1 of the Tomb of the Ancients
 54416 | Tomb:1   | Reached skill level 18 in Invocations
 54636 | Tomb:1   | 54636 ||| INVOKING Cleansing Flame.
 54638 | Tomb:1   | 54638 ||| INVOKING Cleansing Flame.
 54647 | Tomb:1   | 54647 ||| INVOKING Cleansing Flame.
 54648 | Tomb:1   | Noticed a royal mummy
 54649 | Tomb:1   | 54649 ||| INVOKING Cleansing Flame.
 54650 | Tomb:1   | 54650 ||| INVOKING Cleansing Flame.
 54651 | Tomb:1   | 54651 ||| INVOKING Summon Divine Warrior.
 54652 | Tomb:1   | Noticed a royal mummy
 54653 | Tomb:1   | 54653 ||| INVOKING Cleansing Flame.
 54654 | Tomb:1   | 54654 ||| INVOKING Cleansing Flame.
 54654 | Tomb:1   | Noticed a royal mummy
 54655 | Tomb:1   | 54655 ||| INVOKING Cleansing Flame.
 54655 | Tomb:1   | Killed a royal mummy
 54657 | Tomb:1   | 54657 ||| DRINKING 3 potions of magic.
 54658 | Tomb:1   | 54658 ||| INVOKING Summon Divine Warrior.
 54662 | Tomb:1   | 54662 ||| INVOKING Cleansing Flame.
 54663 | Tomb:1   | 54663 ||| INVOKING Cleansing Flame.
 54664 | Tomb:1   | Killed a royal mummy
 54665 | Tomb:1   | Killed a royal mummy
 55123 | Tomb:1   | 55123 ||| INVOKING Cleansing Flame.
 55124 | Tomb:1   | 55124 ||| INVOKING Cleansing Flame.
 55126 | Tomb:1   | 55126 ||| INVOKING Cleansing Flame.
 55459 | Tomb:2   | 55459 ||| DRINKING 9 potions of haste.
 55460 | Tomb:2   | 55460 ||| DRINKING 11 potions of attraction.
 55460 | Tomb:2   | Noticed a royal mummy
 55461 | Tomb:2   | 55461 ||| INVOKING Summon Divine Warrior.
 55465 | Tomb:2   | Killed a royal mummy
 55472 | Tomb:2   | Noticed a royal mummy
 55472 | Tomb:2   | Noticed a royal mummy
 55478 | Tomb:2   | Noticed a royal mummy
 55479 | Tomb:2   | Killed a royal mummy
 55480 | Tomb:2   | 55480 ||| INVOKING Cleansing Flame.
 55488 | Tomb:2   | Killed a royal mummy
 55488 | Tomb:2   | Killed a royal mummy
 55564 | Tomb:2   | 55564 ||| INVOKING Cleansing Flame.
 55565 | Tomb:2   | 55565 ||| INVOKING Cleansing Flame.
 55570 | Tomb:2   | Gained mutation: Your spells are a little easier to cast,
                  | but a little less powerful. [mutagenic glow]
 55585 | Tomb:2   | Gained mutation: You are partially covered in large bone
                  | plates. (SH +4) [mutagenic glow]
 55604 | Tomb:2   | Gained mutation: Your spells are easier to cast, but less
                  | powerful. [mutagenic glow]
 55725 | Tomb:2   | 55725 ||| Stepping randomly (cloudy).
 55726 | Tomb:2   | 55726 ||| Stepping randomly (cloudy).
 56084 | Tomb:1   | Noticed a royal mummy
 56084 | Tomb:1   | Noticed a royal mummy
 56084 | Tomb:1   | Noticed a royal mummy
 56084 | Tomb:1   | Noticed a royal mummy
 56085 | Tomb:1   | 56085 ||| Stepping ~*~*~tactically~*~*~ (hiding).
 56086 | Tomb:1   | 56086 ||| INVOKING Summon Divine Warrior.
 56087 | Tomb:1   | Noticed a royal mummy
 56088 | Tomb:1   | 56088 ||| INVOKING Cleansing Flame.
 56088 | Tomb:1   | Noticed a royal mummy
 56089 | Tomb:1   | 56089 ||| INVOKING Cleansing Flame.
 56090 | Tomb:1   | 56090 ||| INVOKING Cleansing Flame.
 56090 | Tomb:1   | Noticed a royal mummy
 56090 | Tomb:1   | Noticed a royal mummy
 56091 | Tomb:1   | 56091 ||| INVOKING Cleansing Flame.
 56092 | Tomb:1   | 56092 ||| INVOKING Cleansing Flame.
 56092 | Tomb:1   | Killed a royal mummy
 56093 | Tomb:1   | 56093 ||| INVOKING Cleansing Flame.
 56093 | Tomb:1   | Killed a royal mummy
 56093 | Tomb:1   | Noticed a royal mummy
 56094 | Tomb:1   | 56094 ||| INVOKING Cleansing Flame.
 56095 | Tomb:1   | 56095 ||| DRINKING 2 potions of magic.
 56095 | Tomb:1   | Noticed a royal mummy
 56096 | Tomb:1   | 56096 ||| INVOKING Summon Divine Warrior.
 56098 | Tomb:1   | Killed a royal mummy
 56109 | Tomb:1   | HP: 41/192 [??? (8)]
 56110 | Tomb:1   | 56110 ||| READING 11 scrolls of teleportation.
 56110 | Tomb:1   | HP: 12/192 [royal mummy/divine providence (14)]
 56111 | Tomb:1   | 56111 ||| DRINKING 8 potions of heal wounds.
 56112 | Tomb:1   | 56112 ||| DRINKING 7 potions of heal wounds.
 56126 | Tomb:1   | 56126 ||| INVOKING Summon Divine Warrior.
 56365 | Tomb:1   | 56365 ||| INVOKING Summon Divine Warrior.
 56367 | Tomb:1   | Noticed a royal mummy
 56369 | Tomb:1   | Killed a royal mummy
 56371 | Tomb:1   | 56371 ||| INVOKING Cleansing Flame.
 56371 | Tomb:1   | Noticed a royal mummy
 56372 | Tomb:1   | 56372 ||| INVOKING Cleansing Flame.
 56374 | Tomb:1   | HP: 44/192 [royal mummy/divine providence (11)]
 56375 | Tomb:1   | 56375 ||| READING 10 scrolls of teleportation.
 56376 | Tomb:1   | 56376 ||| DRINKING 6 potions of heal wounds.
 56575 | Tomb:1   | 56575 ||| Stepping ~*~*~tactically~*~*~ (hiding).
 56576 | Tomb:1   | 56576 ||| INVOKING Summon Divine Warrior.
 56577 | Tomb:1   | Noticed a royal mummy
 56579 | Tomb:1   | 56579 ||| INVOKING Cleansing Flame.
 56580 | Tomb:1   | 56580 ||| INVOKING Cleansing Flame.
 56581 | Tomb:1   | 56581 ||| INVOKING Cleansing Flame.
 56582 | Tomb:1   | Killed a royal mummy
 56583 | Tomb:1   | Reached skill level 21 in Invocations
 56587 | Tomb:1   | Killed a royal mummy
 56588 | Tomb:1   | 56588 ||| INVOKING Cleansing Flame.
 56589 | Tomb:1   | 56589 ||| INVOKING Cleansing Flame.
 56590 | Tomb:1   | 56590 ||| INVOKING Cleansing Flame.
 56591 | Tomb:1   | 56591 ||| INVOKING Cleansing Flame.
 56592 | Tomb:1   | 56592 ||| DRINKING potion of magic.
 56593 | Tomb:1   | HP: 41/192 [royal mummy/divine providence (9)]
 56594 | Tomb:1   | 56594 ||| READING 9 scrolls of teleportation.
 56595 | Tomb:1   | 56595 ||| DRINKING 5 potions of heal wounds.
 56596 | Tomb:1   | 56596 ||| DRINKING 4 potions of heal wounds.
 56829 | Tomb:1   | 56829 ||| INVOKING Summon Divine Warrior.
 56834 | Tomb:1   | Killed a royal mummy
 56836 | Tomb:1   | Noticed a royal mummy
 56838 | Tomb:1   | 56838 ||| INVOKING Cleansing Flame.
 56839 | Tomb:1   | 56839 ||| INVOKING Cleansing Flame.
 56840 | Tomb:1   | 56840 ||| INVOKING Cleansing Flame.
 56841 | Tomb:1   | 56841 ||| INVOKING Cleansing Flame.
 56841 | Tomb:1   | Killed a royal mummy
 56841 | Tomb:1   | Killed a royal mummy
 56842 | Tomb:1   | 56842 ||| INVOKING Cleansing Flame.
 56842 | Tomb:1   | HP: 46/192 [royal mummy/divine providence (10)]
 56843 | Tomb:1   | 56843 ||| READING 8 scrolls of teleportation.
 56843 | Tomb:1   | HP: 22/192 [??? (3)]
 56843 | Tomb:1   | HP: 10/192 [emperor scorpion[a royal mummy] (12)]
 56844 | Tomb:1   | 56844 ||| DRINKING 3 potions of heal wounds.
 57126 | Tomb:2   | 57126 ||| Stepping ~*~*~tactically~*~*~ (hiding).
 57127 | Tomb:2   | 57127 ||| Stepping ~*~*~tactically~*~*~ (hiding).
 57128 | Tomb:2   | 57128 ||| Stepping ~*~*~tactically~*~*~ (hiding).
 57205 | Tomb:1   | 57205 ||| INVOKING Summon Divine Warrior.
 57206 | Tomb:1   | Noticed a royal mummy
 57209 | Tomb:1   | Killed a royal mummy
 57216 | Tomb:1   | Killed a royal mummy
 57217 | Tomb:1   | 57217 ||| INVOKING Cleansing Flame.
 57218 | Tomb:1   | 57218 ||| INVOKING Cleansing Flame.
 57219 | Tomb:1   | 57219 ||| INVOKING Cleansing Flame.
 57220 | Tomb:1   | 57220 ||| INVOKING Cleansing Flame.
 57220 | Tomb:1   | Killed a royal mummy
 57220 | Tomb:1   | Killed a royal mummy
 57220 | Tomb:1   | Killed a royal mummy
 57223 | Tomb:1   | 57223 ||| INVOKING Cleansing Flame.
 57224 | Tomb:1   | 57224 ||| INVOKING Cleansing Flame.
 57225 | Tomb:1   | 57225 ||| INVOKING Cleansing Flame.
 57226 | Tomb:1   | 57226 ||| INVOKING Cleansing Flame.
 57226 | Tomb:1   | Killed a royal mummy
 57227 | Tomb:1   | 57227 ||| Stepping ~*~*~tactically~*~*~ (hiding).
 57232 | Tomb:1   | Noticed a royal mummy
 57234 | Tomb:1   | 57234 ||| Stepping ~*~*~tactically~*~*~ (hiding).
 57244 | Tomb:1   | Killed a royal mummy
 57269 | Tomb:1   | Was forgiven by Okawaru
 57359 | Tomb:1   | 57359 ||| Stepping ~*~*~tactically~*~*~ (hiding).
 57364 | Tomb:1   | 57364 ||| INVOKING Cleansing Flame.
 57410 | Tomb:1   | Noticed a royal mummy
 57414 | Tomb:1   | 57414 ||| INVOKING Cleansing Flame.
 57420 | Tomb:1   | Killed a royal mummy
 57449 | Tomb:1   | Noticed a royal mummy
 57455 | Tomb:1   | Noticed a royal mummy
 57456 | Tomb:1   | 57456 ||| INVOKING Cleansing Flame.
 57456 | Tomb:1   | Noticed a royal mummy
 57457 | Tomb:1   | 57457 ||| INVOKING Cleansing Flame.
 57458 | Tomb:1   | 57458 ||| INVOKING Cleansing Flame.
 57462 | Tomb:1   | Killed a royal mummy
 57463 | Tomb:1   | 57463 ||| INVOKING Cleansing Flame.
 57471 | Tomb:1   | Killed a royal mummy
 57477 | Tomb:1   | 57477 ||| INVOKING Cleansing Flame.
 57478 | Tomb:1   | 57478 ||| INVOKING Cleansing Flame.
 57479 | Tomb:1   | 57479 ||| INVOKING Cleansing Flame.
 57480 | Tomb:1   | 57480 ||| INVOKING Cleansing Flame.
 57480 | Tomb:1   | Killed a royal mummy
 57817 | Tomb:2   | 57817 ||| INVOKING Cleansing Flame.
 57826 | Tomb:2   | 57826 ||| INVOKING Cleansing Flame.
 57827 | Tomb:2   | 57827 ||| INVOKING Cleansing Flame.
 57837 | Tomb:2   | 57837 ||| INVOKING Cleansing Flame.
 58120 | Tomb:3   | Entered Level 3 of the Tomb of the Ancients
 58121 | Tomb:3   | 58121 ||| DRINKING 8 potions of haste.
 58122 | Tomb:3   | 58122 ||| DRINKING 10 potions of attraction.
 58128 | Tomb:3   | 58128 ||| INVOKING Cleansing Flame.
 58143 | Tomb:3   | 58143 ||| INVOKING Summon Divine Warrior.
 58144 | Tomb:3   | Noticed a royal mummy
 58145 | Tomb:3   | Noticed a royal mummy
 58150 | Tomb:3   | 58150 ||| INVOKING Cleansing Flame.
 58151 | Tomb:3   | 58151 ||| INVOKING Cleansing Flame.
 58151 | Tomb:3   | Noticed a royal mummy
 58152 | Tomb:3   | 58152 ||| INVOKING Cleansing Flame.
 58153 | Tomb:3   | 58153 ||| INVOKING Cleansing Flame.
 58153 | Tomb:3   | Killed a royal mummy
 58159 | Tomb:3   | 58159 ||| INVOKING Cleansing Flame.
 58159 | Tomb:3   | Noticed a royal mummy
 58160 | Tomb:3   | 58160 ||| INVOKING Cleansing Flame.
 58160 | Tomb:3   | Killed a royal mummy
 58161 | Tomb:3   | 58161 ||| INVOKING Cleansing Flame.
 58161 | Tomb:3   | Killed a royal mummy
 58162 | Tomb:3   | 58162 ||| INVOKING Cleansing Flame.
 58163 | Tomb:3   | 58163 ||| INVOKING Cleansing Flame.
 58164 | Tomb:3   | Reached skill level 24 in Invocations
 58164 | Tomb:3   | 58164 ||| INVOKING Summon Divine Warrior.
 58166 | Tomb:3   | 58166 ||| INVOKING Cleansing Flame.
 58166 | Tomb:3   | Noticed a royal mummy
 58167 | Tomb:3   | 58167 ||| INVOKING Cleansing Flame.
 58168 | Tomb:3   | 58168 ||| INVOKING Cleansing Flame.
 58169 | Tomb:3   | 58169 ||| INVOKING Cleansing Flame.
 58169 | Tomb:3   | Killed a royal mummy
 58169 | Tomb:3   | HP: 36/192 [royal mummy/divine providence (16)]
 58170 | Tomb:3   | 58170 ||| READING 7 scrolls of teleportation.
 58170 | Tomb:3   | Noticed a royal mummy
 58171 | Tomb:3   | 58171 ||| DRINKING 2 potions of heal wounds.
 58172 | Tomb:3   | 58172 ||| DRINKING potion of heal wounds.
 58173 | Tomb:3   | 58173 ||| INVOKING Cleansing Flame.
 58174 | Tomb:3   | 58174 ||| INVOKING Cleansing Flame.
 58174 | Tomb:3   | Killed a royal mummy
 58174 | Tomb:3   | HP: 17/192 [something (27)]
 58190 | Tomb:3   | 58190 ||| INVOKING Summon Divine Warrior.
 58191 | Tomb:3   | HP: 44/192 [bennu (10)]
 58192 | Tomb:3   | 58192 ||| READING 6 scrolls of teleportation.
 58194 | Tomb:3   | Noticed a royal mummy
 58203 | Tomb:3   | 58203 ||| INVOKING Summon Divine Warrior.
 58204 | Tomb:3   | Noticed a royal mummy
 58207 | Tomb:3   | Noticed a royal mummy
 58209 | Tomb:3   | 58209 ||| INVOKING Cleansing Flame.
 58210 | Tomb:3   | 58210 ||| INVOKING Cleansing Flame.
 58211 | Tomb:3   | 58211 ||| INVOKING Cleansing Flame.
 58212 | Tomb:3   | 58212 ||| INVOKING Cleansing Flame.
 58213 | Tomb:3   | Killed a royal mummy
 58215 | Tomb:3   | HP: 46/192 [royal mummy/divine providence (12)]
 58216 | Tomb:3   | 58216 ||| READING 5 scrolls of teleportation.
 58217 | Tomb:3   | 58217 ||| INVOKING Cleansing Flame.
 58218 | Tomb:3   | 58218 ||| INVOKING Cleansing Flame.
 58226 | Tomb:3   | 58226 ||| INVOKING Summon Divine Warrior.
 58230 | Tomb:3   | 58230 ||| INVOKING Cleansing Flame.
 58232 | Tomb:3   | Killed a royal mummy
 58234 | Tomb:3   | HP: 48/192 [??? (9)]
 58235 | Tomb:3   | 58235 ||| READING 4 scrolls of teleportation.
 58236 | Tomb:3   | 58236 ||| Stepping ~*~*~tactically~*~*~ (hiding).
 58244 | Tomb:3   | 58244 ||| INVOKING Cleansing Flame.
 58244 | Tomb:3   | Killed a royal mummy
 58248 | Tomb:3   | 58248 ||| INVOKING Cleansing Flame.
 58249 | Tomb:3   | Killed a royal mummy
 58447 | Tomb:3   | Identified the ring "Kidoghan" {Dex+6 SInv Stlth+}
 58449 | Tomb:3   | Identified the +11 flail "Anoala" {flame, rC+}
 58455 | Tomb:3   | Identified the ring of Qiug {EV+4 Dex+7}
 58464 | Tomb:3   | Identified the +9 war axe "Kyifos" {vorpal, *Corrode Str+5
                  | Int+3}
 58482 | Tomb:3   | Identified the +7 short sword of the Winnowing Moth
                  | {protect, rF++ Will- SInv Stlth+}
 58769 | Tomb:3   | Got a golden rune of Zot
 58770 | Tomb:3   | 58770 ||| PLANNING PAN
 58770 | Tomb:3   | 58770 ||| DROPPING +0 cloak of willpower.
 58771 | Tomb:3   | 58771 ||| DROPPING amulet of magic regeneration.
 58772 | Tomb:3   | 58772 ||| DROPPING ring "Kidoghan" {Dex+6 SInv Stlth+}.
 58773 | Tomb:3   | 58773 ||| UPGRADING to ring of Qiug {EV+4 Dex+7}.
 58775 | Tomb:3   | 58775 ||| DROPPING ring of fire.
 58776 | Tomb:3   | 58776 ||| DROPPING +4 ring of protection.
 59308 | Pan      | Entered Pandemonium
 59323 | Pan      | 59323 ||| Stepping ~*~*~tactically~*~*~ (stealth).
 59324 | Pan      | Gained mutation: Your magical capacity is low. (-10% MP) [a
                  | neqoxec]
 59369 | Pan      | 59369 ||| Stepping randomly (disturbance).
 59384 | Pan      | Gained mutation: Your magical capacity is very low. (-20%
                  | MP) [a cacodemon]
 59385 | Pan      | Gained mutation: You are very clumsy. (Dex -4) [a
                  | cacodemon]
 59391 | Pan      | 59391 ||| INVOKING Cleansing Flame.
 59405 | Pan      | 59405 ||| Stepping randomly (cloudy).
 59407 | Pan      | 59407 ||| Stepping ~*~*~tactically~*~*~ (cloud).
 59431 | Pan      | Identified the +3 leather armour "Jetalu Afich" {Regen+}
 59472 | Pan      | 59472 ||| Stepping ~*~*~tactically~*~*~ (stealth).
 59476 | Pan      | 59476 ||| Stepping ~*~*~tactically~*~*~ (stealth).
 59582 | Pan      | Found an exit through the horrors of the Abyss.
 59602 | Pan      | 59602 ||| Stepping ~*~*~tactically~*~*~ (hiding).
 59603 | Pan      | 59603 ||| Stepping ~*~*~tactically~*~*~ (hiding).
 59636 | Pan      | 59636 ||| Stepping ~*~*~tactically~*~*~ (stealth).
 59730 | Pan      | 59730 ||| Stepping ~*~*~tactically~*~*~ (hiding).
 59787 | Pan      | 59787 ||| INVOKING Cleansing Flame.
 59869 | Pan      | 59869 ||| Stepping ~*~*~tactically~*~*~ (stealth).
 59989 | Pan      | 59989 ||| INVOKING Summon Divine Warrior.
 59996 | Pan      | 59996 ||| ZAPPING wand of digging (7).
 59997 | Pan      | 59997 ||| INVOKING Summon Divine Warrior.
 59999 | Pan      | 59999 ||| INVOKING Cleansing Flame.
 60000 | Pan      | 60000 ||| ZAPPING wand of digging (6).
 60002 | Pan      | HP: 45/192 [balrug/bolt of fire (20)]
 60003 | Pan      | 60003 ||| READING 5 scrolls of teleportation.
 60004 | Pan      | 60004 ||| INVOKING Cleansing Flame.
 60004 | Pan      | HP: 18/192 [balrug/divine providence (11)]
 60006 | Pan      | 60006 ||| INVOKING Cleansing Flame.
 60009 | Pan      | 60009 ||| Stepping ~*~*~tactically~*~*~ (stealth).
 60016 | Pan      | 60016 ||| INVOKING Summon Divine Warrior.
 60254 | Pan      | 60254 ||| INVOKING Cleansing Flame.
 60258 | Pan      | Noticed Qarrel Tunt the pandemonium lord
 60263 | Pan      | 60263 ||| INVOKING Cleansing Flame.
 60264 | Pan      | 60264 ||| INVOKING Cleansing Flame.
 60265 | Pan      | 60265 ||| INVOKING Summon Divine Warrior.
 60266 | Pan      | Killed Qarrel Tunt the pandemonium lord
 60362 | Pan      | Got a demonic rune of Zot
 60431 | Pan      | 60431 ||| Stepping ~*~*~tactically~*~*~ (hiding).
 60473 | Pan      | 60473 ||| Stepping ~*~*~tactically~*~*~ (stealth).
 60476 | Pan      | 60476 ||| Stepping ~*~*~tactically~*~*~ (hiding).
 60485 | Pan      | 60485 ||| Stepping ~*~*~tactically~*~*~ (hiding).
 60529 | Pan      | 60529 ||| Stepping ~*~*~tactically~*~*~ (stealth).
 60531 | Pan      | 60531 ||| Stepping ~*~*~tactically~*~*~ (hiding).
 60669 | Pan      | 60669 ||| INVOKING Summon Divine Warrior.
 60672 | Pan      | 60672 ||| INVOKING Cleansing Flame.
 60673 | Pan      | 60673 ||| INVOKING Cleansing Flame.
 60675 | Pan      | 60675 ||| INVOKING Cleansing Flame.
 60680 | Pan      | 60680 ||| INVOKING Cleansing Flame.
 60681 | Pan      | 60681 ||| INVOKING Cleansing Flame.
 60793 | Pan      | Identified the +7 ring mail of Decompression {-Cast rElec
                  | rN+++ Str+4}
 60848 | Pan      | Entered the realm of Gloorx Vloq.
 60866 | Pan      | 60866 ||| Stepping ~*~*~tactically~*~*~ (stealth).
 60867 | Pan      | 60867 ||| Stepping ~*~*~tactically~*~*~ (stealth).
 60874 | Pan      | 60874 ||| Stepping ~*~*~tactically~*~*~ (stealth).
 60951 | Pan      | 60951 ||| Stepping ~*~*~tactically~*~*~ (stealth).
 60988 | Pan      | 60988 ||| Stepping ~*~*~tactically~*~*~ (stealth).
 60991 | Pan      | 60991 ||| Stepping ~*~*~tactically~*~*~ (hiding).
 60992 | Pan      | 60992 ||| Stepping ~*~*~tactically~*~*~ (hiding).
 60993 | Pan      | 60993 ||| INVOKING Cleansing Flame.
 61014 | Pan      | 61014 ||| Stepping ~*~*~tactically~*~*~ (stealth).
 61086 | Pan      | 61086 ||| Stepping ~*~*~tactically~*~*~ (stealth).
 61095 | Pan      | Reached skill level 27 in Invocations
 61104 | Pan      | 61104 ||| Stepping ~*~*~tactically~*~*~ (stealth).
 61150 | Pan      | 61150 ||| Stepping ~*~*~tactically~*~*~ (stealth).
 61151 | Pan      | 61151 ||| Stepping ~*~*~tactically~*~*~ (stealth).
 61210 | Pan      | 61210 ||| INVOKING Cleansing Flame.
 61279 | Pan      | Noticed Gloorx Vloq
 61280 | Pan      | 61280 ||| Stepping ~*~*~tactically~*~*~ (hiding).
 61282 | Pan      | 61282 ||| INVOKING Summon Divine Warrior.
 61284 | Pan      | 61284 ||| INVOKING Cleansing Flame.
 61286 | Pan      | Reached skill level 12 in Dodging
 61294 | Pan      | Killed Gloorx Vloq
 61338 | Pan      | Got a dark rune of Zot
 61506 | Pan      | 61506 ||| Stepping ~*~*~tactically~*~*~ (stealth).
 61526 | Pan      | 61526 ||| INVOKING Cleansing Flame.
 61608 | Pan      | 61608 ||| Stepping ~*~*~tactically~*~*~ (stealth).
 61610 | Pan      | 61610 ||| Stepping ~*~*~tactically~*~*~ (stealth).
 61635 | Pan      | 61635 ||| Stepping ~*~*~tactically~*~*~ (hiding).
 61643 | Pan      | Noticed Cingumei the pandemonium lord
 61644 | Pan      | 61644 ||| INVOKING Summon Divine Warrior.
 61646 | Pan      | 61646 ||| INVOKING Cleansing Flame.
 61654 | Pan      | 61654 ||| INVOKING Cleansing Flame.
 61655 | Pan      | 61655 ||| INVOKING Cleansing Flame.
 61656 | Pan      | Killed Cingumei the pandemonium lord
 61670 | Pan      | 61670 ||| INVOKING Cleansing Flame.
 61706 | Pan      | Noticed Qaadimuwop the pandemonium lord
 61706 | Pan      | Found a huge runed translucent gate.
 61706 | Pan      | Found a huge runed translucent gate.
 61706 | Pan      | Found a huge runed translucent gate.
 61706 | Pan      | Found a huge runed translucent gate.
 61706 | Pan      | Found a huge runed translucent gate.
 61706 | Pan      | Found a huge runed translucent gate.
 61706 | Pan      | Found a huge runed translucent gate.
 61707 | Pan      | 61707 ||| INVOKING Summon Divine Warrior.
 61708 | Pan      | 61708 ||| INVOKING Summon Divine Warrior.
 61709 | Pan      | 61709 ||| INVOKING Summon Divine Warrior.
 61710 | Pan      | 61710 ||| INVOKING Summon Divine Warrior.
 61814 | Pan      | Gained mutation: Your body sometimes deteriorates upon
                  | taking damage. [a cacodemon]
 61875 | Pan      | 61875 ||| Stepping ~*~*~tactically~*~*~ (hiding).
 61877 | Pan      | 61877 ||| Stepping ~*~*~tactically~*~*~ (stealth).
 61881 | Pan      | 61881 ||| INVOKING Summon Divine Warrior.
 61886 | Pan      | 61886 ||| INVOKING Cleansing Flame.
 62155 | Pan      | 62155 ||| Stepping ~*~*~tactically~*~*~ (hiding).
 62187 | Pan      | 62187 ||| Stepping ~*~*~tactically~*~*~ (stealth).
 62230 | Pan      | 62230 ||| Stepping ~*~*~tactically~*~*~ (hiding).
 62232 | Pan      | 62232 ||| Stepping ~*~*~tactically~*~*~ (hiding).
 62253 | Pan      | 62253 ||| Stepping ~*~*~tactically~*~*~ (stealth).
 62372 | Pan      | Entered the realm of Lom Lobon.
 62373 | Pan      | Found an exit through the horrors of the Abyss.
 62378 | Pan      | Identified the +4 ring mail of a Labyrinth {rElec rC+
                  | Str-3}
 62957 | Pan      | 62957 ||| Stepping ~*~*~tactically~*~*~ (hiding).
 63002 | Pan      | 63002 ||| Stepping ~*~*~tactically~*~*~ (stealth).
 63004 | Pan      | 63004 ||| Stepping ~*~*~tactically~*~*~ (hiding).
 63010 | Pan      | 63010 ||| Stepping ~*~*~tactically~*~*~ (hiding).
 63017 | Pan      | 63017 ||| Stepping ~*~*~tactically~*~*~ (hiding).
 63020 | Pan      | 63020 ||| Stepping ~*~*~tactically~*~*~ (hiding).
 63037 | Pan      | Noticed Lom Lobon
 63038 | Pan      | 63038 ||| DRINKING 7 potions of haste.
 63039 | Pan      | 63039 ||| INVOKING Summon Divine Warrior.
 63040 | Pan      | 63040 ||| DRINKING 14 potions of might.
 63043 | Pan      | 63043 ||| Stepping randomly (cloudy).
 63044 | Pan      | 63044 ||| INVOKING Cleansing Flame.
 63045 | Pan      | 63045 ||| INVOKING Cleansing Flame.
 63046 | Pan      | 63046 ||| INVOKING Summon Divine Warrior.
 63051 | Pan      | Killed Lom Lobon
 63198 | Pan      | Got a magical rune of Zot
 63217 | Pan      | 63217 ||| Stepping randomly (cloudy).
 63218 | Pan      | 63218 ||| Stepping ~*~*~tactically~*~*~ (cloud).
 63350 | Pan      | 63350 ||| INVOKING Summon Divine Warrior.
 63354 | Pan      | 63354 ||| INVOKING Cleansing Flame.
 63355 | Pan      | 63355 ||| INVOKING Cleansing Flame.
 63444 | Pan      | 63444 ||| Stepping randomly (stuck).
 63445 | Pan      | 63445 ||| Stepping randomly (stuck).
 63446 | Pan      | 63446 ||| Stepping randomly (stuck).
 63447 | Pan      | 63447 ||| Stepping randomly (stuck).
 63448 | Pan      | 63448 ||| Stepping randomly (stuck).
 63482 | Pan      | Noticed Waety the pandemonium lord
 63485 | Pan      | Killed Waety the pandemonium lord
 63502 | Pan      | Entered the realm of Mnoleg.
 63594 | Pan      | Found an exit through the horrors of the Abyss.
 63627 | Pan      | Noticed Mennas
 63628 | Pan      | 63628 ||| INVOKING Summon Divine Warrior.
 63648 | Pan      | Killed Mennas
 63960 | Pan      | Noticed Mnoleg
 63963 | Pan      | 63963 ||| INVOKING Cleansing Flame.
 63963 | Pan      | Paralysed by a floating eye for 4 turns
 63974 | Pan      | Lost mutation: You possess an exceptional clarity of mind.
                  | [a neqoxec]
 63975 | Pan      | Lost mutation: Your muscles are very strong. (Str +8,
                  | Int/Dex -2) [a shining eye]
 63976 | Pan      | 63976 ||| INVOKING Cleansing Flame.
 63977 | Pan      | 63977 ||| INVOKING Cleansing Flame.
 63977 | Pan      | Killed Mnoleg
 64035 | Pan      | Identified the ring of Falivime {*Corrode rF++ Int+6}
 64062 | Pan      | Got a glowing rune of Zot
 64142 | Pan      | Entered the realm of Cerebov.
 64142 | Pan      | Found the +6 sword of Cerebov {flame}
 64142 | Pan      | Noticed Cerebov
 64143 | Pan      | 64143 ||| DRINKING 6 potions of haste.
 64144 | Pan      | 64144 ||| DRINKING potion of resistance.
 64145 | Pan      | 64145 ||| INVOKING Summon Divine Warrior.
 64146 | Pan      | 64146 ||| DRINKING 15 potions of might.
 64153 | Pan      | 64153 ||| Stepping randomly (cloudy).
 64155 | Pan      | 64155 ||| INVOKING Summon Divine Warrior.
 64156 | Pan      | 64156 ||| Stepping randomly (cloudy).
 64157 | Pan      | 64157 ||| Stepping randomly (cloudy).
 64159 | Pan      | 64159 ||| INVOKING Summon Divine Warrior.
 64160 | Pan      | 64160 ||| Stepping randomly (stuck).
 64164 | Pan      | 64164 ||| INVOKING Cleansing Flame.
 64165 | Pan      | 64165 ||| INVOKING Cleansing Flame.
 64167 | Pan      | 64167 ||| INVOKING Cleansing Flame.
 64182 | Pan      | Killed Cerebov
 64183 | Pan      | 64183 ||| Stepping randomly (stuck).
 64184 | Pan      | 64184 ||| INVOKING Summon Divine Warrior.
 64322 | Pan      | Identified the +8 great sword of the Wasteland {holy, Fly
                  | Will+}
 64343 | Pan      | Identified the amulet of Atruta {Spirit Str+4}
 64349 | Pan      | Identified the ring of Texyah {rF+ rN+ Str+4}
 64351 | Pan      | Identified the +6 glaive of Syrarolu {spect, Drain rF+ rC+}
 64377 | Pan      | Reached skill level 24 in Armour
 64392 | Pan      | 64392 ||| INVOKING Cleansing Flame.
 64393 | Pan      | 64393 ||| INVOKING Cleansing Flame.
 64437 | Pan      | Identified the ring "Afavonky" {rF+ rC+}
 64469 | Pan      | Got a fiery rune of Zot
 64497 | Pan      | Identified the +0 helmet of Plog {rPois rN++ Dex-2 Stlth+}
 64520 | Pan      | Identified the +1 troll leather armour of Wu Jian, Changing
                  | {rF+ Regen+ MP-9 Stlth+}
 64529 | Pan      | Identified the +3 quarterstaff of Jyrag {drain, *Rage MP-9
                  | Int+7 Dex+4}
 64668 | Pan      | 64668 ||| DRINKING 4 potions of cancellation.
 64757 | Pan      | Found an exit through the horrors of the Abyss.
 65296 | Pan      | 65296 ||| Stepping ~*~*~tactically~*~*~ (stealth).
 65297 | Pan      | 65297 ||| Stepping ~*~*~tactically~*~*~ (stealth).
 65301 | Pan      | 65301 ||| Stepping ~*~*~tactically~*~*~ (stealth).
 65302 | Pan      | 65302 ||| Stepping ~*~*~tactically~*~*~ (stealth).
 65511 | Pan      | 65511 ||| Stepping ~*~*~tactically~*~*~ (stealth).
 65536 | Pan      | 65536 ||| PLANNING SLIME:5
 65536 | Pan      | 65536 ||| DROPPING amulet of Atruta {Spirit Str+4}.
 65537 | Pan      | 65537 ||| DROPPING ring of protection from fire.
 65538 | Pan      | 65538 ||| DROPPING ring of ice.
 65539 | Pan      | 65539 ||| DROPPING +6 ring of dexterity.
 65605 | Pan      | Found a transporter.
 65626 | Pan      | Found an exit through the horrors of the Abyss.
 65657 | Pan      | 65657 ||| Stepping ~*~*~tactically~*~*~ (hiding).
 65658 | Pan      | 65658 ||| Stepping ~*~*~tactically~*~*~ (hiding).
 65710 | Pan      | 65710 ||| Stepping ~*~*~tactically~*~*~ (stealth).
 65712 | Pan      | 65712 ||| Stepping ~*~*~tactically~*~*~ (hiding).
 65714 | Pan      | 65714 ||| Stepping ~*~*~tactically~*~*~ (hiding).
 65746 | Pan      | 65746 ||| Stepping ~*~*~tactically~*~*~ (hiding).
 65748 | Pan      | 65748 ||| Stepping ~*~*~tactically~*~*~ (hiding).
 65750 | Pan      | 65750 ||| Stepping ~*~*~tactically~*~*~ (hiding).
 65890 | Pan      | 65890 ||| Stepping ~*~*~tactically~*~*~ (stealth).
 65894 | Pan      | 65894 ||| Stepping ~*~*~tactically~*~*~ (hiding).
 65909 | Pan      | Reached skill level 1 in Short Blades
 66067 | Pan      | 66067 ||| Stepping randomly (cloudy).
 66068 | Pan      | 66068 ||| Stepping randomly (cloudy).
 66069 | Pan      | 66069 ||| Stepping randomly (cloudy).
 66073 | Pan      | 66073 ||| Stepping ~*~*~tactically~*~*~ (hiding).
 66080 | Pan      | 66080 ||| Stepping ~*~*~tactically~*~*~ (hiding).
 66081 | Pan      | 66081 ||| Stepping ~*~*~tactically~*~*~ (hiding).
 66087 | Pan      | Gained mutation: Armour fits poorly on your strangely
                  | shaped body. [a neqoxec]
 66097 | Pan      | 66097 ||| Stepping ~*~*~tactically~*~*~ (stealth).
 66098 | Pan      | 66098 ||| Stepping ~*~*~tactically~*~*~ (stealth).
 66099 | Pan      | 66099 ||| Stepping ~*~*~tactically~*~*~ (stealth).
 66100 | Pan      | 66100 ||| Stepping ~*~*~tactically~*~*~ (stealth).
 66101 | Pan      | 66101 ||| DRINKING 4 potions of mutation.
 66101 | Pan      | Lost mutation: Your body sometimes deteriorates upon taking
                  | damage. [potion of mutation]
 66101 | Pan      | Lost mutation: You have large cloven feet. [potion of
                  | mutation]
 66102 | Pan      | 66102 ||| Stepping ~*~*~tactically~*~*~ (stealth).
 66105 | Pan      | 66105 ||| DRINKING 3 potions of mutation.
 66105 | Pan      | Lost mutation: Your muscles are strong. (Str +4, Int/Dex
                  | -1) [potion of mutation]
 66105 | Pan      | Lost mutation: Your flesh is heat resistant. (rF+) [potion
                  | of mutation]
 66105 | Pan      | Lost mutation: You have a pair of small horns on your head.
                  | [potion of mutation]
 66105 | Pan      | Gained mutation: You have a beak for a mouth. [potion of
                  | mutation]
 66106 | Pan      | 66106 ||| DRINKING 2 potions of mutation.
 66106 | Pan      | Lost mutation: Armour fits poorly on your strangely shaped
                  | body. [potion of mutation]
 66106 | Pan      | Lost mutation: Your spells are easier to cast, but less
                  | powerful. [potion of mutation]
 66106 | Pan      | Lost mutation: You have a beak for a mouth. [potion of
                  | mutation]
 66106 | Pan      | Gained mutation: Your magical capacity is extremely low.
                  | (-30% MP) [potion of mutation]
 66162 | Pan      | 66162 ||| Stepping randomly (cloudy).
 66163 | Pan      | 66163 ||| Stepping randomly (cloudy).
 66166 | Pan      | 66166 ||| Stepping randomly (cloudy).
 66334 | Pan      | Identified the +5 plate armour of Qifi Kaod {Dex+3}
 66357 | Pan      | Found a transporter.
 66462 | Pan      | 66462 ||| Stepping ~*~*~tactically~*~*~ (stealth).
 66722 | Pan      | Found a transporter.
 66738 | Pan      | 66738 ||| Stepping randomly (cloudy).
 66739 | Pan      | 66739 ||| Stepping ~*~*~tactically~*~*~ (cloud).
 66750 | Pan      | 66750 ||| Stepping ~*~*~tactically~*~*~ (hiding).
 66855 | Pan      | Found an exit through the horrors of the Abyss.
 66878 | Pan      | Identified the +2 robe "Timol" {Will++ rCorr}
 66975 | Pan      | 66975 ||| Stepping ~*~*~tactically~*~*~ (hiding).
 66978 | Pan      | 66978 ||| Stepping ~*~*~tactically~*~*~ (stealth).
 66980 | Pan      | Gained mutation: You are dopey. (Int -2) [a cacodemon]
 66981 | Pan      | Gained mutation: You have a pair of small horns on your
                  | head. [a cacodemon]
 67001 | Pan      | Found a transporter.
 67009 | Pan      | 67009 ||| Stepping ~*~*~tactically~*~*~ (stealth).
 67010 | Pan      | 67010 ||| Stepping ~*~*~tactically~*~*~ (stealth).
 67011 | Pan      | 67011 ||| INVOKING Summon Divine Warrior.
 67012 | Pan      | 67012 ||| INVOKING Cleansing Flame.
 67248 | Pan      | 67248 ||| Stepping ~*~*~tactically~*~*~ (stealth).
 67327 | Pan      | 67327 ||| Stepping ~*~*~tactically~*~*~ (stealth).
 67328 | Pan      | 67328 ||| Stepping ~*~*~tactically~*~*~ (stealth).
 67350 | Pan      | 67350 ||| INVOKING Summon Divine Warrior.
 67353 | Pan      | 67353 ||| INVOKING Cleansing Flame.
 67356 | Pan      | 67356 ||| INVOKING Cleansing Flame.
 67357 | Pan      | 67357 ||| INVOKING Cleansing Flame.
 67358 | Pan      | Noticed Xuruol the pandemonium lord
 67364 | Pan      | 67364 ||| INVOKING Summon Divine Warrior.
 67371 | Pan      | HP: 39/197 [demonspawn warmonger/+1 demon blade of
                  | electrocution (11)]
 67372 | Pan      | 67372 ||| READING 7 scrolls of teleportation.
 67373 | Pan      | 67373 ||| DRINKING 3 potions of heal wounds.
 67374 | Pan      | 67374 ||| DRINKING 2 potions of heal wounds.
 67519 | Pan      | 67519 ||| Stepping ~*~*~tactically~*~*~ (stealth).
 67520 | Pan      | 67520 ||| Stepping ~*~*~tactically~*~*~ (stealth).
 67528 | Pan      | 67528 ||| INVOKING Cleansing Flame.
 67570 | Pan      | 67570 ||| Stepping ~*~*~tactically~*~*~ (stealth).
 67572 | Pan      | 67572 ||| Stepping ~*~*~tactically~*~*~ (hiding).
 67573 | Pan      | 67573 ||| Stepping ~*~*~tactically~*~*~ (hiding).
 67683 | Pan      | 67683 ||| INVOKING Summon Divine Warrior.
 67686 | Pan      | 67686 ||| INVOKING Cleansing Flame.
 67706 | Pan      | Killed Xuruol the pandemonium lord
 67707 | Pan      | Reached skill level 3 in Short Blades
 67711 | Pan      | 67711 ||| INVOKING Cleansing Flame.
 67714 | Pan      | 67714 ||| INVOKING Cleansing Flame.
 67742 | Pan      | 67742 ||| INVOKING Cleansing Flame.
 67918 | Pan      | 67918 ||| Stepping ~*~*~tactically~*~*~ (stealth).
 67920 | Pan      | 67920 ||| Stepping ~*~*~tactically~*~*~ (hiding).
 68100 | Pan      | 68100 ||| INVOKING Summon Divine Warrior.
 68198 | Pan      | Found an exit through the horrors of the Abyss.
 68316 | Pan      | 68316 ||| Stepping ~*~*~tactically~*~*~ (stealth).
 68338 | Pan      | Gained mutation: Your spells are easier to cast, but less
                  | powerful. [a cacodemon]
 68343 | Pan      | Gained mutation: You sometimes lose your temper in combat.
                  | [a cacodemon]
 68344 | Pan      | Gained mutation: Armour fits poorly on your strangely
                  | shaped body. [a cacodemon]
 68509 | Pan      | 68509 ||| DRINKING potion of mutation.
 68509 | Pan      | Lost mutation: Your magical capacity is extremely low.
                  | (-30% MP) [potion of mutation]
 68509 | Pan      | Lost mutation: Armour fits poorly on your strangely shaped
                  | body. [potion of mutation]
 68509 | Pan      | Gained mutation: You have large cloven feet. [potion of
                  | mutation]
 68509 | Pan      | Gained mutation: You are robust. (+10% HP) [potion of
                  | mutation]
 68509 | Pan      | Lost mutation: You are dopey. (Int -2) [potion of mutation]
 68572 | Pan      | 68572 ||| Stepping ~*~*~tactically~*~*~ (stealth).
 68592 | Pan      | 68592 ||| Stepping ~*~*~tactically~*~*~ (hiding).
 68829 | Pan      | Found an exit through the horrors of the Abyss.
 68912 | Pan      | 68912 ||| Stepping ~*~*~tactically~*~*~ (stealth).
 69094 | Pan      | 69094 ||| Stepping ~*~*~tactically~*~*~ (stealth).
 69096 | Pan      | 69096 ||| Stepping ~*~*~tactically~*~*~ (hiding).
 69098 | Pan      | 69098 ||| Stepping ~*~*~tactically~*~*~ (hiding).
 69315 | Pan      | Reached skill level 27 in Fighting
 69320 | Pan      | Noticed Tamajy the pandemonium lord
 69321 | Pan      | 69321 ||| INVOKING Summon Divine Warrior.
 69326 | Pan      | 69326 ||| INVOKING Cleansing Flame.
 69332 | Pan      | Killed Tamajy the pandemonium lord
 70021 | Pan      | 70021 ||| Stepping ~*~*~tactically~*~*~ (stealth).
 70027 | Pan      | Gained mutation: Your body sometimes deteriorates upon
                  | taking damage. [a cacodemon]
 70069 | Pan      | 70069 ||| Stepping ~*~*~tactically~*~*~ (stealth).
 70071 | Pan      | 70071 ||| Stepping ~*~*~tactically~*~*~ (stealth).
 70073 | Pan      | 70073 ||| Stepping ~*~*~tactically~*~*~ (hiding).
 70074 | Pan      | 70074 ||| INVOKING Cleansing Flame.
 70100 | Pan      | 70100 ||| Stepping ~*~*~tactically~*~*~ (hiding).
 70145 | Pan      | 70145 ||| Stepping ~*~*~tactically~*~*~ (hiding).
 70146 | Pan      | 70146 ||| Stepping ~*~*~tactically~*~*~ (hiding).
 70161 | Pan      | 70161 ||| Stepping ~*~*~tactically~*~*~ (stealth).
 70172 | Pan      | 70172 ||| Stepping ~*~*~tactically~*~*~ (hiding).
 70303 | Pan      | Noticed Dytev the pandemonium lord
 70304 | Pan      | 70304 ||| INVOKING Summon Divine Warrior.
 70307 | Pan      | 70307 ||| INVOKING Cleansing Flame.
 70308 | Pan      | 70308 ||| INVOKING Cleansing Flame.
 70308 | Pan      | Killed Dytev the pandemonium lord
 70322 | Pan      | Reached skill level 15 in Dodging
 70324 | Pan      | 70324 ||| INVOKING Cleansing Flame.
 70325 | Pan      | 70325 ||| INVOKING Cleansing Flame.
 70504 | Pan      | 70504 ||| DRINKING potion of mutation.
 70504 | Pan      | Lost mutation: You have large cloven feet. [potion of
                  | mutation]
 70504 | Pan      | Lost mutation: You are very clumsy. (Dex -4) [potion of
                  | mutation]
 70504 | Pan      | Lost mutation: You have a pair of small horns on your head.
                  | [potion of mutation]
 70504 | Pan      | Lost mutation: You are partially covered in large bone
                  | plates. (SH +4) [potion of mutation]
 70636 | Pan      | 70636 ||| Stepping ~*~*~tactically~*~*~ (stealth).
 70697 | Pan      | Found an exit through the horrors of the Abyss.
 70941 | Pan      | 70941 ||| Stepping ~*~*~tactically~*~*~ (stealth).
 70942 | Pan      | 70942 ||| Stepping ~*~*~tactically~*~*~ (stealth).
 70943 | Pan      | 70943 ||| Stepping ~*~*~tactically~*~*~ (stealth).
 71095 | Pan      | 71095 ||| Stepping ~*~*~tactically~*~*~ (hiding).
 71097 | Pan      | 71097 ||| Stepping ~*~*~tactically~*~*~ (hiding).
 71099 | Pan      | 71099 ||| Stepping ~*~*~tactically~*~*~ (hiding).
 71144 | Pan      | 71144 ||| Stepping ~*~*~tactically~*~*~ (stealth).
 71149 | Pan      | 71149 ||| Stepping ~*~*~tactically~*~*~ (stealth).
 71150 | Pan      | 71150 ||| Stepping ~*~*~tactically~*~*~ (stealth).
 71273 | Pan      | Gained mutation: You are covered in fur. (AC +1) [a
                  | cacodemon]
 71395 | Pan      | 71395 ||| INVOKING Summon Divine Warrior.
 71395 | Pan      | Identified the +0 tower shield of Philately {Str+5 Int+4
                  | Dex-2}
 71399 | Pan      | 71399 ||| INVOKING Cleansing Flame.
 71489 | Pan      | 71489 ||| Stepping ~*~*~tactically~*~*~ (stealth).
 71529 | Pan      | 71529 ||| INVOKING Cleansing Flame.
 71530 | Pan      | Gained mutation: Your magical capacity is extremely low.
                  | (-30% MP) [a cacodemon]
 71543 | Pan      | Noticed Syxes the pandemonium lord
 71555 | Pan      | 71555 ||| INVOKING Summon Divine Warrior.
 71560 | Pan      | Gained mutation: You occasionally shout uncontrollably at
                  | your foes. [a neqoxec]
 71561 | Pan      | Killed Syxes the pandemonium lord
 71562 | Pan      | 71562 ||| DRINKING 4 potions of cancellation.
 71563 | Pan      | 71563 ||| INVOKING Cleansing Flame.
 71564 | Pan      | 71564 ||| INVOKING Cleansing Flame.
 71638 | Pan      | Found an exit through the horrors of the Abyss.
 71889 | Pan      | Identified the amulet "Vadoid" {Acrobat Fly}
 72093 | Pan      | Noticed Hechusud the pandemonium lord
 72093 | Pan      | 72093 ||| Stepping ~*~*~tactically~*~*~ (hiding).
 72096 | Pan      | 72096 ||| INVOKING Summon Divine Warrior.
 72097 | Pan      | 72097 ||| INVOKING Cleansing Flame.
 72116 | Pan      | 72116 ||| INVOKING Cleansing Flame.
 72116 | Pan      | Killed Hechusud the pandemonium lord
 72415 | Pan      | 72415 ||| INVOKING Cleansing Flame.
 72563 | Pan      | 72563 ||| INVOKING Cleansing Flame.
 73295 | Pan      | 73295 ||| Stepping ~*~*~tactically~*~*~ (stealth).
 73297 | Pan      | 73297 ||| Stepping ~*~*~tactically~*~*~ (hiding).
 73335 | Pan      | Noticed Iwnais the pandemonium lord
 73335 | Pan      | 73335 ||| INVOKING Summon Divine Warrior.
 73339 | Pan      | 73339 ||| INVOKING Cleansing Flame.
 73340 | Pan      | 73340 ||| INVOKING Cleansing Flame.
 73342 | Pan      | 73342 ||| INVOKING Cleansing Flame.
 73346 | Pan      | Paralysed by accursed screaming for 1 turns
 73352 | Pan      | 73352 ||| INVOKING Cleansing Flame.
 73354 | Pan      | 73354 ||| INVOKING Cleansing Flame.
 73355 | Pan      | 73355 ||| INVOKING Cleansing Flame.
 73361 | Pan      | 73361 ||| INVOKING Cleansing Flame.
 73384 | Pan      | 73384 ||| INVOKING Cleansing Flame.
 73385 | Pan      | 73385 ||| INVOKING Cleansing Flame.
 73385 | Pan      | Killed Iwnais the pandemonium lord
 73386 | Pan      | 73386 ||| INVOKING Cleansing Flame.
 73424 | Pan      | 73424 ||| Stepping ~*~*~tactically~*~*~ (stealth).
 73425 | Pan      | 73425 ||| Stepping ~*~*~tactically~*~*~ (stealth).
 73426 | Pan      | 73426 ||| Stepping ~*~*~tactically~*~*~ (stealth).
 73427 | Pan      | 73427 ||| Stepping ~*~*~tactically~*~*~ (stealth).
 73428 | Pan      | 73428 ||| Stepping ~*~*~tactically~*~*~ (stealth).
 73431 | Pan      | 73431 ||| Stepping ~*~*~tactically~*~*~ (stealth).
 73432 | Pan      | 73432 ||| Stepping ~*~*~tactically~*~*~ (stealth).
 73439 | Pan      | 73439 ||| Stepping ~*~*~tactically~*~*~ (stealth).
 73500 | Pan      | 73500 ||| Stepping randomly (cloudy).
 73501 | Pan      | 73501 ||| Stepping randomly (cloudy).
 73504 | Pan      | 73504 ||| Stepping ~*~*~tactically~*~*~ (cloud).
 73518 | Pan      | Found an exit through the horrors of the Abyss.
 73543 | Pan      | Reached skill level 6 in Short Blades
 73637 | Pan      | Identified the +1 robe "Kanag" {Str+4 Dex-2}
 73712 | Pan      | 73712 ||| INVOKING Cleansing Flame.
 73772 | Pan      | 73772 ||| Stepping ~*~*~tactically~*~*~ (hiding).
 73779 | Pan      | 73779 ||| Stepping ~*~*~tactically~*~*~ (cloud).
 73780 | Pan      | 73780 ||| Stepping ~*~*~tactically~*~*~ (cloud).
 73979 | Pan      | 73979 ||| INVOKING Cleansing Flame.
 74034 | Pan      | 74034 ||| INVOKING Cleansing Flame.
 74036 | Pan      | 74036 ||| Stepping ~*~*~tactically~*~*~ (hiding).
 74037 | Pan      | 74037 ||| Stepping ~*~*~tactically~*~*~ (hiding).
 74043 | Pan      | 74043 ||| INVOKING Summon Divine Warrior.
 74274 | Pan      | 74274 ||| Stepping ~*~*~tactically~*~*~ (stealth).
 74276 | Pan      | 74276 ||| Stepping ~*~*~tactically~*~*~ (hiding).
 74277 | Pan      | 74277 ||| Stepping ~*~*~tactically~*~*~ (hiding).
 74397 | Pan      | 74397 ||| Stepping ~*~*~tactically~*~*~ (hiding).
 74556 | Pan      | 74556 ||| Stepping ~*~*~tactically~*~*~ (hiding).
 74565 | Pan      | 74565 ||| INVOKING Cleansing Flame.
 74628 | Pan      | Identified the +10 mace "Hipis" {freeze, rN+ rCorr Str+7}
 74629 | Pan      | Noticed Ycvoc Hui the pandemonium lord
 74630 | Pan      | 74630 ||| INVOKING Summon Divine Warrior.
 74638 | Pan      | Killed Ycvoc Hui the pandemonium lord
 74652 | Pan      | Reached skill level 27 in Armour
 74731 | Pan      | 74731 ||| INVOKING Cleansing Flame.
 74732 | Pan      | 74732 ||| INVOKING Cleansing Flame.
 74785 | Pan      | Found an exit through the horrors of the Abyss.
 74790 | Pan      | 74790 ||| INVOKING Cleansing Flame.
 74791 | Pan      | 74791 ||| INVOKING Cleansing Flame.
 75519 | Pan      | 75519 ||| INVOKING Cleansing Flame.
 75520 | Pan      | 75520 ||| INVOKING Cleansing Flame.
 75521 | Pan      | 75521 ||| INVOKING Cleansing Flame.
 75585 | Pan      | 75585 ||| UPGRADING to +2 hat.
 75763 | Pan      | 75763 ||| Stepping ~*~*~tactically~*~*~ (hiding).
 75814 | Pan      | 75814 ||| Stepping ~*~*~tactically~*~*~ (stealth).
 75895 | Pan      | 75895 ||| Stepping randomly (cloudy).
 75896 | Pan      | 75896 ||| Stepping randomly (cloudy).
 75897 | Pan      | 75897 ||| Stepping randomly (cloudy).
 75898 | Pan      | 75898 ||| Stepping randomly (cloudy).
 75899 | Pan      | Noticed Zunonuz the pandemonium lord
 75902 | Pan      | 75902 ||| INVOKING Summon Divine Warrior.
 75906 | Pan      | 75906 ||| INVOKING Cleansing Flame.
 75909 | Pan      | Killed Zunonuz the pandemonium lord
 75933 | Pan      | 75933 ||| DRINKING 2 potions of magic.
 75934 | Pan      | 75934 ||| Stepping ~*~*~tactically~*~*~ (cloud).
 75935 | Pan      | 75935 ||| INVOKING Summon Divine Warrior.
 75945 | Pan      | HP: 51/218 [reaper/+2 scythe of venom[a shadow demon] (15)]
 75946 | Pan      | 75946 ||| READING 8 scrolls of teleportation.
 75947 | Pan      | 75947 ||| DRINKING 2 potions of heal wounds.
 75952 | Pan      | 75952 ||| DRINKING potion of magic.
 75953 | Pan      | 75953 ||| INVOKING Summon Divine Warrior.
 76018 | Pan      | 76018 ||| DRINKING potion of mutation.
 76018 | Pan      | Lost mutation: You are clumsy. (Dex -2) [potion of
                  | mutation]
 76018 | Pan      | Lost mutation: You occasionally shout uncontrollably at
                  | your foes. [potion of mutation]
 76018 | Pan      | Lost mutation: You are covered in fur. (AC +1) [potion of
                  | mutation]
 76055 | Pan      | Found an exit through the horrors of the Abyss.
 76136 | Pan      | Gained mutation: You are weak. (Str -2) [a cacodemon]
 76191 | Pan      | 76191 ||| Stepping ~*~*~tactically~*~*~ (stealth).
 76192 | Pan      | 76192 ||| Stepping ~*~*~tactically~*~*~ (stealth).
 76208 | Pan      | 76208 ||| Stepping randomly (cloudy).
 76314 | Pan      | 76314 ||| Stepping randomly (stuck).
 76316 | Pan      | 76316 ||| Stepping ~*~*~tactically~*~*~ (hiding).
 76378 | Pan      | 76378 ||| Stepping randomly (cloudy).
 76379 | Pan      | 76379 ||| Stepping randomly (cloudy).
 76476 | Depths:2 | Escaped Pandemonium
 76719 | Lair:4   | 76719 ||| Stepping randomly (stuck).
 76747 | Lair:4   | 76747 ||| Stepping randomly (stuck).
 76749 | Lair:4   | 76749 ||| Stepping randomly (stuck).
 76751 | Lair:4   | 76751 ||| Stepping randomly (stuck).
 76752 | Lair:4   | 76752 ||| Stepping randomly (stuck).
 76753 | Lair:4   | 76753 ||| Stepping randomly (stuck).
 76868 | Slime:1  | Entered Level 1 of the Pits of Slime
 77074 | Slime:3  | 77074 ||| STAIRDANCE
 77387 | Slime:4  | Gained mutation: You passively map a small area around you.
                  | [a shining eye]
 77389 | Slime:4  | Gained mutation: You occasionally lose the ability to drink
                  | potions when taking damage. [a shining eye]
 77392 | Slime:4  | 77392 ||| INVOKING Summon Divine Warrior.
 77394 | Slime:4  | 77394 ||| Stepping randomly (stuck).
 77395 | Slime:4  | 77395 ||| Stepping randomly (stuck).
 77396 | Slime:4  | 77396 ||| Stepping randomly (stuck).
 77397 | Slime:4  | 77397 ||| Stepping randomly (stuck).
 77398 | Slime:4  | 77398 ||| Stepping randomly (stuck).
 77399 | Slime:4  | 77399 ||| Stepping randomly (stuck).
 77400 | Slime:4  | 77400 ||| Stepping randomly (stuck).
 77400 | Slime:4  | HP: 49/218 [acid (9)]
 77401 | Slime:4  | 77401 ||| Stepping randomly (stuck).
 77402 | Slime:4  | 77402 ||| Stepping randomly (stuck).
 77403 | Slime:4  | 77403 ||| Stepping randomly (stuck).
 77404 | Slime:4  | 77404 ||| Stepping randomly (stuck).
 77405 | Slime:4  | 77405 ||| Stepping randomly (stuck).
 77405 | Slime:4  | HP: 35/218 [acid (5)]
 77406 | Slime:4  | 77406 ||| Stepping randomly (stuck).
 77407 | Slime:4  | 77407 ||| Stepping randomly (stuck).
 77408 | Slime:4  | 77408 ||| Stepping randomly (stuck).
 77408 | Slime:4  | HP: 12/218 [acid (12)]
 77409 | Slime:4  | 77409 ||| Stepping randomly (stuck).
 77410 | Slime:4  | 77410 ||| Stepping randomly (stuck).
 77411 | Slime:4  | 77411 ||| Stepping randomly (stuck).
 77411 | Slime:4  | Splashed with acid

Levels and vault maps discovered:
D:1:      dpeg_arrival_rooms_a, layout_rooms, minivault_23,
          minmay_tiny_reverse_x
D:2:      layout_rooms, basic_altar, minmay_pentomino_x2
D:3:      layout_basic, uniq_grinder
D:4:      layout_loops_ring, uniq_edmund, uniq_menkaure, uniq_pikel
D:5:      layout_basic, portal_sewer_entry_f, hangedman_minor_gate_pass
D:6:      layout_rooms, ebering_ghost_sewer_f, chequers_serial_rivers_micro_c
D:7:      layout_basic, minmay_temple_entry_stoned_glass
D:8:      minmay_evil_eye, layout_rooms, roderic_filled_cross,
          grunt_ministairs_3, supply_closet_lemuel, uniq_joseph, uniq_psyche
D:9:      layout_cave_pods, minmay_overflow_temple_star_hex, serial_shops, shop,
          uniq_grum, uniq_maurice
D:10:     layout_cave_pools, minmay_misc_feat_pillars, nzn_life_drinkers
D:11:     minmay_four_partial_circles, layout_basic, uniq_gastronok
D:12:     layout_long_grid, uniq_frances
D:13:     layout_layer_cave, uniq_josephine, uniq_lodul
D:14:     layout_roguey, david_vaults_2, minivault_4, uniq_snorg
D:15:     gammafunk_enter_depths_forms, layout_gridville,
          nicolae_figureground_pulse
Temple:   minmay_temple_bridge_d
Lair:1:   layout_hall_layers, nicolae_volcano_entry_vermiform, st_stairs_8
Lair:2:   layout_long_grid, minmay_shoals_entry_beasts, dummy_snake_entry,
          minivault_26, chequers_serial_rivers_room_a, uniq_erica
Lair:3:   layout_cave_pods, serial_forest, infiniplex_forest_lined_4_way,
          infiniplex_forest_lined_2, infiniplex_forest_lined_3,
          infiniplex_forest_clump_curved, infiniplex_forest_lined_2,
          infiniplex_forest_lined_ring, infiniplex_forest_straight_2,
          nicolae_lair_lil_pond, lemuel_fruit_tree
Lair:4:   layout_cave_pods, slime_entry_2
Lair:5:   evilmike_catoblepas_cave, layout_regular_city,
          chequers_serial_rivers_large_a
Shoals:1: layout_shoals, uniq_mlioglotl, uniq_kirke
Shoals:2: layout_shoals, ebering_ghost_reflecting_pool, yaktaur_hedge
Shoals:3: layout_shoals, serial_shops, shop_fountains,
          nicolae_shoals_lost_giant_hut, nicolae_shop_clearance, uniq_ilsuiw,
          uniq_polyphemus, uniq_donald
Shoals:4: shoals_end_hellmonk_lost_city, serial_shops
Snake:1:  nicolae_snake_crotalidae_crossing, layout_grid_shapes,
          nicolae_shop_gadgets, uniq_aizul
Snake:2:  layout_misc_corridors, nicolae_coiled_stairwell_up, minmay_shop_star,
          serial_bayou_shore_b, grunt_megastairs_2
Snake:3:  layout_cave_town, ebering_ghost_disaster_area, drop_trap,
          minmay_shoptagon, uniq_nikola
Snake:4:  hellmonk_snake_rune_quicksilver_temple, layout_basic, uniq_louise,
          uniq_agnes
Slime:1:  layout_caves
Slime:2:  layout_caves, nicolae_slime_round_cave
Slime:3:  layout_caves
Slime:4:  cheibrodos_slime_lost_civilization_2, layout_caves
Orc:1:    layout_caves, serial_shops, shop_fountains, basic_altar, uniq_nergalle
Orc:2:    st_orc_pillars, layout_caves, serial_shops, shop, uniq_erolcha
Vaults:1: grunt_vaults_hallway_long, vaults_mumra_bighexcomb,
          ontoclasm_vaults_spin, vaults_room_fancy_cross,
          hangedman_vaults_nails, v_misc_10, vaults_room_grunt_arrival_ludios,
          v_misc_31, vaults_room_octagon, hangedman_vaults_unwind,
          hangedman_vaults_impose, ontoclasm_vaults_misaligned,
          vaults_dpeg_spiral, layout_vaults_omnibox
Vaults:2: mu_enter_wizlab_1, nicolae_vaults_quadrants, hangedman_vaults_nails,
          vaults_room_corners, v_misc_10, vaults_dpeg_ring,
          layout_vaults_chaotic_city, minmay_crypt_entry_necro_gods
Vaults:3: portal_desolation_entry_twin_temple, ontoclasm_vaults_ring_square,
          ontoclasm_vaults_fault, ontoclasm_vaults_gateway,
          vaults_standard_mumra_enter_the_diamond, ontoclasm_vaults_pinch,
          nicolae_vaults_little_squares_3, layout_vaults_quadrants
Vaults:4: hangedman_vaults_nodes, vaults_room_pool, nicolae_vaults_angled_halls,
          v_misc_8, nicolae_vaults_asterisk, vaults_room_glass_cross,
          hangedman_vaults_maws, vaults_mumra_hexcomb, vaults_room_corners,
          nicolae_vaults_network_periphery, ontoclasm_vaults_decontamination,
          hangedman_vaults_maws, ontoclasm_vaults_shuriken, vaults_dpeg_hooks,
          layout_vaults_maze_bifur, serial_shops, shop
Vaults:5: serial_shops, uniq_xtahua, uniq_margery
Crypt:1:  layout_misc_corridors, glass_columns_b, feat_on_display,
          lemuel_upstairs_altar, grunt_megastairs_3
Crypt:2:  layout_misc_corridors, grunt_ministairs_1, skrybe_necro_troll_2,
          uniq_grunn
Crypt:3:  grunt_crypt_end_deaths_head, uniq_khufu, uniq_vv
Tomb:1
Tomb:2
Tomb:3
Depths:1: layout_cave_shapes, grunt_hell_entry_dis_mu,
          nicolae_wu_jian_immortal_techniques, evilmike_butchery,
          serial_bayou_shore_a
Depths:2: gammafunk_sealed_arena, layout_gridlike, serial_shops,
          nicolae_shop_hallway_plus, nicolae_shop_behind_doors,
          nicolae_shop_statue_plus, grunt_hell_entry_demonic_statue,
          grunt_pan_entry_in_and_out, serial_sigils_hangedman_writhe
Depths:3: minmay_box_of_statues, layout_long_grid, enter_ziggurat_e,
          minmay_room_of_horrors, rand_demon_pan_entry_1,
          hangedman_decor_opposing, hell_entry, minmay_misc_feat_alley,
          hangedman_abyss_or_decor_lesser_grid, minmay_staircase_statues
Depths:4: evilmike_zot_entry_round, layout_honeycomb, pf_coc_iceberg,
          hangedman_ru_absence, serial_bayou_crossing
Zot:1:    layout_gridville, bh_zot_lava_cross, hangedman_player_shredder
Zot:2:    layout_twisted_circle
Zot:3:    layout_misc_corridors
Zot:4:    grunt_zot_stairs_mandelzot, layout_basic, gammafunk_ghost_necromancy

Skill      XL: |  1  2  3  4  5  6  7  8  9 10 11 12 13 14 15 16 17 18 19 20 21 22 23 24 25 26 27 |
---------------+----------------------------------------------------------------------------------+-----
Axes           | 2 3 5 7 8 9 11 12 14 15 16 18 | 18.0
Fighting       | 4 6 7 9 10 11 12 14 15 17 18 19 20 22 23 24 27 | 27.0
Dodging        | 2 3 4 5 6 7 8 9 11 17 | 17.4
Shields        | 4 5 6 7 12 16 17 18 19 20 21 22 23 | 23.5
Armour         | 6 7 9 10 11 12 13 15 17 18 19 20 21 22 27 | 27.0
Throwing       | 1 4 5 7 8 9 11 12 13 14 | 14.6
Invocations    | 4 6 10 13 27 | 27.0
Short Blades   | 7 |  7.1

Action                   |  1- 3 |  4- 6 |  7- 9 | 10-12 | 13-15 | 16-18 | 19-21 | 22-24 | 25-27 || total
-------------------------+-------+-------+-------+-------+-------+-------+-------+-------+-------++-------
Melee: War axe           |   100 |    92 |   261 |   652 |  1543 |  2449 |   834 |       |       ||  5931
       Kick              |       |       |    33 |       |       |       |       |       |       ||    33
       Morningstar       |       |       |       |       |    52 |       |       |       |       ||    52
       Broad axe         |       |       |       |       |       |       |  1186 |  1382 |  3935 ||  6503
       Headbutt          |       |       |       |       |       |       |       |       |   759 ||   759
Throw: Boomerang         |       |    24 |    17 |    23 |    23 |     4 |       |       |     5 ||    96
       Javelin           |       |       |       |       |    57 |    42 |   146 |    78 |   404 ||   727
Invok: Heroism           |       |       |       |    25 |    49 |    48 |    45 |    32 |    25 ||   224
       Finesse           |       |       |       |       |    14 |     9 |    11 |    12 |     4 ||    50
       Cleansing Flame   |       |       |       |       |       |       |       |       |   174 ||   174
       Summon Divine War |       |       |       |       |       |       |       |       |    57 ||    57
       Brand Weapon With |       |       |       |       |       |       |       |       |     1 ||     1
Evoke: Wand              |       |       |       |       |       |       |       |       |     2 ||     2
  Use: Scroll            |     2 |     7 |     6 |     4 |     8 |     3 |     5 |     5 |    12 ||    52
       Potion            |       |     3 |     8 |     3 |     1 |     3 |     3 |     9 |    36 ||    66
 Stab: Paralysed         |       |       |       |       |       |       |     1 |       |       ||     1
       Confused          |       |       |       |       |       |       |       |     3 |       ||     3
       Distracted        |       |       |       |       |       |       |       |     1 |       ||     1
Armor: Scale mail        |    19 |       |       |       |       |       |       |       |       ||    19
       Chain mail        |    47 |    77 |   128 |       |       |       |       |       |       ||   252
       Plate armour      |       |       |    14 |   362 |   678 |  1128 |   864 |   568 |  1579 ||  5193
Dodge: Dodged            |    39 |    30 |    90 |   225 |   371 |   595 |   528 |   382 |  1547 ||  3807
Block: Buckler           |    25 |    20 |    53 |   159 |   106 |       |       |       |       ||   363
       Tower shield      |       |       |       |       |  1160 |  2846 |  1972 |  1150 |  4043 || 11171

Table legend:
 A = Non-vault XP
 B = Vault XP
 C = Vault XP percentage of total XP
 D = Non-vault monster count
 E = Vault monster count
 F = Vault count percentage of total count
                 A         B        C        D         E       F
            +---------+---------+-------+---------+---------+-------
      Total | 1226453 |  955283 |  43.8 |    2127 |    1169 |  35.5
            +---------+---------+-------+---------+---------+-------
        D:1 |      23 |       4 |  14.8 |      13 |       2 |  13.3
        D:2 |      84 |       4 |   4.5 |      22 |       2 |   8.3
        D:3 |      47 |     290 |  86.1 |      20 |       1 |   4.8
        D:4 |      88 |     951 |  91.5 |       5 |       3 |  37.5
        D:5 |     607 |     204 |  25.2 |      17 |       6 |  26.1
        D:6 |     861 |       0 |   0.0 |      13 |       0 |   0.0
        D:7 |     916 |       0 |   0.0 |       4 |       0 |   0.0
        D:8 |    2160 |    1486 |  40.8 |      21 |      13 |  38.2
        D:9 |    2401 |     973 |  28.8 |      21 |       5 |  19.2
       D:10 |    3431 |     217 |   5.9 |      23 |       1 |   4.2
       D:11 |    2336 |    5669 |  70.8 |      21 |      17 |  44.7
       D:12 |    5304 |    1422 |  21.1 |      15 |       1 |   6.2
       D:13 |   10839 |    3132 |  22.4 |      28 |      12 |  30.0
       D:14 |    6723 |    2574 |  27.7 |      11 |       4 |  26.7
       D:15 |    5388 |    4644 |  46.3 |      13 |       8 |  38.1
     Lair:1 |    5332 |     621 |  10.4 |      21 |       1 |   4.5
     Lair:2 |    7020 |    1644 |  19.0 |      31 |       3 |   8.8
     Lair:3 |    6352 |       0 |   0.0 |      26 |       0 |   0.0
     Lair:4 |    8238 |      44 |   0.5 |      24 |       3 |  11.1
     Lair:5 |   11806 |   10303 |  46.6 |      29 |      23 |  44.2
   Shoals:1 |   15066 |    3760 |  20.0 |      32 |       5 |  13.5
   Shoals:2 |   14540 |     349 |   2.3 |      26 |       1 |   3.7
   Shoals:3 |    8327 |   10694 |  56.2 |      15 |      12 |  44.4
   Shoals:4 |   12827 |   31618 |  71.1 |      25 |      45 |  64.3
    Snake:1 |   13491 |    5681 |  29.6 |      24 |      11 |  31.4
    Snake:2 |   22610 |    4754 |  17.4 |      46 |       8 |  14.8
    Snake:3 |   14715 |    2200 |  13.0 |      31 |       1 |   3.1
    Snake:4 |   12309 |   14945 |  54.8 |      28 |      18 |  39.1
    Slime:1 |    5957 |       0 |   0.0 |      13 |       0 |   0.0
    Slime:2 |    8226 |       0 |   0.0 |      11 |       0 |   0.0
    Slime:3 |    5478 |       0 |   0.0 |      16 |       0 |   0.0
    Slime:4 |    3440 |       0 |   0.0 |       7 |       0 |   0.0
      Orc:1 |    3089 |     785 |  20.3 |      35 |       1 |   2.8
      Orc:2 |    4140 |   11026 |  72.7 |      40 |      66 |  62.3
   Vaults:1 |   35064 |   26237 |  42.8 |      49 |      32 |  39.5
   Vaults:2 |   43487 |    8062 |  15.6 |      61 |      10 |  14.1
   Vaults:3 |   32511 |    6190 |  16.0 |      48 |       6 |  11.1
   Vaults:4 |   23282 |   22352 |  49.0 |      38 |      27 |  41.5
   Vaults:5 |   22221 |  114492 |  83.7 |      34 |      95 |  73.6
    Crypt:1 |   24125 |    3520 |  12.7 |      38 |       4 |   9.5
    Crypt:2 |   33986 |    6085 |  15.2 |      44 |      10 |  18.5
    Crypt:3 |       0 |   84523 | 100.0 |       0 |     134 | 100.0
     Tomb:1 |   14784 |  111855 |  88.3 |      38 |      64 |  62.7
     Tomb:2 |    6648 |   27877 |  80.7 |      19 |      53 |  73.6
     Tomb:3 |   23981 |   61679 |  72.0 |      44 |      59 |  57.3
   Depths:1 |   28575 |     766 |   2.6 |      37 |       1 |   2.6
   Depths:2 |   34112 |   19486 |  36.4 |      37 |      29 |  43.9
   Depths:3 |   36974 |   27702 |  42.8 |      42 |      41 |  49.4
   Depths:4 |   19936 |   13316 |  40.0 |      28 |      12 |  30.0
      Zot:1 |   29371 |   31740 |  51.9 |      27 |      18 |  40.0
      Zot:2 |   35768 |       0 |   0.0 |      28 |       0 |   0.0
      Zot:3 |   48930 |       0 |   0.0 |      42 |       0 |   0.0
      Zot:4 |   26400 |   26207 |  49.8 |      18 |      22 |  55.0
    Abyss:3 |   17825 |    2060 |  10.4 |      51 |       2 |   3.8
    Abyss:4 |   11984 |    2146 |  15.2 |      25 |       5 |  16.7
        Pan |  452318 |  238576 |  34.5 |     652 |     249 |  27.6
      Sewer |       0 |     418 | 100.0 |       0 |      23 | 100.0
            +---------+---------+-------+---------+---------+-------
